Workbook

Sheet Смета 12 гр. по ФЕР
A1: =Source!B1 -> Smeta.RU (495) 974-1589 | I1: ПРИЛОЖЕНИЕ 1 к ФОРМЕ 7
B4: СМЕТА
B6: =IF(Source!G20<>"Новая локальная смета", Source!G20, "")
B8: Капитальный ремонт оконных проемов с заменой деревянных оконных блоков на оконные блоки из ПВХ в помещении библиотеки учебного корпуса Димитровградского инженерно-технологического института - филиала НИЯУ МИФИ (ДИТИ НИЯУ МИФИ) по адресу: Ульяновская область, г. Димитровград, просп. Димитрова, д.4 | AD8: =IF(Source!G12<>"Новый объект", Source!G12, "") -> Капитальный ремонт окооных проемов в библиотекеучебного корпуса ДИТИ НИЯУ МИФИ_
B9: (наименование работ и затрат, наименование объекта)
G12: базовая цена | I12: текущая цена
C13: Сметная стоимость | G13: =SUM(O21:O117)/1000 -> 239.53149 | I13: =(Source!P106/1000) -> 1691.9077 | K13: тыс. руб.
C14: Строительные работы | G14: =SUM(W21:W117)/1000 -> 239.53149 | I14: =(Source!P88)/1000 -> 1434.8666 | K14: тыс. руб.
C15: Нормативная трудоемкость | G15: =I15 -> 486.81095 | I15: =(Source!P93+Source!P94) -> 486.81095 | K15: чел. -ч.
C16: Средства на оплату труда | G16: =SUM(R21:R117)/1000 -> 4.18601 | I16: =((Source!P86 + Source!P85)/1000) -> 25.07411 | K16: тыс. руб.
A18: Составлена в ценах IV квартал 2017 года
A19: № п/п | B19: Шифр расценки и коды ресурсов | C19: Наименование работ и затрат | D19: Ед. изм. | E19: Кол-во единиц | F19: Цена на ед. изм. | G19: Попра-вочные коэфф. | H19: Стоимость в ценах 2001г. | I19: Пункт коэфф. пересчета | J19: Коэфф. пересчета | K19: Стоимость в текущих ценах | L19: ЗТР всего чел.-час
A20: 1 | B20: 2 | C20: 3 | D20: 4 | E20: 5 | F20: 6 | G20: 7 | H20: 8 | I20: 9 | J20: 10 | K20: 11 | L20: 12
A21: =Source!E25 -> 1 | B21: =Source!F25 -> 46-04-012-01 | C21: =Source!G25 -> Разборка деревянных заполнений проемов оконных с подоконными досками | D21: =Source!H25 -> 100 м2 | E21: =Source!I25 -> 1.035 | F21: =Source!AL25+Source!AM25+Source!AO25 -> 1767.24 | I21: =Source!BO25 | S21: =ROUND((Source!FX25/100)*((ROUND(Source!AF25*Source!I25, 2)+ROUND(Source!AE25*Source!I25, 2))), 2) -> 1669.96 | T21: =Source!X25 -> 10003.02 | U21: =ROUND((Source!FY25/100)*((ROUND(Source!AF25*Source!I25, 2)+ROUND(Source!AE25*Source!I25, 2))), 2) -> 1003.66 | V21: =Source!Y25 -> 6062.44
C22: ="Объем: "&Source!I25&"=103,5/"&"100" -> Объем: 1,035=103,5/100
C23: Зарплата | F23: =Source!AO25 -> 1525.29 | G23: =Source!DG25 | H23: =ROUND(Source!AF25*Source!I25, 2) -> 1578.68 | J23: =IF(Source!BA25<> 0, Source!BA25, 1) -> 5.99 | K23: =Source!S25 -> 9456.26 | R23: =H23 -> 1578.68
C24: Эксплуатация машин | F24: =Source!AM25 -> 241.95 | G24: =Source!DE25 | H24: =ROUND(Source!AD25*Source!I25, 2) -> 250.42 | J24: =IF(Source!BB25<> 0, Source!BB25, 1) -> 5.99 | K24: =Source!Q25 -> 1500.01
C25: в т.ч. зарплата машинистов | F25: =Source!AN25 -> 104.49 | G25: =Source!DF25 | H25: =ROUND(Source!AE25*Source!I25, 2) -> 108.15 | J25: =IF(Source!BS25<> 0, Source!BS25, 1) -> 5.99 | K25: =Source!R25 -> 647.8 | R25: =H25 -> 108.15
C26: НР от ФОТ | D26: % | E26: =Source!BZ25 -> 110 | F26: =CONCATENATE(" )", Source!DL25, Source!FT25, "=", Source!FX25) -> )*0,9=99 | H26: =SUM(S21:S28) -> 1669.96 | J26: =Source!AT25 -> 99 | K26: =SUM(T21:T28) -> 10003.02
C27: СП от ФОТ | D27: % | E27: =Source!CA25 -> 70 | F27: =CONCATENATE(" )", Source!DM25, Source!FU25, "=", Source!FY25) -> )*0,85=59,5 | H27: =SUM(U21:U28) -> 1003.66 | J27: =Source!AU25 -> 60 | K27: =SUM(V21:V28) -> 6062.44
C28: Затраты труда | D28: чел-ч | E28: =Source!AQ25 -> 188.54 | G28: =Source!DI25 | L28: =Source!U25 -> 195.1389
G29: =H23+H24+H26+H27 -> 4502.72 | J29: =K23+K24+K26+K27 -> 27021.73 | L29: =Source!U25 -> 195.1389 | O29: =G29 -> 4502.72 | P29: =J29 -> 27021.73 | Q29: =L29 -> 195.1389 | W29: =IF(Source!BI25<=1,H23+H24+H26+H27, 0) -> 4502.72 | X29: =IF(Source!BI25=2,H23+H24+H26+H27, 0) -> 0 | Y29: =IF(Source!BI25=3,H23+H24+H26+H27, 0) -> 0 | Z29: =IF(Source!BI25=4,H23+H24+H26+H27, 0) -> 0
A30: =Source!E27 -> 2 | B30: =Source!F27 -> 10-01-034-08 | C30: =Source!G27 -> Установка в жилых и общественных зданиях оконных блоков из ПВХ профилей поворотных (откидных, поворотно-откидных) с площадью проема более 2 м2 трехстворчатых, в том числе при наличии створок глухого остекления | D30: =Source!H27 -> 100 м2 | E30: =Source!I27 -> 1.035 | F30: =Source!AL27+Source!AM27+Source!AO27 -> 10107.89 | I30: =Source!BO27 | S30: =ROUND((Source!FX27/100)*((ROUND(Source!AF27*Source!I27, 2)+ROUND(Source!AE27*Source!I27, 2))), 2) -> 1488.25 | T30: =Source!X27 -> 8897.86 | U30: =ROUND((Source!FY27/100)*((ROUND(Source!AF27*Source!I27, 2)+ROUND(Source!AE27*Source!I27, 2))), 2) -> 750.43 | V30: =Source!Y27 -> 4532.87
C31: ="Объем: "&Source!I27&"=103,5/"&"100" -> Объем: 1,035=103,5/100
C32: Зарплата | F32: =Source!AO27 -> 1303.66 | G32: =Source!DG27 | H32: =ROUND(Source!AF27*Source!I27, 2) -> 1349.29 | J32: =IF(Source!BA27<> 0, Source!BA27, 1) -> 5.99 | K32: =Source!S27 -> 8082.24 | R32: =H32 -> 1349.29
C33: Эксплуатация машин | F33: =Source!AM27 -> 255.21 | G33: =Source!DE27 | H33: =ROUND(Source!AD27*Source!I27, 2) -> 264.14 | J33: =IF(Source!BB27<> 0, Source!BB27, 1) -> 5.99 | K33: =Source!Q27 -> 1582.21
C34: в т.ч. зарплата машинистов | F34: =Source!AN27 -> 50.32 | G34: =Source!DF27 | H34: =ROUND(Source!AE27*Source!I27, 2) -> 52.08 | J34: =IF(Source!BS27<> 0, Source!BS27, 1) -> 5.99 | K34: =Source!R27 -> 311.97 | R34: =H34 -> 52.08
C35: Материальные ресурсы | F35: =Source!AL27 -> 8549.02 | G35: =Source!DD27 | H35: =ROUND(Source!AC27*Source!I27, 2) -> 8848.24 | J35: =IF(Source!BC27<> 0, Source!BC27, 1) -> 5.99 | K35: =Source!P27 -> 53000.93
C36: НР от ФОТ | D36: % | E36: =Source!BZ27 -> 118 | F36: =CONCATENATE(" )", Source!DL27, Source!FT27, "=", Source!FX27) -> )*0,9=106,2 | H36: =SUM(S30:S40) -> 1488.25 | J36: =Source!AT27 -> 106 | K36: =SUM(T30:T40) -> 8897.86
C37: СП от ФОТ | D37: % | E37: =Source!CA27 -> 63 | F37: =CONCATENATE(" )", Source!DM27, Source!FU27, "=", Source!FY27) -> )*0,85=53,55 | H37: =SUM(U30:U40) -> 750.43 | J37: =Source!AU27 -> 54 | K37: =SUM(V30:V40) -> 4532.87
C38: Затраты труда | D38: чел-ч | E38: =Source!AQ27 -> 149.16 | G38: =Source!DI27 | L38: =Source!U27 -> 154.3806
A39: =Source!E29 -> 2,1 | B39: =Source!F29 -> 11.3.02.03 | C39: =Source!G29 -> Блоки оконные пластиковые | D39: =Source!H29 -> м2 | E39: =Source!I29 -> 103.5 | F39: =Source!AL29+Source!AM29+Source!AO29 -> 0 | H39: =ROUND(Source!AC29*Source!I29, 2)+ROUND(Source!AD29*Source!I29, 2)+ROUND(Source!AF29*Source!I29, 2) -> 0 | J39: =IF(Source!BC29<> 0, Source!BC29, 1) -> 5.99 | K39: =Source!O29 -> 0 | S39: =ROUND((Source!FX29/100)*((ROUND(Source!AF29*Source!I29, 2)+ROUND(Source!AE29*Source!I29, 2))), 2) -> 0 | T39: =Source!X29 -> 0 | U39: =ROUND((Source!FY29/100)*((ROUND(Source!AF29*Source!I29, 2)+ROUND(Source!AE29*Source!I29, 2))), 2) -> 0 | V39: =Source!Y29 -> 0 | W39: =IF(Source!BI29<=1,H39, 0) -> 0 | X39: =IF(Source!BI29=2,H39, 0) -> 0 | Y39: =IF(Source!BI29=3,H39, 0) -> 0 | Z39: =IF(Source!BI29=4,H39, 0) -> 0
A40: =Source!E31 -> 2,2 | B40: =Source!F31 -> 11.3.02.01-0021 | C40: =Source!G31 -> Блок оконный пластиковый с 6-ю глухими створками остекления, с 2-мя поворотно-откидными створками, 5-ти камерным стеклопакетом (42 мм), площадью более 3,5 м2 | D40: =Source!H31 -> м2 | E40: =Source!I31 -> 103.5 | F40: =Source!AL31+Source!AM31+Source!AO31 -> 2074.38 | H40: =ROUND(Source!AC31*Source!I31, 2)+ROUND(Source!AD31*Source!I31, 2)+ROUND(Source!AF31*Source!I31, 2) -> 214698.33 | J40: =IF(Source!BC31<> 0, Source!BC31, 1) -> 5.99 | K40: =Source!O31 -> 1286043 | S40: =ROUND((Source!FX31/100)*((ROUND(Source!AF31*Source!I31, 2)+ROUND(Source!AE31*Source!I31, 2))), 2) -> 0 | T40: =Source!X31 -> 0 | U40: =ROUND((Source!FY31/100)*((ROUND(Source!AF31*Source!I31, 2)+ROUND(Source!AE31*Source!I31, 2))), 2) -> 0 | V40: =Source!Y31 -> 0 | W40: =IF(Source!BI31<=1,H40, 0) -> 214698.33 | X40: =IF(Source!BI31=2,H40, 0) -> 0 | Y40: =IF(Source!BI31=3,H40, 0) -> 0 | Z40: =IF(Source!BI31=4,H40, 0) -> 0
G41: =H32+H33+H35+H36+H37+SUM(H39:H40) -> 227398.68 | J41: =K32+K33+K35+K36+K37+SUM(K39:K40) -> 1362139.1 | L41: =Source!U27 -> 154.3806 | O41: =G41 -> 227398.68 | P41: =J41 -> 1362139.1 | Q41: =L41 -> 154.3806 | W41: =IF(Source!BI27<=1,H32+H33+H35+H36+H37, 0) -> 12700.35 | X41: =IF(Source!BI27=2,H32+H33+H35+H36+H37, 0) -> 0 | Y41: =IF(Source!BI27=3,H32+H33+H35+H36+H37, 0) -> 0 | Z41: =IF(Source!BI27=4,H32+H33+H35+H36+H37, 0) -> 0
A42: =Source!E33 -> 3 | B42: =Source!F33 -> 10-01-035-03 | C42: =Source!G33 -> Установка подоконных досок из ПВХ в каменных стенах толщиной свыше 0,51 м | D42: =Source!H33 -> 100 м | E42: =Source!I33 -> 0.207 | F42: =Source!AL33+Source!AM33+Source!AO33 -> 6481.17 | I42: =Source!BO33 | S42: =ROUND((Source!FX33/100)*((ROUND(Source!AF33*Source!I33, 2)+ROUND(Source!AE33*Source!I33, 2))), 2) -> 41.07 | T42: =Source!X33 -> 245.52 | U42: =ROUND((Source!FY33/100)*((ROUND(Source!AF33*Source!I33, 2)+ROUND(Source!AE33*Source!I33, 2))), 2) -> 20.71 | V42: =Source!Y33 -> 125.07
C43: ="Объем: "&Source!I33&"=20,7/"&"100" -> Объем: 0,207=20,7/100
C44: Зарплата | F44: =Source!AO33 -> 182.37 | G44: =Source!DG33 | H44: =ROUND(Source!AF33*Source!I33, 2) -> 37.75 | J44: =IF(Source!BA33<> 0, Source!BA33, 1) -> 5.99 | K44: =Source!S33 -> 226.13 | R44: =H44 -> 37.75
C45: Эксплуатация машин | F45: =Source!AM33 -> 21.9 | G45: =Source!DE33 | H45: =ROUND(Source!AD33*Source!I33, 2) -> 4.53 | J45: =IF(Source!BB33<> 0, Source!BB33, 1) -> 5.99 | K45: =Source!Q33 -> 27.15
C46: в т.ч. зарплата машинистов | F46: =Source!AN33 -> 4.43 | G46: =Source!DF33 | H46: =ROUND(Source!AE33*Source!I33, 2) -> 0.92 | J46: =IF(Source!BS33<> 0, Source!BS33, 1) -> 5.99 | K46: =Source!R33 -> 5.49 | R46: =H46 -> 0.92
C47: Материальные ресурсы | F47: =Source!AL33 -> 6276.9 | G47: =Source!DD33 | H47: =ROUND(Source!AC33*Source!I33, 2) -> 1299.32 | J47: =IF(Source!BC33<> 0, Source!BC33, 1) -> 5.99 | K47: =Source!P33 -> 7782.92
C48: НР от ФОТ | D48: % | E48: =Source!BZ33 -> 118 | F48: =CONCATENATE(" )", Source!DL33, Source!FT33, "=", Source!FX33) -> )*0,9=106,2 | H48: =SUM(S42:S51) -> 41.07 | J48: =Source!AT33 -> 106 | K48: =SUM(T42:T51) -> 245.52
C49: СП от ФОТ | D49: % | E49: =Source!CA33 -> 63 | F49: =CONCATENATE(" )", Source!DM33, Source!FU33, "=", Source!FY33) -> )*0,85=53,55 | H49: =SUM(U42:U51) -> 20.71 | J49: =Source!AU33 -> 54 | K49: =SUM(V42:V51) -> 125.07
C50: Затраты труда | D50: чел-ч | E50: =Source!AQ33 -> 21.38 | G50: =Source!DI33 | L50: =Source!U33 -> 4.42566
A51: =Source!E35 -> 3,1 | B51: =Source!F35 -> 11.3.03.01-0010 | C51: =Source!G35 -> Доски подоконные ПВХ, шириной 500 мм | D51: =Source!H35 -> м | E51: =Source!I35 -> 20.7 | F51: =Source!AL35+Source!AM35+Source!AO35 -> 64.35 | H51: =ROUND(Source!AC35*Source!I35, 2)+ROUND(Source!AD35*Source!I35, 2)+ROUND(Source!AF35*Source!I35, 2) -> 1332.05 | J51: =IF(Source!BC35<> 0, Source!BC35, 1) -> 5.99 | K51: =Source!O35 -> 7978.95 | S51: =ROUND((Source!FX35/100)*((ROUND(Source!AF35*Source!I35, 2)+ROUND(Source!AE35*Source!I35, 2))), 2) -> 0 | T51: =Source!X35 -> 0 | U51: =ROUND((Source!FY35/100)*((ROUND(Source!AF35*Source!I35, 2)+ROUND(Source!AE35*Source!I35, 2))), 2) -> 0 | V51: =Source!Y35 -> 0 | W51: =IF(Source!BI35<=1,H51, 0) -> 1332.05 | X51: =IF(Source!BI35=2,H51, 0) -> 0 | Y51: =IF(Source!BI35=3,H51, 0) -> 0 | Z51: =IF(Source!BI35=4,H51, 0) -> 0
G52: =H44+H45+H47+H48+H49+SUM(H51:H51) -> 2735.43 | J52: =K44+K45+K47+K48+K49+SUM(K51:K51) -> 16385.74 | L52: =Source!U33 -> 4.42566 | O52: =G52 -> 2735.43 | P52: =J52 -> 16385.74 | Q52: =L52 -> 4.42566 | W52: =IF(Source!BI33<=1,H44+H45+H47+H48+H49, 0) -> 1403.38 | X52: =IF(Source!BI33=2,H44+H45+H47+H48+H49, 0) -> 0 | Y52: =IF(Source!BI33=3,H44+H45+H47+H48+H49, 0) -> 0 | Z52: =IF(Source!BI33=4,H44+H45+H47+H48+H49, 0) -> 0
A53: =Source!E37 -> 4 | B53: =Source!F37 -> 58-20-1 | C53: =Source!G37 -> Смена обделок из листовой стали (поясков, сандриков, отливов, карнизов) шириной до 0,4 м | D53: =Source!H37 -> 100 м | E53: =Source!I37 -> 0.207 | F53: =Source!AL37+Source!AM37+Source!AO37 -> 454.41 | I53: =Source!BO37 | S53: =ROUND((Source!FX37/100)*((ROUND(Source!AF37*Source!I37, 2)+ROUND(Source!AE37*Source!I37, 2))), 2) -> 60.96 | T53: =Source!X37 -> 365.11 | U53: =ROUND((Source!FY37/100)*((ROUND(Source!AF37*Source!I37, 2)+ROUND(Source!AE37*Source!I37, 2))), 2) -> 47.74 | V53: =Source!Y37 -> 285.93
C54: ="Объем: "&Source!I37&"=20,7/"&"100" -> Объем: 0,207=20,7/100
C55: Зарплата | F55: =Source!AO37 -> 353.23 | G55: =Source!DG37 | H55: =ROUND(Source!AF37*Source!I37, 2) -> 73.12 | J55: =IF(Source!BA37<> 0, Source!BA37, 1) -> 5.99 | K55: =Source!S37 -> 437.98 | R55: =H55 -> 73.12
C56: Эксплуатация машин | F56: =Source!AM37 -> 5.13 | G56: =Source!DE37 | H56: =ROUND(Source!AD37*Source!I37, 2) -> 1.06 | J56: =IF(Source!BB37<> 0, Source!BB37, 1) -> 5.99 | K56: =Source!Q37 -> 6.36
C57: в т.ч. зарплата машинистов | F57: =Source!AN37 -> 1.54 | G57: =Source!DF37 | H57: =ROUND(Source!AE37*Source!I37, 2) -> 0.32 | J57: =IF(Source!BS37<> 0, Source!BS37, 1) -> 5.99 | K57: =Source!R37 -> 1.91 | R57: =H57 -> 0.32
C58: Материальные ресурсы | F58: =Source!AL37 -> 96.05 | G58: =Source!DD37 | H58: =ROUND(Source!AC37*Source!I37, 2) -> 19.88 | J58: =IF(Source!BC37<> 0, Source!BC37, 1) -> 5.99 | K58: =Source!P37 -> 119.1
C59: НР от ФОТ | D59: % | E59: =Source!BZ37 -> 83 | H59: =SUM(S53:S65) -> 60.96 | J59: =Source!AT37 -> 83 | K59: =SUM(T53:T65) -> 365.11
C60: СП от ФОТ | D60: % | E60: =Source!CA37 -> 65 | H60: =SUM(U53:U65) -> 47.74 | J60: =Source!AU37 -> 65 | K60: =SUM(V53:V65) -> 285.93
C61: Затраты труда | D61: чел-ч | E61: =Source!AQ37 -> 41.41 | G61: =Source!DI37 | L61: =Source!U37 -> 8.57187
A62: =Source!E39 -> 4,1 | B62: =Source!F39 -> 01.7.07.07 | C62: =Source!G39 -> Строительный мусор | D62: =Source!H39 -> т | E62: =Source!I39 -> 0.046368 | F62: =Source!AL39+Source!AM39+Source!AO39 -> 0 | H62: =ROUND(Source!AC39*Source!I39, 2)+ROUND(Source!AD39*Source!I39, 2)+ROUND(Source!AF39*Source!I39, 2) -> 0 | J62: =IF(Source!BC39<> 0, Source!BC39, 1) -> 5.99 | K62: =Source!O39 -> 0 | S62: =ROUND((Source!FX39/100)*((ROUND(Source!AF39*Source!I39, 2)+ROUND(Source!AE39*Source!I39, 2))), 2) -> 0 | T62: =Source!X39 -> 0 | U62: =ROUND((Source!FY39/100)*((ROUND(Source!AF39*Source!I39, 2)+ROUND(Source!AE39*Source!I39, 2))), 2) -> 0 | V62: =Source!Y39 -> 0 | W62: =IF(Source!BI39<=1,H62, 0) -> 0 | X62: =IF(Source!BI39=2,H62, 0) -> 0 | Y62: =IF(Source!BI39=3,H62, 0) -> 0 | Z62: =IF(Source!BI39=4,H62, 0) -> 0
A63: =Source!E41 -> 4,2 | B63: =Source!F41 -> 08.3.05.05 | C63: =Source!G41 -> Сталь листовая оцинкованная | D63: =Source!H41 -> т | E63: =Source!I41 -> 0.038088 | F63: =Source!AL41+Source!AM41+Source!AO41 -> 0 | H63: =ROUND(Source!AC41*Source!I41, 2)+ROUND(Source!AD41*Source!I41, 2)+ROUND(Source!AF41*Source!I41, 2) -> 0 | J63: =IF(Source!BC41<> 0, Source!BC41, 1) -> 5.99 | K63: =Source!O41 -> 0 | S63: =ROUND((Source!FX41/100)*((ROUND(Source!AF41*Source!I41, 2)+ROUND(Source!AE41*Source!I41, 2))), 2) -> 0 | T63: =Source!X41 -> 0 | U63: =ROUND((Source!FY41/100)*((ROUND(Source!AF41*Source!I41, 2)+ROUND(Source!AE41*Source!I41, 2))), 2) -> 0 | V63: =Source!Y41 -> 0 | W63: =IF(Source!BI41<=1,H63, 0) -> 0 | X63: =IF(Source!BI41=2,H63, 0) -> 0 | Y63: =IF(Source!BI41=3,H63, 0) -> 0 | Z63: =IF(Source!BI41=4,H63, 0) -> 0
A64: =Source!E43 -> 4,3 | B64: =Source!F43 -> 08.3.05.05-0081 | C64: =Source!G43 -> Сталь оцинкованная в рулонах толщиной 0,5 мм, с полимерным покрытием | D64: =Source!H43 -> т | E64: =Source!I43 -> 0.038088 | F64: =Source!AL43+Source!AM43+Source!AO43 -> 8715.1 | H64: =ROUND(Source!AC43*Source!I43, 2)+ROUND(Source!AD43*Source!I43, 2)+ROUND(Source!AF43*Source!I43, 2) -> 331.94 | J64: =IF(Source!BC43<> 0, Source!BC43, 1) -> 5.99 | K64: =Source!O43 -> 1988.32 | S64: =ROUND((Source!FX43/100)*((ROUND(Source!AF43*Source!I43, 2)+ROUND(Source!AE43*Source!I43, 2))), 2) -> 0 | T64: =Source!X43 -> 0 | U64: =ROUND((Source!FY43/100)*((ROUND(Source!AF43*Source!I43, 2)+ROUND(Source!AE43*Source!I43, 2))), 2) -> 0 | V64: =Source!Y43 -> 0 | W64: =IF(Source!BI43<=1,H64, 0) -> 331.94 | X64: =IF(Source!BI43=2,H64, 0) -> 0 | Y64: =IF(Source!BI43=3,H64, 0) -> 0 | Z64: =IF(Source!BI43=4,H64, 0) -> 0
A65: =Source!E45 -> 4,4 | B65: =Source!F45 -> 08.1.02.03-0021 | C65: =Source!G45 -> Водоотлив оконный шириной планки 250 мм из оцинкованной стали с полимерным покрытием | D65: =Source!H45 -> П.М | E65: =Source!I45 -> 20.7 | F65: =Source!AL45+Source!AM45+Source!AO45 -> 26.41 | H65: =ROUND(Source!AC45*Source!I45, 2)+ROUND(Source!AD45*Source!I45, 2)+ROUND(Source!AF45*Source!I45, 2) -> 546.69 | J65: =IF(Source!BC45<> 0, Source!BC45, 1) -> 5.99 | K65: =Source!O45 -> 3274.66 | S65: =ROUND((Source!FX45/100)*((ROUND(Source!AF45*Source!I45, 2)+ROUND(Source!AE45*Source!I45, 2))), 2) -> 0 | T65: =Source!X45 -> 0 | U65: =ROUND((Source!FY45/100)*((ROUND(Source!AF45*Source!I45, 2)+ROUND(Source!AE45*Source!I45, 2))), 2) -> 0 | V65: =Source!Y45 -> 0 | W65: =IF(Source!BI45<=1,H65, 0) -> 546.69 | X65: =IF(Source!BI45=2,H65, 0) -> 0 | Y65: =IF(Source!BI45=3,H65, 0) -> 0 | Z65: =IF(Source!BI45=4,H65, 0) -> 0
G66: =H55+H56+H58+H59+H60+SUM(H62:H65) -> 1081.39 | J66: =K55+K56+K58+K59+K60+SUM(K62:K65) -> 6477.46 | L66: =Source!U37 -> 8.57187 | O66: =G66 -> 1081.39 | P66: =J66 -> 6477.46 | Q66: =L66 -> 8.57187 | W66: =IF(Source!BI37<=1,H55+H56+H58+H59+H60, 0) -> 202.76 | X66: =IF(Source!BI37=2,H55+H56+H58+H59+H60, 0) -> 0 | Y66: =IF(Source!BI37=3,H55+H56+H58+H59+H60, 0) -> 0 | Z66: =IF(Source!BI37=4,H55+H56+H58+H59+H60, 0) -> 0
A67: =Source!E47 -> 5 | B67: =Source!F47 -> 61-2-7 | C67: =Source!G47 -> Ремонт штукатурки внутренних стен по камню и бетону цементно-известковым раствором, площадью отдельных мест до 1 м2 толщиной слоя до 20 мм | D67: =Source!H47 -> 100 м2 | E67: =Source!I47 -> 0.2628 | F67: =Source!AL47+Source!AM47+Source!AO47 -> 3184.37 | I67: =Source!BO47 | S67: =ROUND((Source!FX47/100)*((ROUND(Source!AF47*Source!I47, 2)+ROUND(Source!AE47*Source!I47, 2))), 2) -> 421.92 | T67: =Source!X47 -> 2527.27 | U67: =ROUND((Source!FY47/100)*((ROUND(Source!AF47*Source!I47, 2)+ROUND(Source!AE47*Source!I47, 2))), 2) -> 267.04 | V67: =Source!Y47 -> 1599.54
C68: ="Объем: "&Source!I47&"=26,28/"&"100" -> Объем: 0,2628=26,28/100
C69: Зарплата | F69: =Source!AO47 -> 2023.18 | G69: =Source!DG47 | H69: =ROUND(Source!AF47*Source!I47, 2) -> 531.69 | J69: =IF(Source!BA47<> 0, Source!BA47, 1) -> 5.99 | K69: =Source!S47 -> 3184.83 | R69: =H69 -> 531.69
C70: Эксплуатация машин | F70: =Source!AM47 -> 20.94 | G70: =Source!DE47 | H70: =ROUND(Source!AD47*Source!I47, 2) -> 5.5 | J70: =IF(Source!BB47<> 0, Source!BB47, 1) -> 5.99 | K70: =Source!Q47 -> 32.96
C71: в т.ч. зарплата машинистов | F71: =Source!AN47 -> 9.05 | G71: =Source!DF47 | H71: =ROUND(Source!AE47*Source!I47, 2) -> 2.38 | J71: =IF(Source!BS47<> 0, Source!BS47, 1) -> 5.99 | K71: =Source!R47 -> 14.25 | R71: =H71 -> 2.38
C72: Материальные ресурсы | F72: =Source!AL47 -> 1140.25 | G72: =Source!DD47 | H72: =ROUND(Source!AC47*Source!I47, 2) -> 299.66 | J72: =IF(Source!BC47<> 0, Source!BC47, 1) -> 5.99 | K72: =Source!P47 -> 1794.95
C73: НР от ФОТ | D73: % | E73: =Source!BZ47 -> 79 | H73: =SUM(S67:S76) -> 421.92 | J73: =Source!AT47 -> 79 | K73: =SUM(T67:T76) -> 2527.27
C74: СП от ФОТ | D74: % | E74: =Source!CA47 -> 50 | H74: =SUM(U67:U76) -> 267.04 | J74: =Source!AU47 -> 50 | K74: =SUM(V67:V76) -> 1599.54
C75: Затраты труда | D75: чел-ч | E75: =Source!AQ47 -> 228.35 | G75: =Source!DI47 | L75: =Source!U47 -> 60.01038
A76: =Source!E49 -> 5,1 | B76: =Source!F49 -> 01.7.07.07 | C76: =Source!G49 -> Строительный мусор | D76: =Source!H49 -> т | E76: =Source!I49 -> 0.888264 | F76: =Source!AL49+Source!AM49+Source!AO49 -> 0 | H76: =ROUND(Source!AC49*Source!I49, 2)+ROUND(Source!AD49*Source!I49, 2)+ROUND(Source!AF49*Source!I49, 2) -> 0 | J76: =IF(Source!BC49<> 0, Source!BC49, 1) -> 5.99 | K76: =Source!O49 -> 0 | S76: =ROUND((Source!FX49/100)*((ROUND(Source!AF49*Source!I49, 2)+ROUND(Source!AE49*Source!I49, 2))), 2) -> 0 | T76: =Source!X49 -> 0 | U76: =ROUND((Source!FY49/100)*((ROUND(Source!AF49*Source!I49, 2)+ROUND(Source!AE49*Source!I49, 2))), 2) -> 0 | V76: =Source!Y49 -> 0 | W76: =IF(Source!BI49<=1,H76, 0) -> 0 | X76: =IF(Source!BI49=2,H76, 0) -> 0 | Y76: =IF(Source!BI49=3,H76, 0) -> 0 | Z76: =IF(Source!BI49=4,H76, 0) -> 0
G77: =H69+H70+H72+H73+H74+SUM(H76:H76) -> 1525.81 | J77: =K69+K70+K72+K73+K74+SUM(K76:K76) -> 9139.55 | L77: =Source!U47 -> 60.01038 | O77: =G77 -> 1525.81 | P77: =J77 -> 9139.55 | Q77: =L77 -> 60.01038 | W77: =IF(Source!BI47<=1,H69+H70+H72+H73+H74, 0) -> 1525.81 | X77: =IF(Source!BI47=2,H69+H70+H72+H73+H74, 0) -> 0 | Y77: =IF(Source!BI47=3,H69+H70+H72+H73+H74, 0) -> 0 | Z77: =IF(Source!BI47=4,H69+H70+H72+H73+H74, 0) -> 0
A78: =Source!E51 -> 6 | B78: =Source!F51 -> 62-16-4 | C78: =Source!G51 -> Окрашивание водоэмульсионными составами поверхностей стен, ранее окрашенных водоэмульсионной краской с расчисткой старой краски более 35% | D78: =Source!H51 -> 100 м2 | E78: =Source!I51 -> 0.2628 | F78: =Source!AL51+Source!AM51+Source!AO51 -> 759.03 | I78: =Source!BO51 | S78: =ROUND((Source!FX51/100)*((ROUND(Source!AF51*Source!I51, 2)+ROUND(Source!AE51*Source!I51, 2))), 2) -> 54.2 | T78: =Source!X51 -> 324.65 | U78: =ROUND((Source!FY51/100)*((ROUND(Source!AF51*Source!I51, 2)+ROUND(Source!AE51*Source!I51, 2))), 2) -> 33.88 | V78: =Source!Y51 -> 202.91
C79: ="Объем: "&Source!I51&"=26,28/"&"100" -> Объем: 0,2628=26,28/100
C80: Зарплата | F80: =Source!AO51 -> 255.74 | G80: =Source!DG51 | H80: =ROUND(Source!AF51*Source!I51, 2) -> 67.21 | J80: =IF(Source!BA51<> 0, Source!BA51, 1) -> 5.99 | K80: =Source!S51 -> 402.58 | R80: =H80 -> 67.21
C81: Эксплуатация машин | F81: =Source!AM51 -> 7.07 | G81: =Source!DE51 | H81: =ROUND(Source!AD51*Source!I51, 2) -> 1.86 | J81: =IF(Source!BB51<> 0, Source!BB51, 1) -> 5.99 | K81: =Source!Q51 -> 11.13
C82: в т.ч. зарплата машинистов | F82: =Source!AN51 -> 2.05 | G82: =Source!DF51 | H82: =ROUND(Source!AE51*Source!I51, 2) -> 0.54 | J82: =IF(Source!BS51<> 0, Source!BS51, 1) -> 5.99 | K82: =Source!R51 -> 3.23 | R82: =H82 -> 0.54
C83: Материальные ресурсы | F83: =Source!AL51 -> 496.22 | G83: =Source!DD51 | H83: =ROUND(Source!AC51*Source!I51, 2) -> 130.41 | J83: =IF(Source!BC51<> 0, Source!BC51, 1) -> 5.99 | K83: =Source!P51 -> 781.14
C84: НР от ФОТ | D84: % | E84: =Source!BZ51 -> 80 | H84: =SUM(S78:S88) -> 54.2 | J84: =Source!AT51 -> 80 | K84: =SUM(T78:T88) -> 324.65
C85: СП от ФОТ | D85: % | E85: =Source!CA51 -> 50 | H85: =SUM(U78:U88) -> 33.88 | J85: =Source!AU51 -> 50 | K85: =SUM(V78:V88) -> 202.91
C86: Затраты труда | D86: чел-ч | E86: =Source!AQ51 -> 29.6 | G86: =Source!DI51 | L86: =Source!U51 -> 7.77888
A87: =Source!E53 -> 6,1 | B87: =Source!F53 -> 14.3.02.01 | C87: =Source!G53 -> Краска водоэмульсионная | D87: =Source!H53 -> т | E87: =Source!I53 -> 0.018659 | F87: =Source!AL53+Source!AM53+Source!AO53 -> 0 | H87: =ROUND(Source!AC53*Source!I53, 2)+ROUND(Source!AD53*Source!I53, 2)+ROUND(Source!AF53*Source!I53, 2) -> 0 | J87: =IF(Source!BC53<> 0, Source!BC53, 1) -> 5.99 | K87: =Source!O53 -> 0 | S87: =ROUND((Source!FX53/100)*((ROUND(Source!AF53*Source!I53, 2)+ROUND(Source!AE53*Source!I53, 2))), 2) -> 0 | T87: =Source!X53 -> 0 | U87: =ROUND((Source!FY53/100)*((ROUND(Source!AF53*Source!I53, 2)+ROUND(Source!AE53*Source!I53, 2))), 2) -> 0 | V87: =Source!Y53 -> 0 | W87: =IF(Source!BI53<=1,H87, 0) -> 0 | X87: =IF(Source!BI53=2,H87, 0) -> 0 | Y87: =IF(Source!BI53=3,H87, 0) -> 0 | Z87: =IF(Source!BI53=4,H87, 0) -> 0
A88: =Source!E55 -> 6,2 | B88: =Source!F55 -> 14.3.02.01-0223 | C88: =Source!G55 -> Краска водоэмульсионная для внутренних работ ВАК-15 | D88: =Source!H55 -> т | E88: =Source!I55 -> 0.01866 | F88: =Source!AL55+Source!AM55+Source!AO55 -> 19973.67 | H88: =ROUND(Source!AC55*Source!I55, 2)+ROUND(Source!AD55*Source!I55, 2)+ROUND(Source!AF55*Source!I55, 2) -> 372.71 | J88: =IF(Source!BC55<> 0, Source!BC55, 1) -> 5.99 | K88: =Source!O55 -> 2232.53 | S88: =ROUND((Source!FX55/100)*((ROUND(Source!AF55*Source!I55, 2)+ROUND(Source!AE55*Source!I55, 2))), 2) -> 0 | T88: =Source!X55 -> 0 | U88: =ROUND((Source!FY55/100)*((ROUND(Source!AF55*Source!I55, 2)+ROUND(Source!AE55*Source!I55, 2))), 2) -> 0 | V88: =Source!Y55 -> 0 | W88: =IF(Source!BI55<=1,H88, 0) -> 372.71 | X88: =IF(Source!BI55=2,H88, 0) -> 0 | Y88: =IF(Source!BI55=3,H88, 0) -> 0 | Z88: =IF(Source!BI55=4,H88, 0) -> 0
G89: =H80+H81+H83+H84+H85+SUM(H87:H88) -> 660.27 | J89: =K80+K81+K83+K84+K85+SUM(K87:K88) -> 3954.94 | L89: =Source!U51 -> 7.77888 | O89: =G89 -> 660.27 | P89: =J89 -> 3954.94 | Q89: =L89 -> 7.77888 | W89: =IF(Source!BI51<=1,H80+H81+H83+H84+H85, 0) -> 287.56 | X89: =IF(Source!BI51=2,H80+H81+H83+H84+H85, 0) -> 0 | Y89: =IF(Source!BI51=3,H80+H81+H83+H84+H85, 0) -> 0 | Z89: =IF(Source!BI51=4,H80+H81+H83+H84+H85, 0) -> 0
A90: =Source!E57 -> 7 | B90: =Source!F57 -> 61-10-3 | C90: =Source!G57 -> Ремонт штукатурки гладких фасадов по камню и бетону с земли и лесов цементно-известковым раствором площадью отдельных мест более 5 м2 толщиной слоя до 20 мм | D90: =Source!H57 -> 100 м2 | E90: =Source!I57 -> 0.216 | F90: =Source!AL57+Source!AM57+Source!AO57 -> 2786.77 | I90: =Source!BO57 | S90: =ROUND((Source!FX57/100)*((ROUND(Source!AF57*Source!I57, 2)+ROUND(Source!AE57*Source!I57, 2))), 2) -> 280.76 | T90: =Source!X57 -> 1681.73 | U90: =ROUND((Source!FY57/100)*((ROUND(Source!AF57*Source!I57, 2)+ROUND(Source!AE57*Source!I57, 2))), 2) -> 177.7 | V90: =Source!Y57 -> 1064.39
C91: ="Объем: "&Source!I57&"=21,6/"&"100" -> Объем: 0,216=21,6/100
C92: Зарплата | F92: =Source!AO57 -> 1645.31 | G92: =Source!DG57 | H92: =ROUND(Source!AF57*Source!I57, 2) -> 355.39 | J92: =IF(Source!BA57<> 0, Source!BA57, 1) -> 5.99 | K92: =Source!S57 -> 2128.77 | R92: =H92 -> 355.39
C93: Эксплуатация машин | F93: =Source!AM57 -> 1.21 | G93: =Source!DE57 | H93: =ROUND(Source!AD57*Source!I57, 2) -> 0.26 | J93: =IF(Source!BB57<> 0, Source!BB57, 1) -> 5.99 | K93: =Source!Q57 -> 1.57
C94: Материальные ресурсы | F94: =Source!AL57 -> 1140.25 | G94: =Source!DD57 | H94: =ROUND(Source!AC57*Source!I57, 2) -> 246.29 | J94: =IF(Source!BC57<> 0, Source!BC57, 1) -> 5.99 | K94: =Source!P57 -> 1475.3
C95: НР от ФОТ | D95: % | E95: =Source!BZ57 -> 79 | H95: =SUM(S90:S98) -> 280.76 | J95: =Source!AT57 -> 79 | K95: =SUM(T90:T98) -> 1681.73
C96: СП от ФОТ | D96: % | E96: =Source!CA57 -> 50 | H96: =SUM(U90:U98) -> 177.7 | J96: =Source!AU57 -> 50 | K96: =SUM(V90:V98) -> 1064.39
C97: Затраты труда | D97: чел-ч | E97: =Source!AQ57 -> 188.25 | G97: =Source!DI57 | L97: =Source!U57 -> 40.662
A98: =Source!E59 -> 7,1 | B98: =Source!F59 -> 01.7.07.07 | C98: =Source!G59 -> Строительный мусор | D98: =Source!H59 -> т | E98: =Source!I59 -> 1.04544 | F98: =Source!AL59+Source!AM59+Source!AO59 -> 0 | H98: =ROUND(Source!AC59*Source!I59, 2)+ROUND(Source!AD59*Source!I59, 2)+ROUND(Source!AF59*Source!I59, 2) -> 0 | J98: =IF(Source!BC59<> 0, Source!BC59, 1) -> 5.99 | K98: =Source!O59 -> 0 | S98: =ROUND((Source!FX59/100)*((ROUND(Source!AF59*Source!I59, 2)+ROUND(Source!AE59*Source!I59, 2))), 2) -> 0 | T98: =Source!X59 -> 0 | U98: =ROUND((Source!FY59/100)*((ROUND(Source!AF59*Source!I59, 2)+ROUND(Source!AE59*Source!I59, 2))), 2) -> 0 | V98: =Source!Y59 -> 0 | W98: =IF(Source!BI59<=1,H98, 0) -> 0 | X98: =IF(Source!BI59=2,H98, 0) -> 0 | Y98: =IF(Source!BI59=3,H98, 0) -> 0 | Z98: =IF(Source!BI59=4,H98, 0) -> 0
G99: =H92+H93+H94+H95+H96+SUM(H98:H98) -> 1060.4 | J99: =K92+K93+K94+K95+K96+SUM(K98:K98) -> 6351.76 | L99: =Source!U57 -> 40.662 | O99: =G99 -> 1060.4 | P99: =J99 -> 6351.76 | Q99: =L99 -> 40.662 | W99: =IF(Source!BI57<=1,H92+H93+H94+H95+H96, 0) -> 1060.4 | X99: =IF(Source!BI57=2,H92+H93+H94+H95+H96, 0) -> 0 | Y99: =IF(Source!BI57=3,H92+H93+H94+H95+H96, 0) -> 0 | Z99: =IF(Source!BI57=4,H92+H93+H94+H95+H96, 0) -> 0
A100: =Source!E61 -> 8 | B100: =Source!F61 -> 15-04-012-01 | C100: =Source!G61 -> Окраска фасадов с лесов с подготовкой поверхности перхлорвиниловая | D100: =Source!H61 -> 100 м2 | E100: =Source!I61 -> 0.216 | F100: =Source!AL61+Source!AM61+Source!AO61 -> 685.42 | I100: =Source!BO61 | S100: =ROUND((Source!FX61/100)*((ROUND(Source!AF61*Source!I61, 2)+ROUND(Source!AE61*Source!I61, 2))), 2) -> 26.92 | T100: =Source!X61 -> 162.14 | U100: =ROUND((Source!FY61/100)*((ROUND(Source!AF61*Source!I61, 2)+ROUND(Source!AE61*Source!I61, 2))), 2) -> 13.32 | V100: =Source!Y61 -> 80.21
C101: ="Объем: "&Source!I61&"=21,6/"&"100" -> Объем: 0,216=21,6/100
C102: Зарплата | F102: =Source!AO61 -> 130.52 | G102: =Source!DG61 | H102: =ROUND(Source!AF61*Source!I61, 2) -> 28.19 | J102: =IF(Source!BA61<> 0, Source!BA61, 1) -> 5.99 | K102: =Source!S61 -> 168.87 | R102: =H102 -> 28.19
C103: Эксплуатация машин | F103: =Source!AM61 -> 8.3 | G103: =Source!DE61 | H103: =ROUND(Source!AD61*Source!I61, 2) -> 1.79 | J103: =IF(Source!BB61<> 0, Source!BB61, 1) -> 5.99 | K103: =Source!Q61 -> 10.74
C104: в т.ч. зарплата машинистов | F104: =Source!AN61 -> 1.39 | G104: =Source!DF61 | H104: =ROUND(Source!AE61*Source!I61, 2) -> 0.3 | J104: =IF(Source!BS61<> 0, Source!BS61, 1) -> 5.99 | K104: =Source!R61 -> 1.8 | R104: =H104 -> 0.3
C105: Материальные ресурсы | F105: =Source!AL61 -> 546.6 | G105: =Source!DD61 | H105: =ROUND(Source!AC61*Source!I61, 2) -> 118.07 | J105: =IF(Source!BC61<> 0, Source!BC61, 1) -> 5.99 | K105: =Source!P61 -> 707.21
C106: НР от ФОТ | D106: % | E106: =Source!BZ61 -> 105 | F106: =CONCATENATE(" )", Source!DL61, Source!FT61, "=", Source!FX61) -> )*0,9=94,5 | H106: =SUM(S100:S110) -> 26.92 | J106: =Source!AT61 -> 95 | K106: =SUM(T100:T110) -> 162.14
C107: СП от ФОТ | D107: % | E107: =Source!CA61 -> 55 | F107: =CONCATENATE(" )", Source!DM61, Source!FU61, "=", Source!FY61) -> )*0,85=46,75 | H107: =SUM(U100:U110) -> 13.32 | J107: =Source!AU61 -> 47 | K107: =SUM(V100:V110) -> 80.21
...

Sheet Акт КС-2 c НР и СП
A1: =Source!B1 -> Smeta.RU (495) 974-1589
E2: Унифицированная форма № КС-2
E3: Утверждена постановлением Госкомстата России
E4: от 11.11.99. № 100
G6: Код
F7: Форма по ОКУД | G7: 0322005
G8: =IF(Source!AT15 <> "", Source!AT15, "")
A9: Инвестор | C9: =IF(Source!BA15 <> "", Source!BA15, IF(Source!AU15 <> "", Source!AU15, "")) | F9: по ОКПО
C10: организация, адрес, телефон, факс | G10: =IF(Source!AK15 <> "", Source!AK15, "")
A11: Заказчик | C11: =IF(Source!AX12<> "", Source!AX12, IF(Source!AJ12 <> "", Source!AJ12, "")) | F11: по ОКПО
C12: организация, адрес, телефон, факс | G12: =IF(Source!AO15 <> "", Source!AO15, "")
A13: Подрядчик | C13: =IF(Source!AY12<> "", Source!AY12, IF(Source!AN12 <> "", Source!AN12, "")) | F13: по ОКПО
C14: организация, адрес, телефон, факс | G14: =IF(Source!CO15 <> "", Source!CO15, "")
A15: Стройка | C15: Капитальный ремонт окооных проемов в библиотекеучебного корпуса ДИТИ НИЯУ МИФИ_ | AE15: Капитальный ремонт окооных проемов в библиотекеучебного корпуса ДИТИ НИЯУ МИФИ_
C16: наименование, адрес | G16: =IF(Source!CP15 <> "", Source!CP15, "")
A17: Объект | C17: =IF(Source!G12<>"Новый объект", Source!G12, "") -> Капитальный ремонт окооных проемов в библиотекеучебного корпуса ДИТИ НИЯУ МИФИ_ | AE17: =IF(Source!G12<>"Новый объект", Source!G12, "") -> Капитальный ремонт окооных проемов в библиотекеучебного корпуса ДИТИ НИЯУ МИФИ_
C18: наименование
D19: Вид деятельности по ОКДП | G19: =IF(Source!CQ15 <> "", Source!CQ15, "")
D20: Договор подряда | F20: номер | G20: =IF(Source!CR15 <> "", Source!CR15, "")
F21: дата | G21: =IF(Source!CS15 <> 0, Source!CS15, "")
F22: Вид операции | G22: =IF(Source!CT15 <> "", Source!CT15, "")
D24: Номер документа | E24: Дата составления | F24: Отчетный период
F25: с | G25: по
D26: =IF(Source!CN15 <> "", Source!CN15, "") | E26: 43123.631
A28: AKT
A29: О ПРИЕМКЕ ВЫПОЛНЕННЫХ РАБОТ
A31: Сметная (договорная) стоимость в соответствии с договором подряда (субподряда) | F31: =(Source!P143/1000) -> 1691.9077 | H31: тыс.руб
A33: Номер | C33: Наименование работ | D33: Номер единичной расценки | E33: Единица измерения | F33: Выполнено работ
A34: по порядку | B34: поз. по смете | F34: Количество | G34: цена за единицу, руб | H34: стоимость, руб
A35: 1 | B35: 2 | C35: 3 | D35: 4 | E35: 5 | F35: 6 | G35: 7 | H35: 8
A37: =CONCATENATE("Локальная смета: ",IF(Source!G20<>"Новая локальная смета", Source!G20, "")) -> Локальная смета:
A38: 1 | B38: =Source!E25 -> 1 | C38: =Source!G25 -> Разборка деревянных заполнений проемов оконных с подоконными досками | D38: =Source!F25 -> 46-04-012-01 | E38: =Source!H25 -> 100 м2 | F38: =Source!I25 -> 1.035 | G38: =Source!AB25 -> 1767.24 | H38: =Source!O25 -> 10956.27 | T38: =Source!O25+Source!X25+Source!Y25 -> 27021.73 | U38: =Source!P25 -> 0 | V38: =Source!S25 -> 9456.26 | W38: =Source!Q25 -> 1500.01 | X38: =Source!R25 -> 647.8 | Y38: =Source!U25 -> 195.1389 | Z38: =Source!V25 -> 8.0109 | AA38: =Source!X25 -> 10003.02 | AB38: =Source!Y25 -> 6062.44
C39: ="Объем: "&Source!I25&"=103,5/"&"100" -> Объем: 1,035=103,5/100
C40: Коэфф. к ОЗП | D40: =Source!BA25 -> 5.99
C41: Коэфф. к эксплуатации машин | D41: =Source!BB25 -> 5.99
C42: Коэфф. к материалам | D42: =Source!BC25 -> 5.99
C43: Коэфф. к ЗПМ | D43: =Source!BS25 -> 5.99
C44: % НР | F44: =Source!BZ25 -> 110 | G44: =(Source!AF25+Source!AE25)*Source!FX25/100 -> 1613.4822 | H44: =Source!X25 -> 10003.02
C45: % НР с поправкой | G45: =CONCATENATE(Source!DL25,Source!FT25, "=", Source!FX25, "%") -> *0,9=99% | H45: =CONCATENATE(Source!AT25) -> 99
C46: % СП | F46: =Source!CA25 -> 70 | G46: =(Source!AF25+Source!AE25)*Source!FY25/100 -> 969.7191 | H46: =Source!Y25 -> 6062.44
C47: СП с поправкой | G47: =CONCATENATE(Source!DM25,Source!FU25, "=", Source!FY25, "%") -> *0,85=59,5% | H47: =CONCATENATE(Source!AU25) -> 60
C48: Итого с НР и СП | G48: =((Source!AF25+Source!AE25)*Source!FX25/100)+((Source!AF25+Source!AE25)*Source!FY25/100)+Source!AB25 -> 4350.4413 | H48: =Source!O25+Source!X25+Source!Y25 -> 27021.73
A49: 2 | B49: =Source!E27 -> 2 | C49: =Source!G27 -> Установка в жилых и общественных зданиях оконных блоков из ПВХ профилей поворотных (откидных, поворотно-откидных) с площадью проема более 2 м2 трехстворчатых, в том числе при наличии створок глухого остекления | D49: =Source!F27 -> 10-01-034-08 | E49: =Source!H27 -> 100 м2 | F49: =Source!I27 -> 1.035 | G49: =Source!AB27 -> 10107.89 | H49: =Source!O27 -> 62665.38 | T49: =Source!O27+Source!X27+Source!Y27 -> 76096.11 | U49: =Source!P27 -> 53000.93 | V49: =Source!S27 -> 8082.24 | W49: =Source!Q27 -> 1582.21 | X49: =Source!R27 -> 311.97 | Y49: =Source!U27 -> 154.3806 | Z49: =Source!V27 -> 4.37805 | AA49: =Source!X27 -> 8897.86 | AB49: =Source!Y27 -> 4532.87
C50: ="Объем: "&Source!I27&"=103,5/"&"100" -> Объем: 1,035=103,5/100
C51: Коэфф. к ОЗП | D51: =Source!BA27 -> 5.99
C52: Коэфф. к эксплуатации машин | D52: =Source!BB27 -> 5.99
C53: Коэфф. к материалам | D53: =Source!BC27 -> 5.99
C54: Коэфф. к ЗПМ | D54: =Source!BS27 -> 5.99
C55: % НР | F55: =Source!BZ27 -> 118 | G55: =(Source!AF27+Source!AE27)*Source!FX27/100 -> 1437.9268 | H55: =Source!X27 -> 8897.86
C56: % НР с поправкой | G56: =CONCATENATE(Source!DL27,Source!FT27, "=", Source!FX27, "%") -> *0,9=106,2% | H56: =CONCATENATE(Source!AT27) -> 106
C57: % СП | F57: =Source!CA27 -> 63 | G57: =(Source!AF27+Source!AE27)*Source!FY27/100 -> 725.05629 | H57: =Source!Y27 -> 4532.87
C58: СП с поправкой | G58: =CONCATENATE(Source!DM27,Source!FU27, "=", Source!FY27, "%") -> *0,85=53,55% | H58: =CONCATENATE(Source!AU27) -> 54
C59: Итого с НР и СП | G59: =((Source!AF27+Source!AE27)*Source!FX27/100)+((Source!AF27+Source!AE27)*Source!FY27/100)+Source!AB27 -> 12270.873 | H59: =Source!O27+Source!X27+Source!Y27 -> 76096.11
A60: 3 | B60: =Source!E29 -> 2,1 | C60: =Source!G29 -> Блоки оконные пластиковые | D60: =Source!F29 -> 11.3.02.03 | E60: =Source!H29 -> м2 | F60: =Source!I29 -> 103.5 | G60: =Source!AB29 -> 0 | H60: =Source!O29 -> 0 | T60: =Source!O29+Source!X29+Source!Y29 -> 0 | U60: =Source!P29 -> 0 | V60: =Source!S29 -> 0 | W60: =Source!Q29 -> 0 | X60: =Source!R29 -> 0 | Y60: =Source!U29 -> 0 | Z60: =Source!V29 -> 0 | AA60: =Source!X29 -> 0 | AB60: =Source!Y29 -> 0
C61: Коэфф. к материалам | D61: =Source!BC29 -> 5.99
A62: 4 | B62: =Source!E31 -> 2,2 | C62: =Source!G31 -> Блок оконный пластиковый с 6-ю глухими створками остекления, с 2-мя поворотно-откидными створками, 5-ти камерным стеклопакетом (42 мм), площадью более 3,5 м2 | D62: =Source!F31 -> 11.3.02.01-0021 | E62: =Source!H31 -> м2 | F62: =Source!I31 -> 103.5 | G62: =Source!AB31 -> 2074.38 | H62: =Source!O31 -> 1286043 | T62: =Source!O31+Source!X31+Source!Y31 -> 1286043 | U62: =Source!P31 -> 1286043 | V62: =Source!S31 -> 0 | W62: =Source!Q31 -> 0 | X62: =Source!R31 -> 0 | Y62: =Source!U31 -> 0 | Z62: =Source!V31 -> 0 | AA62: =Source!X31 -> 0 | AB62: =Source!Y31 -> 0
C63: Коэфф. к материалам | D63: =Source!BC31 -> 5.99
A64: 5 | B64: =Source!E33 -> 3 | C64: =Source!G33 -> Установка подоконных досок из ПВХ в каменных стенах толщиной свыше 0,51 м | D64: =Source!F33 -> 10-01-035-03 | E64: =Source!H33 -> 100 м | F64: =Source!I33 -> 0.207 | G64: =Source!AB33 -> 6481.17 | H64: =Source!O33 -> 8036.2 | T64: =Source!O33+Source!X33+Source!Y33 -> 8406.79 | U64: =Source!P33 -> 7782.92 | V64: =Source!S33 -> 226.13 | W64: =Source!Q33 -> 27.15 | X64: =Source!R33 -> 5.49 | Y64: =Source!U33 -> 4.42566 | Z64: =Source!V33 -> 0.07659 | AA64: =Source!X33 -> 245.52 | AB64: =Source!Y33 -> 125.07
C65: ="Объем: "&Source!I33&"=20,7/"&"100" -> Объем: 0,207=20,7/100
C66: Коэфф. к ОЗП | D66: =Source!BA33 -> 5.99
C67: Коэфф. к эксплуатации машин | D67: =Source!BB33 -> 5.99
C68: Коэфф. к материалам | D68: =Source!BC33 -> 5.99
C69: Коэфф. к ЗПМ | D69: =Source!BS33 -> 5.99
C70: % НР | F70: =Source!BZ33 -> 118 | G70: =(Source!AF33+Source!AE33)*Source!FX33/100 -> 198.3816 | H70: =Source!X33 -> 245.52
C71: % НР с поправкой | G71: =CONCATENATE(Source!DL33,Source!FT33, "=", Source!FX33, "%") -> *0,9=106,2% | H71: =CONCATENATE(Source!AT33) -> 106
C72: % СП | F72: =Source!CA33 -> 63 | G72: =(Source!AF33+Source!AE33)*Source!FY33/100 -> 100.0314 | H72: =Source!Y33 -> 125.07
C73: СП с поправкой | G73: =CONCATENATE(Source!DM33,Source!FU33, "=", Source!FY33, "%") -> *0,85=53,55% | H73: =CONCATENATE(Source!AU33) -> 54
C74: Итого с НР и СП | G74: =((Source!AF33+Source!AE33)*Source!FX33/100)+((Source!AF33+Source!AE33)*Source!FY33/100)+Source!AB33 -> 6779.583 | H74: =Source!O33+Source!X33+Source!Y33 -> 8406.79
A75: 6 | B75: =Source!E35 -> 3,1 | C75: =Source!G35 -> Доски подоконные ПВХ, шириной 500 мм | D75: =Source!F35 -> 11.3.03.01-0010 | E75: =Source!H35 -> м | F75: =Source!I35 -> 20.7 | G75: =Source!AB35 -> 64.35 | H75: =Source!O35 -> 7978.95 | T75: =Source!O35+Source!X35+Source!Y35 -> 7978.95 | U75: =Source!P35 -> 7978.95 | V75: =Source!S35 -> 0 | W75: =Source!Q35 -> 0 | X75: =Source!R35 -> 0 | Y75: =Source!U35 -> 0 | Z75: =Source!V35 -> 0 | AA75: =Source!X35 -> 0 | AB75: =Source!Y35 -> 0
C76: Коэфф. к материалам | D76: =Source!BC35 -> 5.99
A77: 7 | B77: =Source!E37 -> 4 | C77: =Source!G37 -> Смена обделок из листовой стали (поясков, сандриков, отливов, карнизов) шириной до 0,4 м | D77: =Source!F37 -> 58-20-1 | E77: =Source!H37 -> 100 м | F77: =Source!I37 -> 0.207 | G77: =Source!AB37 -> 454.41 | H77: =Source!O37 -> 563.44 | T77: =Source!O37+Source!X37+Source!Y37 -> 1214.48 | U77: =Source!P37 -> 119.1 | V77: =Source!S37 -> 437.98 | W77: =Source!Q37 -> 6.36 | X77: =Source!R37 -> 1.91 | Y77: =Source!U37 -> 8.57187 | Z77: =Source!V37 -> 0.02484 | AA77: =Source!X37 -> 365.11 | AB77: =Source!Y37 -> 285.93
C78: ="Объем: "&Source!I37&"=20,7/"&"100" -> Объем: 0,207=20,7/100
C79: Коэфф. к ОЗП | D79: =Source!BA37 -> 5.99
C80: Коэфф. к эксплуатации машин | D80: =Source!BB37 -> 5.99
C81: Коэфф. к материалам | D81: =Source!BC37 -> 5.99
C82: Коэфф. к ЗПМ | D82: =Source!BS37 -> 5.99
C83: % НР | F83: =Source!BZ37 -> 83 | G83: =(Source!AF37+Source!AE37)*Source!FX37/100 -> 294.4591 | H83: =Source!X37 -> 365.11
C84: % СП | F84: =Source!CA37 -> 65 | G84: =(Source!AF37+Source!AE37)*Source!FY37/100 -> 230.6005 | H84: =Source!Y37 -> 285.93
C85: Итого с НР и СП | G85: =((Source!AF37+Source!AE37)*Source!FX37/100)+((Source!AF37+Source!AE37)*Source!FY37/100)+Source!AB37 -> 979.4696 | H85: =Source!O37+Source!X37+Source!Y37 -> 1214.48
A86: 8 | B86: =Source!E39 -> 4,1 | C86: =Source!G39 -> Строительный мусор | D86: =Source!F39 -> 01.7.07.07 | E86: =Source!H39 -> т | F86: =Source!I39 -> 0.046368 | G86: =Source!AB39 -> 0 | H86: =Source!O39 -> 0 | T86: =Source!O39+Source!X39+Source!Y39 -> 0 | U86: =Source!P39 -> 0 | V86: =Source!S39 -> 0 | W86: =Source!Q39 -> 0 | X86: =Source!R39 -> 0 | Y86: =Source!U39 -> 0 | Z86: =Source!V39 -> 0 | AA86: =Source!X39 -> 0 | AB86: =Source!Y39 -> 0
C87: Коэфф. к материалам | D87: =Source!BC39 -> 5.99
A88: 9 | B88: =Source!E41 -> 4,2 | C88: =Source!G41 -> Сталь листовая оцинкованная | D88: =Source!F41 -> 08.3.05.05 | E88: =Source!H41 -> т | F88: =Source!I41 -> 0.038088 | G88: =Source!AB41 -> 0 | H88: =Source!O41 -> 0 | T88: =Source!O41+Source!X41+Source!Y41 -> 0 | U88: =Source!P41 -> 0 | V88: =Source!S41 -> 0 | W88: =Source!Q41 -> 0 | X88: =Source!R41 -> 0 | Y88: =Source!U41 -> 0 | Z88: =Source!V41 -> 0 | AA88: =Source!X41 -> 0 | AB88: =Source!Y41 -> 0
C89: Коэфф. к материалам | D89: =Source!BC41 -> 5.99
A90: 10 | B90: =Source!E43 -> 4,3 | C90: =Source!G43 -> Сталь оцинкованная в рулонах толщиной 0,5 мм, с полимерным покрытием | D90: =Source!F43 -> 08.3.05.05-0081 | E90: =Source!H43 -> т | F90: =Source!I43 -> 0.038088 | G90: =Source!AB43 -> 8715.1 | H90: =Source!O43 -> 1988.32 | T90: =Source!O43+Source!X43+Source!Y43 -> 1988.32 | U90: =Source!P43 -> 1988.32 | V90: =Source!S43 -> 0 | W90: =Source!Q43 -> 0 | X90: =Source!R43 -> 0 | Y90: =Source!U43 -> 0 | Z90: =Source!V43 -> 0 | AA90: =Source!X43 -> 0 | AB90: =Source!Y43 -> 0
C91: Коэфф. к материалам | D91: =Source!BC43 -> 5.99
A92: 11 | B92: =Source!E45 -> 4,4 | C92: =Source!G45 -> Водоотлив оконный шириной планки 250 мм из оцинкованной стали с полимерным покрытием | D92: =Source!F45 -> 08.1.02.03-0021 | E92: =Source!H45 -> П.М | F92: =Source!I45 -> 20.7 | G92: =Source!AB45 -> 26.41 | H92: =Source!O45 -> 3274.66 | T92: =Source!O45+Source!X45+Source!Y45 -> 3274.66 | U92: =Source!P45 -> 3274.66 | V92: =Source!S45 -> 0 | W92: =Source!Q45 -> 0 | X92: =Source!R45 -> 0 | Y92: =Source!U45 -> 0 | Z92: =Source!V45 -> 0 | AA92: =Source!X45 -> 0 | AB92: =Source!Y45 -> 0
C93: Коэфф. к материалам | D93: =Source!BC45 -> 5.99
A94: 12 | B94: =Source!E47 -> 5 | C94: =Source!G47 -> Ремонт штукатурки внутренних стен по камню и бетону цементно-известковым раствором, площадью отдельных мест до 1 м2 толщиной слоя до 20 мм | D94: =Source!F47 -> 61-2-7 | E94: =Source!H47 -> 100 м2 | F94: =Source!I47 -> 0.2628 | G94: =Source!AB47 -> 3184.37 | H94: =Source!O47 -> 5012.74 | T94: =Source!O47+Source!X47+Source!Y47 -> 9139.55 | U94: =Source!P47 -> 1794.95 | V94: =Source!S47 -> 3184.83 | W94: =Source!Q47 -> 32.96 | X94: =Source!R47 -> 14.25 | Y94: =Source!U47 -> 60.01038 | Z94: =Source!V47 -> 0.176076 | AA94: =Source!X47 -> 2527.27 | AB94: =Source!Y47 -> 1599.54
C95: ="Объем: "&Source!I47&"=26,28/"&"100" -> Объем: 0,2628=26,28/100
C96: Коэфф. к ОЗП | D96: =Source!BA47 -> 5.99
C97: Коэфф. к эксплуатации машин | D97: =Source!BB47 -> 5.99
C98: Коэфф. к материалам | D98: =Source!BC47 -> 5.99
C99: Коэфф. к ЗПМ | D99: =Source!BS47 -> 5.99
C100: % НР | F100: =Source!BZ47 -> 79 | G100: =(Source!AF47+Source!AE47)*Source!FX47/100 -> 1605.4617 | H100: =Source!X47 -> 2527.27
C101: % СП | F101: =Source!CA47 -> 50 | G101: =(Source!AF47+Source!AE47)*Source!FY47/100 -> 1016.115 | H101: =Source!Y47 -> 1599.54
C102: Итого с НР и СП | G102: =((Source!AF47+Source!AE47)*Source!FX47/100)+((Source!AF47+Source!AE47)*Source!FY47/100)+Source!AB47 -> 5805.9467 | H102: =Source!O47+Source!X47+Source!Y47 -> 9139.55
A103: 13 | B103: =Source!E49 -> 5,1 | C103: =Source!G49 -> Строительный мусор | D103: =Source!F49 -> 01.7.07.07 | E103: =Source!H49 -> т | F103: =Source!I49 -> 0.888264 | G103: =Source!AB49 -> 0 | H103: =Source!O49 -> 0 | T103: =Source!O49+Source!X49+Source!Y49 -> 0 | U103: =Source!P49 -> 0 | V103: =Source!S49 -> 0 | W103: =Source!Q49 -> 0 | X103: =Source!R49 -> 0 | Y103: =Source!U49 -> 0 | Z103: =Source!V49 -> 0 | AA103: =Source!X49 -> 0 | AB103: =Source!Y49 -> 0
C104: Коэфф. к материалам | D104: =Source!BC49 -> 5.99
A105: 14 | B105: =Source!E51 -> 6 | C105: =Source!G51 -> Окрашивание водоэмульсионными составами поверхностей стен, ранее окрашенных водоэмульсионной краской с расчисткой старой краски более 35% | D105: =Source!F51 -> 62-16-4 | E105: =Source!H51 -> 100 м2 | F105: =Source!I51 -> 0.2628 | G105: =Source!AB51 -> 759.03 | H105: =Source!O51 -> 1194.85 | T105: =Source!O51+Source!X51+Source!Y51 -> 1722.41 | U105: =Source!P51 -> 781.14 | V105: =Source!S51 -> 402.58 | W105: =Source!Q51 -> 11.13 | X105: =Source!R51 -> 3.23 | Y105: =Source!U51 -> 7.77888 | Z105: =Source!V51 -> 0.042048 | AA105: =Source!X51 -> 324.65 | AB105: =Source!Y51 -> 202.91
C106: ="Объем: "&Source!I51&"=26,28/"&"100" -> Объем: 0,2628=26,28/100
...

Sheet Акт КС-2 10 граф
A1: =Source!B1 -> Smeta.RU (495) 974-1589
G2: Унифицированная форма № КС-2
F3: Утверждена постановлением Госкомстата России
G4: от 11.11.99. № 100
I5: Код
H6: Форма по ОКУД | I6: 0322005
I7: =IF(Source!AT15 <> "", Source!AT15, "")
A8: Инвестор | C8: =IF(Source!BA15 <> "", Source!BA15, IF(Source!AU15 <> "", Source!AU15, "")) | H8: по ОКПО
C9: (организация, адрес, телефон, факс) | I9: =IF(Source!AK15 <> "", Source!AK15, "")
A10: Заказчик (Генподрядчик) | D10: =IF(Source!AX12<> "", Source!AX12, IF(Source!AJ12 <> "", Source!AJ12, "")) | H10: по ОКПО
D11: (наименование заказчика, структурного подразделения заказчика) | H11: БЕ | I11: =IF(Source!AO15 <> "", Source!AO15, "")
A12: Подрядчик (Субподрядчик) | D12: =IF(Source!AY12<> "", Source!AY12, IF(Source!AN12 <> "", Source!AN12, "")) | H12: по ОКПО
D13: (организация, адрес, телефон, факс) | H13: БЕ | I13: =IF(Source!CO15 <> "", Source!CO15, "")
A14: Стройка | C14: Капитальный ремонт окооных проемов в библиотекеучебного корпуса ДИТИ НИЯУ МИФИ_ | AC14: Капитальный ремонт окооных проемов в библиотекеучебного корпуса ДИТИ НИЯУ МИФИ_
C15: (наименование, адрес) | I15: =IF(Source!CP15 <> "", Source!CP15, "")
A16: Объект | C16: =IF(Source!G12<>"Новый объект", Source!G12, "") -> Капитальный ремонт окооных проемов в библиотекеучебного корпуса ДИТИ НИЯУ МИФИ_ | H16: Код объекта | AC16: =IF(Source!G12<>"Новый объект", Source!G12, "") -> Капитальный ремонт окооных проемов в библиотекеучебного корпуса ДИТИ НИЯУ МИФИ_
C17: (наименование) | F17: Вид деятельности по ОКДП | I17: =IF(Source!CQ15 <> "", Source!CQ15, "")
E18: Договор подряда(контракт) | H18: номер | I18: =IF(Source!CR15 <> "", Source!CR15, "")
H19: дата | I19: =IF(Source!CS15 <> 0, Source!CS15, "")
H20: Вид операции | I20: =IF(Source!CT15 <> "", Source!CT15, "")
F22: Номер документа | G22: Дата составления | H22: Отчетный период
H23: с | I23: по
F24: =IF(Source!CN15 <> "", Source!CN15, "") | G24: 43123.631
A26: AKT
A27: О ПРИЕМКЕ ВЫПОЛНЕННЫХ РАБОТ
A29: Стоимость строительно-монтажных работ на январь 2000 года | G29: =(Source!F143/1000) -> 282.45546 | I29: тыс. руб.
A30: Стоимость строительно-монтажных работ на январь 2017 года | G30: =(Source!P143/1000) -> 1691.9077 | I30: тыс. руб.
A31: Номер | C31: Шифр расценки и коды ресурсов | D31: Наименование работ и затрат | E31: Единица измерения | F31: Выполнено работ
A32: п/п | B32: Поз. по смете | F32: Количество | G32: Цена за единицу измерения, руб. | H32: Стоимость в ценах на январь 2000 года | I32: Индекс пере-счета | J32: Стоимость в текущих ценах
A33: 1 | B33: 2 | C33: 3 | D33: 4 | E33: 5 | F33: 6 | G33: 7 | H33: 8 | I33: 9 | J33: 10
A35: =CONCATENATE("Локальная смета: ",IF(Source!G20<>"Новая локальная смета", Source!G20, "")) -> Локальная смета:
A36: 1 | B36: =Source!E24 -> 1 | C36: =Source!F24 -> 46-04-012-01 | D36: =Source!G24 -> Разборка деревянных заполнений проемов оконных с подоконными досками | E36: =Source!H24 -> 100 м2 | F36: =Source!I24 -> 1.035 | G36: =IF(Source!AK24<> 0, Source!AK24,Source!AL24 + Source!AM24 + Source!AO24) -> 1767.24 | I36: =Source!BO25 | S36: =Source!X24 -> 1669.96 | T36: =Source!X25 -> 10003.02 | U36: =Source!Y24 -> 1012.1 | V36: =Source!Y25 -> 6062.44
D37: ="Объем: "&Source!I24&"=103,5/"&"100" -> Объем: 1,035=103,5/100
D38: Зарплата рабочих | G38: =Source!AO24 -> 1525.29 | H38: =Source!S24 -> 1578.68 | I38: =IF(Source!BA25<> 0, Source!BA25, 1) -> 5.99 | J38: =Source!S25 -> 9456.26 | R38: =H38 -> 1578.68
D39: Эксплуатация машин | G39: =Source!AM24 -> 241.95 | H39: =Source!Q24 -> 250.42 | I39: =IF(Source!BB25<> 0, Source!BB25, 1) -> 5.99 | J39: =Source!Q25 -> 1500.01
D40: в т.ч. зарплата машинистов | G40: =Source!AN24 -> 104.49 | H40: =Source!R24 -> 108.15 | I40: =IF(Source!BS25<> 0, Source!BS25, 1) -> 5.99 | J40: =Source!R25 -> 647.8 | R40: =H40 -> 108.15
D41: НР от ФОТ | E41: % | G41: =Source!AT24 -> 99 | H41: =SUM(S36:S40) -> 1669.96 | J41: =SUM(T36:T40) -> 10003.02
D42: СП от ФОТ | E42: % | G42: =Source!AU24 -> 60 | H42: =SUM(U36:U41) -> 1012.1 | J42: =SUM(V36:V41) -> 6062.44
D43: ЗТР | E43: чел-ч | F43: =Source!AQ24 -> 188.54 | H43: =Source!U25 -> 195.1389
G44: =Source!P24+Source!Q24+Source!S24+SUM(H41:H42) -> 4511.16 | I44: =Source!P25+Source!Q25+Source!S25+SUM(J41:J42) -> 27021.73 | O44: =G44 -> 4511.16 | P44: =I44 -> 27021.73
A45: 2 | B45: =Source!E26 -> 2 | C45: =Source!F26 -> 10-01-034-08 | D45: =Source!G26 -> Установка в жилых и общественных зданиях оконных блоков из ПВХ профилей поворотных (откидных, поворотно-откидных) с площадью проема более 2 м2 трехстворчатых, в том числе при наличии створок глухого остекления | E45: =Source!H26 -> 100 м2 | F45: =Source!I26 -> 1.035 | G45: =IF(Source!AK26<> 0, Source!AK26,Source!AL26 + Source!AM26 + Source!AO26) -> 10107.89 | I45: =Source!BO27 | S45: =Source!X26 -> 1485.45 | T45: =Source!X27 -> 8897.86 | U45: =Source!Y26 -> 756.74 | V45: =Source!Y27 -> 4532.87
D46: ="Объем: "&Source!I26&"=103,5/"&"100" -> Объем: 1,035=103,5/100
D47: Зарплата рабочих | G47: =Source!AO26 -> 1303.66 | H47: =Source!S26 -> 1349.29 | I47: =IF(Source!BA27<> 0, Source!BA27, 1) -> 5.99 | J47: =Source!S27 -> 8082.24 | R47: =H47 -> 1349.29
D48: Эксплуатация машин | G48: =Source!AM26 -> 255.21 | H48: =Source!Q26 -> 264.14 | I48: =IF(Source!BB27<> 0, Source!BB27, 1) -> 5.99 | J48: =Source!Q27 -> 1582.21
D49: в т.ч. зарплата машинистов | G49: =Source!AN26 -> 50.32 | H49: =Source!R26 -> 52.08 | I49: =IF(Source!BS27<> 0, Source!BS27, 1) -> 5.99 | J49: =Source!R27 -> 311.97 | R49: =H49 -> 52.08
D50: Материальные ресурсы | G50: =Source!AL26 -> 8549.02 | H50: =Source!P26 -> 8848.24 | I50: =IF(Source!BC27<> 0, Source!BC27, 1) -> 5.99 | J50: =Source!P27 -> 53000.93
A51: 3 | B51: =Source!E28 -> 2,1 | C51: =Source!F28 -> 11.3.02.03 | D51: =Source!G28 -> Блоки оконные пластиковые | E51: =Source!H28 -> м2 | F51: =Source!I28 -> 103.5 | G51: =Source!AK28 -> 0 | H51: =Source!O28 -> 0 | I51: =IF(Source!BC29<> 0, Source!BC29, 1) -> 5.99 | J51: =Source!O29 -> 0 | S51: =Source!X28 -> 0 | T51: =Source!X29 -> 0 | U51: =Source!Y28 -> 0 | V51: =Source!Y29 -> 0
A52: 4 | B52: =Source!E30 -> 2,2 | C52: =Source!F30 -> 11.3.02.01-0021 | D52: =Source!G30 -> Блок оконный пластиковый с 6-ю глухими створками остекления, с 2-мя поворотно-откидными створками, 5-ти камерным стеклопакетом (42 мм), площадью более 3,5 м2 | E52: =Source!H30 -> м2 | F52: =Source!I30 -> 103.5 | G52: =Source!AK30 -> 2074.38 | H52: =Source!O30 -> 214698.33 | I52: =IF(Source!BC31<> 0, Source!BC31, 1) -> 5.99 | J52: =Source!O31 -> 1286043 | S52: =Source!X30 -> 0 | T52: =Source!X31 -> 0 | U52: =Source!Y30 -> 0 | V52: =Source!Y31 -> 0
D53: НР от ФОТ | E53: % | G53: =Source!AT26 -> 106 | H53: =SUM(S45:S52) -> 1485.45 | J53: =SUM(T45:T52) -> 8897.86
D54: СП от ФОТ | E54: % | G54: =Source!AU26 -> 54 | H54: =SUM(U45:U53) -> 756.74 | J54: =SUM(V45:V53) -> 4532.87
D55: ЗТР | E55: чел-ч | F55: =Source!AQ26 -> 149.16 | H55: =Source!U27 -> 154.3806
G56: =Source!P26+Source!Q26+Source!S26+SUM(H51:H54) -> 227402.19 | I56: =Source!P27+Source!Q27+Source!S27+SUM(J51:J54) -> 1362139.1 | O56: =G56 -> 227402.19 | P56: =I56 -> 1362139.1
A57: 5 | B57: =Source!E32 -> 3 | C57: =Source!F32 -> 10-01-035-03 | D57: =Source!G32 -> Установка подоконных досок из ПВХ в каменных стенах толщиной свыше 0,51 м | E57: =Source!H32 -> 100 м | F57: =Source!I32 -> 0.207 | G57: =IF(Source!AK32<> 0, Source!AK32,Source!AL32 + Source!AM32 + Source!AO32) -> 6481.17 | I57: =Source!BO33 | S57: =Source!X32 -> 40.99 | T57: =Source!X33 -> 245.52 | U57: =Source!Y32 -> 20.88 | V57: =Source!Y33 -> 125.07
D58: ="Объем: "&Source!I32&"=20,7/"&"100" -> Объем: 0,207=20,7/100
D59: Зарплата рабочих | G59: =Source!AO32 -> 182.37 | H59: =Source!S32 -> 37.75 | I59: =IF(Source!BA33<> 0, Source!BA33, 1) -> 5.99 | J59: =Source!S33 -> 226.13 | R59: =H59 -> 37.75
D60: Эксплуатация машин | G60: =Source!AM32 -> 21.9 | H60: =Source!Q32 -> 4.53 | I60: =IF(Source!BB33<> 0, Source!BB33, 1) -> 5.99 | J60: =Source!Q33 -> 27.15
D61: в т.ч. зарплата машинистов | G61: =Source!AN32 -> 4.43 | H61: =Source!R32 -> 0.92 | I61: =IF(Source!BS33<> 0, Source!BS33, 1) -> 5.99 | J61: =Source!R33 -> 5.49 | R61: =H61 -> 0.92
D62: Материальные ресурсы | G62: =Source!AL32 -> 6276.9 | H62: =Source!P32 -> 1299.32 | I62: =IF(Source!BC33<> 0, Source!BC33, 1) -> 5.99 | J62: =Source!P33 -> 7782.92
A63: 6 | B63: =Source!E34 -> 3,1 | C63: =Source!F34 -> 11.3.03.01-0010 | D63: =Source!G34 -> Доски подоконные ПВХ, шириной 500 мм | E63: =Source!H34 -> м | F63: =Source!I34 -> 20.7 | G63: =Source!AK34 -> 64.35 | H63: =Source!O34 -> 1332.05 | I63: =IF(Source!BC35<> 0, Source!BC35, 1) -> 5.99 | J63: =Source!O35 -> 7978.95 | S63: =Source!X34 -> 0 | T63: =Source!X35 -> 0 | U63: =Source!Y34 -> 0 | V63: =Source!Y35 -> 0
D64: НР от ФОТ | E64: % | G64: =Source!AT32 -> 106 | H64: =SUM(S57:S63) -> 40.99 | J64: =SUM(T57:T63) -> 245.52
D65: СП от ФОТ | E65: % | G65: =Source!AU32 -> 54 | H65: =SUM(U57:U64) -> 20.88 | J65: =SUM(V57:V64) -> 125.07
D66: ЗТР | E66: чел-ч | F66: =Source!AQ32 -> 21.38 | H66: =Source!U33 -> 4.42566
G67: =Source!P32+Source!Q32+Source!S32+SUM(H63:H65) -> 2735.52 | I67: =Source!P33+Source!Q33+Source!S33+SUM(J63:J65) -> 16385.74 | O67: =G67 -> 2735.52 | P67: =I67 -> 16385.74
A68: 7 | B68: =Source!E36 -> 4 | C68: =Source!F36 -> 58-20-1 | D68: =Source!G36 -> Смена обделок из листовой стали (поясков, сандриков, отливов, карнизов) шириной до 0,4 м | E68: =Source!H36 -> 100 м | F68: =Source!I36 -> 0.207 | G68: =IF(Source!AK36<> 0, Source!AK36,Source!AL36 + Source!AM36 + Source!AO36) -> 454.41 | I68: =Source!BO37 | S68: =Source!X36 -> 60.96 | T68: =Source!X37 -> 365.11 | U68: =Source!Y36 -> 47.74 | V68: =Source!Y37 -> 285.93
D69: ="Объем: "&Source!I36&"=20,7/"&"100" -> Объем: 0,207=20,7/100
D70: Зарплата рабочих | G70: =Source!AO36 -> 353.23 | H70: =Source!S36 -> 73.12 | I70: =IF(Source!BA37<> 0, Source!BA37, 1) -> 5.99 | J70: =Source!S37 -> 437.98 | R70: =H70 -> 73.12
D71: Эксплуатация машин | G71: =Source!AM36 -> 5.13 | H71: =Source!Q36 -> 1.06 | I71: =IF(Source!BB37<> 0, Source!BB37, 1) -> 5.99 | J71: =Source!Q37 -> 6.36
D72: в т.ч. зарплата машинистов | G72: =Source!AN36 -> 1.54 | H72: =Source!R36 -> 0.32 | I72: =IF(Source!BS37<> 0, Source!BS37, 1) -> 5.99 | J72: =Source!R37 -> 1.91 | R72: =H72 -> 0.32
D73: Материальные ресурсы | G73: =Source!AL36 -> 96.05 | H73: =Source!P36 -> 19.88 | I73: =IF(Source!BC37<> 0, Source!BC37, 1) -> 5.99 | J73: =Source!P37 -> 119.1
A74: 8 | B74: =Source!E38 -> 4,1 | C74: =Source!F38 -> 01.7.07.07 | D74: =Source!G38 -> Строительный мусор | E74: =Source!H38 -> т | F74: =Source!I38 -> 0.046368 | G74: =Source!AK38 -> 0 | H74: =Source!O38 -> 0 | I74: =IF(Source!BC39<> 0, Source!BC39, 1) -> 5.99 | J74: =Source!O39 -> 0 | S74: =Source!X38 -> 0 | T74: =Source!X39 -> 0 | U74: =Source!Y38 -> 0 | V74: =Source!Y39 -> 0
A75: 9 | B75: =Source!E40 -> 4,2 | C75: =Source!F40 -> 08.3.05.05 | D75: =Source!G40 -> Сталь листовая оцинкованная | E75: =Source!H40 -> т | F75: =Source!I40 -> 0.038088 | G75: =Source!AK40 -> 0 | H75: =Source!O40 -> 0 | I75: =IF(Source!BC41<> 0, Source!BC41, 1) -> 5.99 | J75: =Source!O41 -> 0 | S75: =Source!X40 -> 0 | T75: =Source!X41 -> 0 | U75: =Source!Y40 -> 0 | V75: =Source!Y41 -> 0
A76: 10 | B76: =Source!E42 -> 4,3 | C76: =Source!F42 -> 08.3.05.05-0081 | D76: =Source!G42 -> Сталь оцинкованная в рулонах толщиной 0,5 мм, с полимерным покрытием | E76: =Source!H42 -> т | F76: =Source!I42 -> 0.038088 | G76: =Source!AK42 -> 8715.1 | H76: =Source!O42 -> 331.94 | I76: =IF(Source!BC43<> 0, Source!BC43, 1) -> 5.99 | J76: =Source!O43 -> 1988.32 | S76: =Source!X42 -> 0 | T76: =Source!X43 -> 0 | U76: =Source!Y42 -> 0 | V76: =Source!Y43 -> 0
A77: 11 | B77: =Source!E44 -> 4,4 | C77: =Source!F44 -> 08.1.02.03-0021 | D77: =Source!G44 -> Водоотлив оконный шириной планки 250 мм из оцинкованной стали с полимерным покрытием | E77: =Source!H44 -> П.М | F77: =Source!I44 -> 20.7 | G77: =Source!AK44 -> 26.41 | H77: =Source!O44 -> 546.69 | I77: =IF(Source!BC45<> 0, Source!BC45, 1) -> 5.99 | J77: =Source!O45 -> 3274.66 | S77: =Source!X44 -> 0 | T77: =Source!X45 -> 0 | U77: =Source!Y44 -> 0 | V77: =Source!Y45 -> 0
D78: НР от ФОТ | E78: % | G78: =Source!AT36 -> 83 | H78: =SUM(S68:S77) -> 60.96 | J78: =SUM(T68:T77) -> 365.11
D79: СП от ФОТ | E79: % | G79: =Source!AU36 -> 65 | H79: =SUM(U68:U78) -> 47.74 | J79: =SUM(V68:V78) -> 285.93
D80: ЗТР | E80: чел-ч | F80: =Source!AQ36 -> 41.41 | H80: =Source!U37 -> 8.57187
G81: =Source!P36+Source!Q36+Source!S36+SUM(H74:H79) -> 1081.39 | I81: =Source!P37+Source!Q37+Source!S37+SUM(J74:J79) -> 6477.46 | O81: =G81 -> 1081.39 | P81: =I81 -> 6477.46
A82: 12 | B82: =Source!E46 -> 5 | C82: =Source!F46 -> 61-2-7 | D82: =Source!G46 -> Ремонт штукатурки внутренних стен по камню и бетону цементно-известковым раствором, площадью отдельных мест до 1 м2 толщиной слоя до 20 мм | E82: =Source!H46 -> 100 м2 | F82: =Source!I46 -> 0.2628 | G82: =IF(Source!AK46<> 0, Source!AK46,Source!AL46 + Source!AM46 + Source!AO46) -> 3184.37 | I82: =Source!BO47 | S82: =Source!X46 -> 421.92 | T82: =Source!X47 -> 2527.27 | U82: =Source!Y46 -> 267.04 | V82: =Source!Y47 -> 1599.54
D83: ="Объем: "&Source!I46&"=26,28/"&"100" -> Объем: 0,2628=26,28/100
D84: Зарплата рабочих | G84: =Source!AO46 -> 2023.18 | H84: =Source!S46 -> 531.69 | I84: =IF(Source!BA47<> 0, Source!BA47, 1) -> 5.99 | J84: =Source!S47 -> 3184.83 | R84: =H84 -> 531.69
D85: Эксплуатация машин | G85: =Source!AM46 -> 20.94 | H85: =Source!Q46 -> 5.5 | I85: =IF(Source!BB47<> 0, Source!BB47, 1) -> 5.99 | J85: =Source!Q47 -> 32.96
D86: в т.ч. зарплата машинистов | G86: =Source!AN46 -> 9.05 | H86: =Source!R46 -> 2.38 | I86: =IF(Source!BS47<> 0, Source!BS47, 1) -> 5.99 | J86: =Source!R47 -> 14.25 | R86: =H86 -> 2.38
D87: Материальные ресурсы | G87: =Source!AL46 -> 1140.25 | H87: =Source!P46 -> 299.66 | I87: =IF(Source!BC47<> 0, Source!BC47, 1) -> 5.99 | J87: =Source!P47 -> 1794.95
A88: 13 | B88: =Source!E48 -> 5,1 | C88: =Source!F48 -> 01.7.07.07 | D88: =Source!G48 -> Строительный мусор | E88: =Source!H48 -> т | F88: =Source!I48 -> 0.888264 | G88: =Source!AK48 -> 0 | H88: =Source!O48 -> 0 | I88: =IF(Source!BC49<> 0, Source!BC49, 1) -> 5.99 | J88: =Source!O49 -> 0 | S88: =Source!X48 -> 0 | T88: =Source!X49 -> 0 | U88: =Source!Y48 -> 0 | V88: =Source!Y49 -> 0
D89: НР от ФОТ | E89: % | G89: =Source!AT46 -> 79 | H89: =SUM(S82:S88) -> 421.92 | J89: =SUM(T82:T88) -> 2527.27
D90: СП от ФОТ | E90: % | G90: =Source!AU46 -> 50 | H90: =SUM(U82:U89) -> 267.04 | J90: =SUM(V82:V89) -> 1599.54
D91: ЗТР | E91: чел-ч | F91: =Source!AQ46 -> 228.35 | H91: =Source!U47 -> 60.01038
G92: =Source!P46+Source!Q46+Source!S46+SUM(H88:H90) -> 1525.81 | I92: =Source!P47+Source!Q47+Source!S47+SUM(J88:J90) -> 9139.55 | O92: =G92 -> 1525.81 | P92: =I92 -> 9139.55
A93: 14 | B93: =Source!E50 -> 6 | C93: =Source!F50 -> 62-16-4 | D93: =Source!G50 -> Окрашивание водоэмульсионными составами поверхностей стен, ранее окрашенных водоэмульсионной краской с расчисткой старой краски более 35% | E93: =Source!H50 -> 100 м2 | F93: =Source!I50 -> 0.2628 | G93: =IF(Source!AK50<> 0, Source!AK50,Source!AL50 + Source!AM50 + Source!AO50) -> 759.03 | I93: =Source!BO51 | S93: =Source!X50 -> 54.2 | T93: =Source!X51 -> 324.65 | U93: =Source!Y50 -> 33.88 | V93: =Source!Y51 -> 202.91
D94: ="Объем: "&Source!I50&"=26,28/"&"100" -> Объем: 0,2628=26,28/100
D95: Зарплата рабочих | G95: =Source!AO50 -> 255.74 | H95: =Source!S50 -> 67.21 | I95: =IF(Source!BA51<> 0, Source!BA51, 1) -> 5.99 | J95: =Source!S51 -> 402.58 | R95: =H95 -> 67.21
D96: Эксплуатация машин | G96: =Source!AM50 -> 7.07 | H96: =Source!Q50 -> 1.86 | I96: =IF(Source!BB51<> 0, Source!BB51, 1) -> 5.99 | J96: =Source!Q51 -> 11.13
D97: в т.ч. зарплата машинистов | G97: =Source!AN50 -> 2.05 | H97: =Source!R50 -> 0.54 | I97: =IF(Source!BS51<> 0, Source!BS51, 1) -> 5.99 | J97: =Source!R51 -> 3.23 | R97: =H97 -> 0.54
D98: Материальные ресурсы | G98: =Source!AL50 -> 496.22 | H98: =Source!P50 -> 130.41 | I98: =IF(Source!BC51<> 0, Source!BC51, 1) -> 5.99 | J98: =Source!P51 -> 781.14
A99: 15 | B99: =Source!E52 -> 6,1 | C99: =Source!F52 -> 14.3.02.01 | D99: =Source!G52 -> Краска водоэмульсионная | E99: =Source!H52 -> т | F99: =Source!I52 -> 0.018659 | G99: =Source!AK52 -> 0 | H99: =Source!O52 -> 0 | I99: =IF(Source!BC53<> 0, Source!BC53, 1) -> 5.99 | J99: =Source!O53 -> 0 | S99: =Source!X52 -> 0 | T99: =Source!X53 -> 0 | U99: =Source!Y52 -> 0 | V99: =Source!Y53 -> 0
A100: 16 | B100: =Source!E54 -> 6,2 | C100: =Source!F54 -> 14.3.02.01-0223 | D100: =Source!G54 -> Краска водоэмульсионная для внутренних работ ВАК-15 | E100: =Source!H54 -> т | F100: =Source!I54 -> 0.01866 | G100: =Source!AK54 -> 19973.67 | H100: =Source!O54 -> 372.71 | I100: =IF(Source!BC55<> 0, Source!BC55, 1) -> 5.99 | J100: =Source!O55 -> 2232.53 | S100: =Source!X54 -> 0 | T100: =Source!X55 -> 0 | U100: =Source!Y54 -> 0 | V100: =Source!Y55 -> 0
D101: НР от ФОТ | E101: % | G101: =Source!AT50 -> 80 | H101: =SUM(S93:S100) -> 54.2 | J101: =SUM(T93:T100) -> 324.65
D102: СП от ФОТ | E102: % | G102: =Source!AU50 -> 50 | H102: =SUM(U93:U101) -> 33.88 | J102: =SUM(V93:V101) -> 202.91
D103: ЗТР | E103: чел-ч | F103: =Source!AQ50 -> 29.6 | H103: =Source!U51 -> 7.77888
G104: =Source!P50+Source!Q50+Source!S50+SUM(H99:H102) -> 660.27 | I104: =Source!P51+Source!Q51+Source!S51+SUM(J99:J102) -> 3954.94 | O104: =G104 -> 660.27 | P104: =I104 -> 3954.94
...

Sheet Макет форма-3
A1: =Source!B1 -> Smeta.RU (495) 974-1589 | H1: Унифицированная форма № КС-3
H2: Утверждена постановлением Госкомстата России
H3: от 11.11.99. № 100
K4: Коды
I5: Форма по ОКУД | K5: 322001
A6: Инвестор | J6: по ОКПО
C7: организация, адрес, телефон, факс
A8: Заказчик (генподрядчик) | J8: по ОКПО
C9: организация, адрес, телефон, факс
A10: Подрядчик (субподрядчик) | J10: по ОКПО
C11: организация, адрес, телефон, факс
A12: Стройка | J12: по ОКПО
C13: наименование, адрес | H13: Вид деятельности по ОКДП
E14: Договор подряда (контракт) | I14: номер
I15: дата
I16: Вид операции
C19: Номер документа | E19: Дата составления | I19: Отчетный период
I20: с | K20: по
A24: СПРАВКА
A25: СТОИМОСТИ ВЫПОЛНЕННЫХ РАБОТ И ЗАТРАТ
A28: № п/п | B28: Наименование пусковых комплексов, объектов, видов работ, оборудования, затрат | F28: Код | G28: Стоимость выполненных работ и затрат
G29: с начала проведения работ | I29: с начала года по отчетный период включительно | K29: в том числе за отчетный месяц
A33: 1 | B33: 2 | F33: 3 | G33: 4 | I33: 5 | K33: 6
B34: Всего работ и затрат, включаемых в стоимость
B35: В том числе:
A36: Итого
A37: Сумма НДС
A38: Всего с учетом НДС
A42: Заказчик (генподрядчик)
C43: должность | G43: подпись | J43: расшифровка подпись
A45: МП
A49: Подрядчик (субподрядчик)
C50: должность | G50: подпись | J50: расшифровка подпись
A52: МП

Sheet Source
A1: 0 | B1: Smeta.RU (495) 974-1589 | D1: _PS_ | F1: 0 | G1: 0 | H1: 0 | I1: Smeta.RU | J1: НИЯУ МИФИ Доп. раб. место MCCS-0027251 | K1: 0 | L1: 27251 | M1: 10
A12: 1 | B12: 174 | C12: 0 | D12: =ROW(A108) -> 108 | E12: 0 | F12: Новый объект_(Копия)_(Копия) | G12: Капитальный ремонт окооных проемов в библиотекеучебного корпуса ДИТИ НИЯУ МИФИ_ | I12: 0 | K12: 0 | O12: 0 | P12: 0 | Q12: 0 | R12: 0 | S12: 0 | V12: 0 | BH12: Сметные нормы списания | BI12: Коды ценников | BJ12: 1 | BK12: 1 | BL12: 0 | BM12: 0 | BN12: 1 | BO12: 0 | BP12: 6 | BQ12: 2 | BR12: 1 | BS12: 1 | BT12: 0 | BU12: 0 | BV12: 0 | BW12: 0 | BX12: 0 | BY12: ФЕР-2017 | BZ12: ТР для Версии 10: Центральные регионы (с учетом п-ма 2536-ИП/12/ГС от 22.03.2017 г | CA12: ФЕР-2017 | CB12: ФЕР-2017 | CC12: ФЕР-2017 | CD12: ФЕР-2017 | CE12: Поправки для ГСН 2017 от 31.03.2017 г | CF12: 0 | CG12: 0 | CH12: 524296 | CK12: 0 | EC12: 0
A15: 15 | B15: 1
A18: 52 | B18: =B108 -> 174 | C18: =C108 -> 1 | D18: =D108 -> 12 | E18: =E108 -> 0 | F18: =F108 -> Новый объект_(Копия)_(Копия) | G18: =G108 -> Капитальный ремонт окооных проемов в библиотекеучебного корпуса ДИТИ НИЯУ МИФИ_ | O18: =O108 -> 232998.25 | P18: =P108 -> 228447.37 | Q18: =Q108 -> 529.56 | R18: =R108 -> 164.69 | S18: =S108 -> 4021.32 | T18: =T108 -> 0 | U18: =U108 -> 474.07653 | V18: =V108 -> 12.734424 | ... GX18: =GX108 -> 0
A20: 3 | B20: 1 | D20: =ROW(A71) -> 71 | F20: Новая локальная смета | G20: Новая локальная смета | I20: 0 | K20: 0 | V20: 0 | BX20: 0 | CF20: 0 | CG20: 0
A22: 52 | B22: =B71 -> 1 | C22: =C71 -> 3 | D22: =D71 -> 20 | E22: =E71 -> 0 | F22: =F71 -> Новая локальная смета | G22: =G71 -> Новая локальная смета | O22: =O71 -> 232998.25 | P22: =P71 -> 228447.37 | Q22: =Q71 -> 529.56 | R22: =R71 -> 164.69 | S22: =S71 -> 4021.32 | T22: =T71 -> 0 | U22: =U71 -> 474.07653 | V22: =V71 -> 12.734424 | ... GX22: =GX71 -> 0
A24: 17 | B24: 1 | C24: =ROW(SmtRes!A3) -> 3 | D24: =ROW(EtalonRes!A3) -> 3 | E24: 1 | F24: 46-04-012-01 | G24: Разборка деревянных заполнений проемов оконных с подоконными досками | H24: 100 м2 | I24: =ROUND(103.5/100,9) -> 1.035 | J24: 0 | O24: =ROUND(CP24,2) -> 1829.1 | P24: =ROUND(CQ24*I24,2) -> 0 | Q24: =ROUND(CR24*I24,2) -> 250.42 | R24: =ROUND(CS24*I24,2) -> 108.15 | S24: =ROUND(CT24*I24,2) -> 1578.68 | T24: =ROUND(CU24*I24,2) -> 0 | U24: =CV24*I24 -> 195.1389 | V24: =CW24*I24 -> 8.0109 | W24: =ROUND(CX24*I24,2) -> 0 | X24: =ROUND(CY24,2) -> 1669.96 | Y24: =ROUND(CZ24,2) -> 1012.1 | AA24: 16481626 | AB24: =ROUND((AC24+AD24+AF24),6) -> 1767.24 | AC24: =ROUND((ES24),6) -> 0 | AD24: =ROUND((((ET24)-(EU24))+AE24),6) -> 241.95 | AE24: =ROUND((EU24),6) -> 104.49 | AF24: =ROUND((EV24),6) -> 1525.29 | AG24: =ROUND((AP24),6) -> 0 | AH24: =(EW24) -> 188.54 | AI24: =(EX24) -> 7.74 | AJ24: =ROUND((AS24),6) -> 0 | AK24: 1767.24 | AL24: 0 | AM24: 241.95 | AN24: 104.49 | AO24: 1525.29 | AP24: 0 | AQ24: 188.54 | AR24: 7.74 | AS24: 0 | AT24: 99 | AU24: 60 | AV24: 1 | AW24: 1 | AZ24: 1 | BA24: 1 | BB24: 1 | BC24: 1 | BH24: 0 | BI24: 1 | BJ24: ФЕР-2001, 46-04-012-01, приказ Минстроя России №1039/пр от 30.12.2016г. | BM24: 46001 | BN24: 0 | BP24: 0 | BQ24: 2 | BR24: 0 | BS24: 1 | BT24: 1 | BU24: 1 | BV24: 1 | BW24: 1 | BX24: 1 | BZ24: 110 | CA24: 70 | CF24: 0 | CG24: 0 | CM24: 0 | CO24: 0 | CP24: =(P24+Q24+S24) -> 1829.1 | CQ24: =AC24*BC24 -> 0 | CR24: =AD24*BB24 -> 241.95 | CS24: =AE24*BS24 -> 104.49 | CT24: =AF24*BA24 -> 1525.29 | CU24: =AG24 -> 0 | CV24: =AH24 -> 188.54 | CW24: =AI24 -> 7.74 | CX24: =AJ24 -> 0 | CY24: =(((S24+R24)*AT24)/100) -> 1669.9617 | CZ24: =(((S24+R24)*AU24)/100) -> 1012.098 | DN24: 0 | DO24: 0 | DP24: 1 | DQ24: 1 | DU24: 1005 | DV24: 100 м2 | DW24: 100 м2 | DX24: 100 | EE24: 15139168 | EF24: 2 | EG24: Общестроительные работы | EH24: 0 | EJ24: 1 | EK24: 46001 | EL24: Реконструкция зданий и сооружений | EM24: ФЕР-46 | EQ24: 0 | ER24: 1767.24 | ES24: 0 | ET24: 241.95 | EU24: 104.49 | EV24: 1525.29 | EW24: 188.54 | EX24: 7.74 | EY24: 0 | FQ24: 0 | FR24: =ROUND(IF(AND(BH24=3,BI24=3),P24,0),2) -> 0 | FS24: 0 | FT24: *0,9 | FU24: *0,85 | FX24: 99 | FY24: 59.5 | GD24: 0 | GF24: 1630687704 | GG24: 2 | GH24: 1 | GI24: -2 | GJ24: 0 | GK24: =ROUND(R24*(R12)/100,2) -> 0 | GL24: =ROUND(IF(AND(BH24=3,BI24=3,FS24<>0),P24,0),2) -> 0 | GM24: =ROUND(O24+X24+Y24+GK24,2)+GX24 -> 4511.16 | GN24: =IF(OR(BI24=0,BI24=1),ROUND(O24+X24+Y24+GK24,2),0) -> 4511.16 | GO24: =IF(BI24=2,ROUND(O24+X24+Y24+GK24,2),0) -> 0 | GP24: =IF(BI24=4,ROUND(O24+X24+Y24+GK24,2)+GX24,0) -> 0 | GR24: 0 | GS24: 3 | GT24: 0 | GV24: =ROUND(GT24,6) -> 0 | GW24: 1 | GX24: =ROUND(GV24*GW24*I24,2) -> 0 | HA24: 0 | HB24: 0 | IK24: 0
A25: 17 | B25: 1 | C25: =ROW(SmtRes!A6) -> 6 | D25: =ROW(EtalonRes!A6) -> 6 | E25: 1 | F25: 46-04-012-01 | G25: Разборка деревянных заполнений проемов оконных с подоконными досками | H25: 100 м2 | I25: =ROUND(103.5/100,9) -> 1.035 | J25: 0 | O25: =ROUND(CP25,2) -> 10956.27 | P25: =ROUND(CQ25*I25,2) -> 0 | Q25: =ROUND(CR25*I25,2) -> 1500.01 | R25: =ROUND(CS25*I25,2) -> 647.8 | S25: =ROUND(CT25*I25,2) -> 9456.26 | T25: =ROUND(CU25*I25,2) -> 0 | U25: =CV25*I25 -> 195.1389 | V25: =CW25*I25 -> 8.0109 | W25: =ROUND(CX25*I25,2) -> 0 | X25: =ROUND(CY25,2) -> 10003.02 | Y25: =ROUND(CZ25,2) -> 6062.44 | AA25: 16481627 | AB25: =ROUND((AC25+AD25+AF25),6) -> 1767.24 | AC25: =ROUND((ES25),6) -> 0 | AD25: =ROUND((((ET25)-(EU25))+AE25),6) -> 241.95 | AE25: =ROUND((EU25),6) -> 104.49 | AF25: =ROUND((EV25),6) -> 1525.29 | AG25: =ROUND((AP25),6) -> 0 | AH25: =(EW25) -> 188.54 | AI25: =(EX25) -> 7.74 | AJ25: =ROUND((AS25),6) -> 0 | AK25: 1767.24 | AL25: 0 | AM25: 241.95 | AN25: 104.49 | AO25: 1525.29 | AP25: 0 | AQ25: 188.54 | AR25: 7.74 | AS25: 0 | AT25: 99 | AU25: 60 | AV25: 1 | AW25: 1 | AZ25: 5.99 | BA25: 5.99 | BB25: 5.99 | BC25: 5.99 | BH25: 0 | BI25: 1 | BJ25: ФЕР-2001, 46-04-012-01, приказ Минстроя России №1039/пр от 30.12.2016г. | BM25: 46001 | BN25: 0 | BP25: 0 | BQ25: 2 | BR25: 0 | BS25: 5.99 | BT25: 1 | BU25: 1 | BV25: 1 | BW25: 1 | BX25: 1 | BZ25: 110 | CA25: 70 | CF25: 0 | CG25: 0 | CM25: 0 | CO25: 0 | CP25: =(P25+Q25+S25) -> 10956.27 | CQ25: =AC25*BC25 -> 0 | CR25: =AD25*BB25 -> 1449.2805 | CS25: =AE25*BS25 -> 625.8951 | CT25: =AF25*BA25 -> 9136.4871 | CU25: =AG25 -> 0 | CV25: =AH25 -> 188.54 | CW25: =AI25 -> 7.74 | CX25: =AJ25 -> 0 | CY25: =(((S25+R25)*AT25)/100) -> 10003.019 | CZ25: =(((S25+R25)*AU25)/100) -> 6062.436 | DN25: 0 | DO25: 0 | DP25: 1 | DQ25: 1 | DU25: 1005 | DV25: 100 м2 | DW25: 100 м2 | DX25: 100 | EE25: 15139168 | EF25: 2 | EG25: Общестроительные работы | EH25: 0 | EJ25: 1 | EK25: 46001 | EL25: Реконструкция зданий и сооружений | EM25: ФЕР-46 | EQ25: 0 | ER25: 1767.24 | ES25: 0 | ET25: 241.95 | EU25: 104.49 | EV25: 1525.29 | EW25: 188.54 | EX25: 7.74 | EY25: 0 | FQ25: 0 | FR25: =ROUND(IF(AND(BH25=3,BI25=3),P25,0),2) -> 0 | FS25: 0 | FT25: *0,9 | FU25: *0,85 | FX25: 99 | FY25: 59.5 | GD25: 0 | GF25: 1630687704 | GG25: 1 | GH25: 1 | GI25: 4 | GJ25: 0 | GK25: =ROUND(R25*(S12)/100,2) -> 0 | GL25: =ROUND(IF(AND(BH25=3,BI25=3,FS25<>0),P25,0),2) -> 0 | GM25: =ROUND(O25+X25+Y25+GK25,2)+GX25 -> 27021.73 | GN25: =IF(OR(BI25=0,BI25=1),ROUND(O25+X25+Y25+GK25,2),0) -> 27021.73 | GO25: =IF(BI25=2,ROUND(O25+X25+Y25+GK25,2),0) -> 0 | GP25: =IF(BI25=4,ROUND(O25+X25+Y25+GK25,2)+GX25,0) -> 0 | GR25: 0 | GS25: 3 | GT25: 0 | GV25: =ROUND(GT25,6) -> 0 | GW25: 1 | GX25: =ROUND(GV25*GW25*I25,2) -> 0 | HA25: 0 | HB25: 0 | IK25: 0
A26: 17 | B26: 1 | C26: =ROW(SmtRes!A18) -> 18 | D26: =ROW(EtalonRes!A17) -> 17 | E26: 2 | F26: 10-01-034-08 | G26: Установка в жилых и общественных зданиях оконных блоков из ПВХ профилей поворотных (откидных, поворотно-откидных) с площадью проема более 2 м2 трехстворчатых, в том числе при наличии створок глухого остекления | H26: 100 м2 | I26: =ROUND(103.5/100,9) -> 1.035 | J26: 0 | O26: =ROUND(CP26,2) -> 10461.67 | P26: =ROUND(CQ26*I26,2) -> 8848.24 | Q26: =ROUND(CR26*I26,2) -> 264.14 | R26: =ROUND(CS26*I26,2) -> 52.08 | S26: =ROUND(CT26*I26,2) -> 1349.29 | T26: =ROUND(CU26*I26,2) -> 0 | U26: =CV26*I26 -> 154.3806 | V26: =CW26*I26 -> 4.37805 | W26: =ROUND(CX26*I26,2) -> 0 | X26: =ROUND(CY26,2) -> 1485.45 | Y26: =ROUND(CZ26,2) -> 756.74 | AA26: 16481626 | AB26: =ROUND((AC26+AD26+AF26),6) -> 10107.89 | AC26: =ROUND((ES26),6) -> 8549.02 | AD26: =ROUND((((ET26)-(EU26))+AE26),6) -> 255.21 | AE26: =ROUND((EU26),6) -> 50.32 | AF26: =ROUND((EV26),6) -> 1303.66 | AG26: =ROUND((AP26),6) -> 0 | AH26: =(EW26) -> 149.16 | AI26: =(EX26) -> 4.23 | AJ26: =ROUND((AS26),6) -> 0 | AK26: 10107.89 | AL26: 8549.02 | AM26: 255.21 | AN26: 50.32 | AO26: 1303.66 | AP26: 0 | AQ26: 149.16 | AR26: 4.23 | AS26: 0 | AT26: 106 | AU26: 54 | AV26: 1 | AW26: 1 | AZ26: 1 | BA26: 1 | BB26: 1 | BC26: 1 | BH26: 0 | BI26: 1 | BJ26: ФЕР-2001, 10-01-034-08, приказ Минстроя России №1039/пр от 30.12.2016г. | BM26: 10001 | BN26: 0 | BP26: 0 | BQ26: 2 | BR26: 0 | BS26: 1 | BT26: 1 | BU26: 1 | BV26: 1 | BW26: 1 | BX26: 1 | BZ26: 118 | CA26: 63 | CF26: 0 | CG26: 0 | CM26: 0 | CO26: 0 | CP26: =(P26+Q26+S26) -> 10461.67 | CQ26: =AC26*BC26 -> 8549.02 | CR26: =AD26*BB26 -> 255.21 | CS26: =AE26*BS26 -> 50.32 | CT26: =AF26*BA26 -> 1303.66 | CU26: =AG26 -> 0 | CV26: =AH26 -> 149.16 | CW26: =AI26 -> 4.23 | CX26: =AJ26 -> 0 | CY26: =(((S26+R26)*AT26)/100) -> 1485.4522 | CZ26: =(((S26+R26)*AU26)/100) -> 756.7398 | DN26: 0 | DO26: 0 | DP26: 1 | DQ26: 1 | DU26: 1005 | DV26: 100 м2 | DW26: 100 м2 | DX26: 100 | EE26: 15139100 | EF26: 2 | EG26: Общестроительные работы | EH26: 0 | EJ26: 1 | EK26: 10001 | EL26: Деревянные конструкции | EM26: ФЕР-10 | EQ26: 0 | ER26: 10107.89 | ES26: 8549.02 | ET26: 255.21 | EU26: 50.32 | EV26: 1303.66 | EW26: 149.16 | EX26: 4.23 | EY26: 0 | FQ26: 0 | FR26: =ROUND(IF(AND(BH26=3,BI26=3),P26,0),2) -> 0 | FS26: 0 | FT26: *0,9 | FU26: *0,85 | FX26: 106.2 | FY26: 53.55 | GD26: 0 | GF26: -330529066 | GG26: 2 | GH26: 1 | GI26: -2 | GJ26: 0 | GK26: =ROUND(R26*(R12)/100,2) -> 0 | GL26: =ROUND(IF(AND(BH26=3,BI26=3,FS26<>0),P26,0),2) -> 0 | GM26: =ROUND(O26+X26+Y26+GK26,2)+GX26 -> 12703.86 | GN26: =IF(OR(BI26=0,BI26=1),ROUND(O26+X26+Y26+GK26,2),0) -> 12703.86 | GO26: =IF(BI26=2,ROUND(O26+X26+Y26+GK26,2),0) -> 0 | GP26: =IF(BI26=4,ROUND(O26+X26+Y26+GK26,2)+GX26,0) -> 0 | GR26: 0 | GS26: 3 | GT26: 0 | GV26: =ROUND(GT26,6) -> 0 | GW26: 1 | GX26: =ROUND(GV26*GW26*I26,2) -> 0 | HA26: 0 | HB26: 0 | IK26: 0
A27: 17 | B27: 1 | C27: =ROW(SmtRes!A30) -> 30 | D27: =ROW(EtalonRes!A28) -> 28 | E27: 2 | F27: 10-01-034-08 | G27: Установка в жилых и общественных зданиях оконных блоков из ПВХ профилей поворотных (откидных, поворотно-откидных) с площадью проема более 2 м2 трехстворчатых, в том числе при наличии створок глухого остекления | H27: 100 м2 | I27: =ROUND(103.5/100,9) -> 1.035 | J27: 0 | O27: =ROUND(CP27,2) -> 62665.38 | P27: =ROUND(CQ27*I27,2) -> 53000.93 | Q27: =ROUND(CR27*I27,2) -> 1582.21 | R27: =ROUND(CS27*I27,2) -> 311.97 | S27: =ROUND(CT27*I27,2) -> 8082.24 | T27: =ROUND(CU27*I27,2) -> 0 | U27: =CV27*I27 -> 154.3806 | V27: =CW27*I27 -> 4.37805 | W27: =ROUND(CX27*I27,2) -> 0 | X27: =ROUND(CY27,2) -> 8897.86 | Y27: =ROUND(CZ27,2) -> 4532.87 | AA27: 16481627 | AB27: =ROUND((AC27+AD27+AF27),6) -> 10107.89 | AC27: =ROUND((ES27),6) -> 8549.02 | AD27: =ROUND((((ET27)-(EU27))+AE27),6) -> 255.21 | AE27: =ROUND((EU27),6) -> 50.32 | AF27: =ROUND((EV27),6) -> 1303.66 | AG27: =ROUND((AP27),6) -> 0 | AH27: =(EW27) -> 149.16 | AI27: =(EX27) -> 4.23 | AJ27: =ROUND((AS27),6) -> 0 | AK27: 10107.89 | AL27: 8549.02 | AM27: 255.21 | AN27: 50.32 | AO27: 1303.66 | AP27: 0 | AQ27: 149.16 | AR27: 4.23 | AS27: 0 | AT27: 106 | AU27: 54 | AV27: 1 | AW27: 1 | AZ27: 5.99 | BA27: 5.99 | BB27: 5.99 | BC27: 5.99 | BH27: 0 | BI27: 1 | BJ27: ФЕР-2001, 10-01-034-08, приказ Минстроя России №1039/пр от 30.12.2016г. | BM27: 10001 | BN27: 0 | BP27: 0 | BQ27: 2 | BR27: 0 | BS27: 5.99 | BT27: 1 | BU27: 1 | BV27: 1 | BW27: 1 | BX27: 1 | BZ27: 118 | CA27: 63 | CF27: 0 | CG27: 0 | CM27: 0 | CO27: 0 | CP27: =(P27+Q27+S27) -> 62665.38 | CQ27: =AC27*BC27 -> 51208.63 | CR27: =AD27*BB27 -> 1528.7079 | CS27: =AE27*BS27 -> 301.4168 | CT27: =AF27*BA27 -> 7808.9234 | CU27: =AG27 -> 0 | CV27: =AH27 -> 149.16 | CW27: =AI27 -> 4.23 | CX27: =AJ27 -> 0 | CY27: =(((S27+R27)*AT27)/100) -> 8897.8626 | CZ27: =(((S27+R27)*AU27)/100) -> 4532.8734 | DN27: 0 | DO27: 0 | DP27: 1 | DQ27: 1 | DU27: 1005 | DV27: 100 м2 | DW27: 100 м2 | DX27: 100 | EE27: 15139100 | EF27: 2 | EG27: Общестроительные работы | EH27: 0 | EJ27: 1 | EK27: 10001 | EL27: Деревянные конструкции | EM27: ФЕР-10 | EQ27: 0 | ER27: 10107.89 | ES27: 8549.02 | ET27: 255.21 | EU27: 50.32 | EV27: 1303.66 | EW27: 149.16 | EX27: 4.23 | EY27: 0 | FQ27: 0 | FR27: =ROUND(IF(AND(BH27=3,BI27=3),P27,0),2) -> 0 | FS27: 0 | FT27: *0,9 | FU27: *0,85 | FX27: 106.2 | FY27: 53.55 | GD27: 0 | GF27: -330529066 | GG27: 1 | GH27: 1 | GI27: 4 | GJ27: 0 | GK27: =ROUND(R27*(S12)/100,2) -> 0 | GL27: =ROUND(IF(AND(BH27=3,BI27=3,FS27<>0),P27,0),2) -> 0 | GM27: =ROUND(O27+X27+Y27+GK27,2)+GX27 -> 76096.11 | GN27: =IF(OR(BI27=0,BI27=1),ROUND(O27+X27+Y27+GK27,2),0) -> 76096.11 | GO27: =IF(BI27=2,ROUND(O27+X27+Y27+GK27,2),0) -> 0 | GP27: =IF(BI27=4,ROUND(O27+X27+Y27+GK27,2)+GX27,0) -> 0 | GR27: 0 | GS27: 3 | GT27: 0 | GV27: =ROUND(GT27,6) -> 0 | GW27: 1 | GX27: =ROUND(GV27*GW27*I27,2) -> 0 | HA27: 0 | HB27: 0 | IK27: 0
A28: 18 | B28: 1 | C28: 16 | E28: 2,1 | F28: 11.3.02.03 | G28: Блоки оконные пластиковые | H28: м2 | I28: =I26*J28 -> 103.5 | J28: 100 | O28: =ROUND(CP28,2) -> 0 | P28: =ROUND(CQ28*I28,2) -> 0 | Q28: =ROUND(CR28*I28,2) -> 0 | R28: =ROUND(CS28*I28,2) -> 0 | S28: =ROUND(CT28*I28,2) -> 0 | T28: =ROUND(CU28*I28,2) -> 0 | U28: =CV28*I28 -> 0 | V28: =CW28*I28 -> 0 | W28: =ROUND(CX28*I28,2) -> 0 | X28: =ROUND(CY28,2) -> 0 | Y28: =ROUND(CZ28,2) -> 0 | AA28: 16481626 | AB28: =ROUND((AC28+AD28+AF28),6) -> 0 | AC28: =ROUND((ES28),6) -> 0 | AD28: =ROUND((((ET28)-(EU28))+AE28),6) -> 0 | AE28: =ROUND((EU28),6) -> 0 | AF28: =ROUND((EV28),6) -> 0 | AG28: =ROUND((AP28),6) -> 0 | AH28: =(EW28) -> 0 | AI28: =(EX28) -> 0 | AJ28: =ROUND((AS28),6) -> 0 | AK28: 0 | AL28: 0 | AM28: 0 | AN28: 0 | AO28: 0 | AP28: 0 | AQ28: 0 | AR28: 0 | AS28: 0 | AT28: 106 | AU28: 54 | AV28: 1 | AW28: 1 | AZ28: 1 | BA28: 1 | BB28: 1 | BC28: 1 | BH28: 3 | BI28: 1 | BM28: 10001 | BN28: 0 | BP28: 0 | BQ28: 2 | BR28: 0 | BS28: 1 | BT28: 1 | BU28: 1 | BV28: 1 | BW28: 1 | BX28: 1 | BZ28: 118 | CA28: 63 | CF28: 0 | CG28: 0 | CM28: 0 | CO28: 0 | CP28: =(P28+Q28+S28) -> 0 | CQ28: =AC28*BC28 -> 0 | CR28: =AD28*BB28 -> 0 | CS28: =AE28*BS28 -> 0 | CT28: =AF28*BA28 -> 0 | CU28: =AG28 -> 0 | CV28: =AH28 -> 0 | CW28: =AI28 -> 0 | CX28: =AJ28 -> 0 | CY28: =(((S28+R28)*AT28)/100) -> 0 | CZ28: =(((S28+R28)*AU28)/100) -> 0 | DN28: 0 | DO28: 0 | DP28: 1 | DQ28: 1 | DU28: 1005 | DV28: м2 | DW28: м2 | DX28: 1 | EE28: 15139100 | EF28: 2 | EG28: Общестроительные работы | EH28: 0 | EJ28: 1 | EK28: 10001 | EL28: Деревянные конструкции | EM28: ФЕР-10 | EQ28: 0 | ER28: 0 | ES28: 0 | ET28: 0 | EU28: 0 | EV28: 0 | EW28: 0 | EX28: 0 | FQ28: 0 | FR28: =ROUND(IF(AND(BH28=3,BI28=3),P28,0),2) -> 0 | FS28: 0 | FT28: *0,9 | FU28: *0,85 | FX28: 106.2 | FY28: 53.55 | GD28: 0 | GF28: 1219964505 | GG28: 2 | GH28: 1 | GI28: -2 | GJ28: 0 | GK28: =ROUND(R28*(R12)/100,2) -> 0 | GL28: =ROUND(IF(AND(BH28=3,BI28=3,FS28<>0),P28,0),2) -> 0 | GM28: =ROUND(O28+X28+Y28+GK28,2)+GX28 -> 0 | GN28: =IF(OR(BI28=0,BI28=1),ROUND(O28+X28+Y28+GK28,2),0) -> 0 | GO28: =IF(BI28=2,ROUND(O28+X28+Y28+GK28,2),0) -> 0 | GP28: =IF(BI28=4,ROUND(O28+X28+Y28+GK28,2)+GX28,0) -> 0 | GR28: 0 | GS28: 3 | GT28: 0 | GV28: =ROUND(GT28,6) -> 0 | GW28: 1 | GX28: =ROUND(GV28*GW28*I28,2) -> 0 | HA28: 0 | HB28: 0 | IK28: 0
A29: 18 | B29: 1 | C29: 28 | E29: 2,1 | F29: 11.3.02.03 | G29: Блоки оконные пластиковые | H29: м2 | I29: =I27*J29 -> 103.5 | J29: 100 | O29: =ROUND(CP29,2) -> 0 | P29: =ROUND(CQ29*I29,2) -> 0 | Q29: =ROUND(CR29*I29,2) -> 0 | R29: =ROUND(CS29*I29,2) -> 0 | S29: =ROUND(CT29*I29,2) -> 0 | T29: =ROUND(CU29*I29,2) -> 0 | U29: =CV29*I29 -> 0 | V29: =CW29*I29 -> 0 | W29: =ROUND(CX29*I29,2) -> 0 | X29: =ROUND(CY29,2) -> 0 | Y29: =ROUND(CZ29,2) -> 0 | AA29: 16481627 | AB29: =ROUND((AC29+AD29+AF29),6) -> 0 | AC29: =ROUND((ES29),6) -> 0 | AD29: =ROUND((((ET29)-(EU29))+AE29),6) -> 0 | AE29: =ROUND((EU29),6) -> 0 | AF29: =ROUND((EV29),6) -> 0 | AG29: =ROUND((AP29),6) -> 0 | AH29: =(EW29) -> 0 | AI29: =(EX29) -> 0 | AJ29: =ROUND((AS29),6) -> 0 | AK29: 0 | AL29: 0 | AM29: 0 | AN29: 0 | AO29: 0 | AP29: 0 | AQ29: 0 | AR29: 0 | AS29: 0 | AT29: 106 | AU29: 54 | AV29: 1 | AW29: 1 | AZ29: 5.99 | BA29: 1 | BB29: 1 | BC29: 5.99 | BH29: 3 | BI29: 1 | BM29: 10001 | BN29: 0 | BP29: 0 | BQ29: 2 | BR29: 0 | BS29: 1 | BT29: 1 | BU29: 1 | BV29: 1 | BW29: 1 | BX29: 1 | BZ29: 118 | CA29: 63 | CF29: 0 | CG29: 0 | CM29: 0 | CO29: 0 | CP29: =(P29+Q29+S29) -> 0 | CQ29: =AC29*BC29 -> 0 | CR29: =AD29*BB29 -> 0 | CS29: =AE29*BS29 -> 0 | CT29: =AF29*BA29 -> 0 | CU29: =AG29 -> 0 | CV29: =AH29 -> 0 | CW29: =AI29 -> 0 | CX29: =AJ29 -> 0 | CY29: =(((S29+R29)*AT29)/100) -> 0 | CZ29: =(((S29+R29)*AU29)/100) -> 0 | DN29: 0 | DO29: 0 | DP29: 1 | DQ29: 1 | DU29: 1005 | DV29: м2 | DW29: м2 | DX29: 1 | EE29: 15139100 | EF29: 2 | EG29: Общестроительные работы | EH29: 0 | EJ29: 1 | EK29: 10001 | EL29: Деревянные конструкции | EM29: ФЕР-10 | EQ29: 0 | ER29: 0 | ES29: 0 | ET29: 0 | EU29: 0 | EV29: 0 | EW29: 0 | EX29: 0 | FQ29: 0 | FR29: =ROUND(IF(AND(BH29=3,BI29=3),P29,0),2) -> 0 | FS29: 0 | FT29: *0,9 | FU29: *0,85 | FX29: 106.2 | FY29: 53.55 | GD29: 0 | GF29: 1219964505 | GG29: 1 | GH29: 1 | GI29: 4 | GJ29: 0 | GK29: =ROUND(R29*(S12)/100,2) -> 0 | GL29: =ROUND(IF(AND(BH29=3,BI29=3,FS29<>0),P29,0),2) -> 0 | GM29: =ROUND(O29+X29+Y29+GK29,2)+GX29 -> 0 | GN29: =IF(OR(BI29=0,BI29=1),ROUND(O29+X29+Y29+GK29,2),0) -> 0 | GO29: =IF(BI29=2,ROUND(O29+X29+Y29+GK29,2),0) -> 0 | GP29: =IF(BI29=4,ROUND(O29+X29+Y29+GK29,2)+GX29,0) -> 0 | GR29: 0 | GS29: 3 | GT29: 0 | GV29: =ROUND(GT29,6) -> 0 | GW29: 1 | GX29: =ROUND(GV29*GW29*I29,2) -> 0 | HA29: 0 | HB29: 0 | IK29: 0
A30: 18 | B30: 1 | C30: 15 | E30: 2,2 | F30: 11.3.02.01-0021 | G30: Блок оконный пластиковый с 6-ю глухими створками остекления, с 2-мя поворотно-откидными створками, 5-ти камерным стеклопакетом (42 мм), площадью более 3,5 м2 | H30: м2 | I30: =I26*J30 -> 103.5 | J30: 100 | O30: =ROUND(CP30,2) -> 214698.33 | P30: =ROUND(CQ30*I30,2) -> 214698.33 | Q30: =ROUND(CR30*I30,2) -> 0 | R30: =ROUND(CS30*I30,2) -> 0 | S30: =ROUND(CT30*I30,2) -> 0 | T30: =ROUND(CU30*I30,2) -> 0 | U30: =CV30*I30 -> 0 | V30: =CW30*I30 -> 0 | W30: =ROUND(CX30*I30,2) -> 0 | X30: =ROUND(CY30,2) -> 0 | Y30: =ROUND(CZ30,2) -> 0 | AA30: 16481626 | AB30: =ROUND((AC30+AD30+AF30),6) -> 2074.38 | AC30: =ROUND((ES30),6) -> 2074.38 | AD30: =ROUND((((ET30)-(EU30))+AE30),6) -> 0 | AE30: =ROUND((EU30),6) -> 0 | AF30: =ROUND((EV30),6) -> 0 | AG30: =ROUND((AP30),6) -> 0 | AH30: =(EW30) -> 0 | AI30: =(EX30) -> 0 | AJ30: =ROUND((AS30),6) -> 0 | AK30: 2074.38 | AL30: 2074.38 | AM30: 0 | AN30: 0 | AO30: 0 | AP30: 0 | AQ30: 0 | AR30: 0 | AS30: 0 | AT30: 106 | AU30: 54 | AV30: 1 | AW30: 1 | AZ30: 1 | BA30: 1 | BB30: 1 | BC30: 1 | BH30: 3 | BI30: 1 | BJ30: ФССЦ-2001, 11.3.02.01-0021, приказ Минстроя России №1039/пр от 30.12.2016г. | BM30: 10001 | BN30: 0 | BP30: 0 | BQ30: 2 | BR30: 0 | BS30: 1 | BT30: 1 | BU30: 1 | BV30: 1 | BW30: 1 | BX30: 1 | BZ30: 118 | CA30: 63 | CF30: 0 | CG30: 0 | CM30: 0 | CO30: 0 | CP30: =(P30+Q30+S30) -> 214698.33 | CQ30: =AC30*BC30 -> 2074.38 | CR30: =AD30*BB30 -> 0 | CS30: =AE30*BS30 -> 0 | CT30: =AF30*BA30 -> 0 | CU30: =AG30 -> 0 | CV30: =AH30 -> 0 | CW30: =AI30 -> 0 | CX30: =AJ30 -> 0 | CY30: =(((S30+R30)*AT30)/100) -> 0 | CZ30: =(((S30+R30)*AU30)/100) -> 0 | DN30: 0 | DO30: 0 | DP30: 1 | DQ30: 1 | DU30: 1005 | DV30: м2 | DW30: м2 | DX30: 1 | EE30: 15139100 | EF30: 2 | EG30: Общестроительные работы | EH30: 0 | EJ30: 1 | EK30: 10001 | EL30: Деревянные конструкции | EM30: ФЕР-10 | EQ30: 0 | ER30: 2074.38 | ES30: 2074.38 | ET30: 0 | EU30: 0 | EV30: 0 | EW30: 0 | EX30: 0 | FQ30: 0 | FR30: =ROUND(IF(AND(BH30=3,BI30=3),P30,0),2) -> 0 | FS30: 0 | FT30: *0,9 | FU30: *0,85 | FX30: 106.2 | FY30: 53.55 | GD30: 0 | GF30: 2097510584 | GG30: 2 | GH30: 1 | GI30: -2 | GJ30: 0 | GK30: =ROUND(R30*(R12)/100,2) -> 0 | GL30: =ROUND(IF(AND(BH30=3,BI30=3,FS30<>0),P30,0),2) -> 0 | GM30: =ROUND(O30+X30+Y30+GK30,2)+GX30 -> 214698.33 | GN30: =IF(OR(BI30=0,BI30=1),ROUND(O30+X30+Y30+GK30,2),0) -> 214698.33 | GO30: =IF(BI30=2,ROUND(O30+X30+Y30+GK30,2),0) -> 0 | GP30: =IF(BI30=4,ROUND(O30+X30+Y30+GK30,2)+GX30,0) -> 0 | GR30: 0 | GS30: 3 | GT30: 0 | GV30: =ROUND(GT30,6) -> 0 | GW30: 1 | GX30: =ROUND(GV30*GW30*I30,2) -> 0 | HA30: 0 | HB30: 0 | IK30: 0
A31: 18 | B31: 1 | C31: 27 | E31: 2,2 | F31: 11.3.02.01-0021 | G31: Блок оконный пластиковый с 6-ю глухими створками остекления, с 2-мя поворотно-откидными створками, 5-ти камерным стеклопакетом (42 мм), площадью более 3,5 м2 | H31: м2 | I31: =I27*J31 -> 103.5 | J31: 100 | O31: =ROUND(CP31,2) -> 1286043 | P31: =ROUND(CQ31*I31,2) -> 1286043 | Q31: =ROUND(CR31*I31,2) -> 0 | R31: =ROUND(CS31*I31,2) -> 0 | S31: =ROUND(CT31*I31,2) -> 0 | T31: =ROUND(CU31*I31,2) -> 0 | U31: =CV31*I31 -> 0 | V31: =CW31*I31 -> 0 | W31: =ROUND(CX31*I31,2) -> 0 | X31: =ROUND(CY31,2) -> 0 | Y31: =ROUND(CZ31,2) -> 0 | AA31: 16481627 | AB31: =ROUND((AC31+AD31+AF31),6) -> 2074.38 | AC31: =ROUND((ES31),6) -> 2074.38 | AD31: =ROUND((((ET31)-(EU31))+AE31),6) -> 0 | AE31: =ROUND((EU31),6) -> 0 | AF31: =ROUND((EV31),6) -> 0 | AG31: =ROUND((AP31),6) -> 0 | AH31: =(EW31) -> 0 | AI31: =(EX31) -> 0 | AJ31: =ROUND((AS31),6) -> 0 | AK31: 2074.38 | AL31: 2074.38 | AM31: 0 | AN31: 0 | AO31: 0 | AP31: 0 | AQ31: 0 | AR31: 0 | AS31: 0 | AT31: 106 | AU31: 54 | AV31: 1 | AW31: 1 | AZ31: 5.99 | BA31: 1 | BB31: 1 | BC31: 5.99 | BH31: 3 | BI31: 1 | BJ31: ФССЦ-2001, 11.3.02.01-0021, приказ Минстроя России №1039/пр от 30.12.2016г. | BM31: 10001 | BN31: 0 | BP31: 0 | BQ31: 2 | BR31: 0 | BS31: 1 | BT31: 1 | BU31: 1 | BV31: 1 | BW31: 1 | BX31: 1 | BZ31: 118 | CA31: 63 | CF31: 0 | CG31: 0 | CM31: 0 | CO31: 0 | CP31: =(P31+Q31+S31) -> 1286043 | CQ31: =AC31*BC31 -> 12425.536 | CR31: =AD31*BB31 -> 0 | CS31: =AE31*BS31 -> 0 | CT31: =AF31*BA31 -> 0 | CU31: =AG31 -> 0 | CV31: =AH31 -> 0 | CW31: =AI31 -> 0 | CX31: =AJ31 -> 0 | CY31: =(((S31+R31)*AT31)/100) -> 0 | CZ31: =(((S31+R31)*AU31)/100) -> 0 | DN31: 0 | DO31: 0 | DP31: 1 | DQ31: 1 | DU31: 1005 | DV31: м2 | DW31: м2 | DX31: 1 | EE31: 15139100 | EF31: 2 | EG31: Общестроительные работы | EH31: 0 | EJ31: 1 | EK31: 10001 | EL31: Деревянные конструкции | EM31: ФЕР-10 | EQ31: 0 | ER31: 2074.38 | ES31: 2074.38 | ET31: 0 | EU31: 0 | EV31: 0 | EW31: 0 | EX31: 0 | FQ31: 0 | FR31: =ROUND(IF(AND(BH31=3,BI31=3),P31,0),2) -> 0 | FS31: 0 | FT31: *0,9 | FU31: *0,85 | FX31: 106.2 | FY31: 53.55 | GD31: 0 | GF31: 2097510584 | GG31: 1 | GH31: 1 | GI31: 4 | GJ31: 0 | GK31: =ROUND(R31*(S12)/100,2) -> 0 | GL31: =ROUND(IF(AND(BH31=3,BI31=3,FS31<>0),P31,0),2) -> 0 | GM31: =ROUND(O31+X31+Y31+GK31,2)+GX31 -> 1286043 | GN31: =IF(OR(BI31=0,BI31=1),ROUND(O31+X31+Y31+GK31,2),0) -> 1286043 | GO31: =IF(BI31=2,ROUND(O31+X31+Y31+GK31,2),0) -> 0 | GP31: =IF(BI31=4,ROUND(O31+X31+Y31+GK31,2)+GX31,0) -> 0 | GR31: 0 | GS31: 3 | GT31: 0 | GV31: =ROUND(GT31,6) -> 0 | GW31: 1 | GX31: =ROUND(GV31*GW31*I31,2) -> 0 | HA31: 0 | HB31: 0 | IK31: 0
A32: 17 | B32: 1 | C32: =ROW(SmtRes!A37) -> 37 | D32: =ROW(EtalonRes!A35) -> 35 | E32: 3 | F32: 10-01-035-03 | G32: Установка подоконных досок из ПВХ в каменных стенах толщиной свыше 0,51 м | H32: 100 м | I32: =ROUND(20.7/100,9) -> 0.207 | J32: 0 | O32: =ROUND(CP32,2) -> 1341.6 | P32: =ROUND(CQ32*I32,2) -> 1299.32 | Q32: =ROUND(CR32*I32,2) -> 4.53 | R32: =ROUND(CS32*I32,2) -> 0.92 | S32: =ROUND(CT32*I32,2) -> 37.75 | T32: =ROUND(CU32*I32,2) -> 0 | U32: =CV32*I32 -> 4.42566 | V32: =CW32*I32 -> 0.07659 | W32: =ROUND(CX32*I32,2) -> 0 | X32: =ROUND(CY32,2) -> 40.99 | Y32: =ROUND(CZ32,2) -> 20.88 | AA32: 16481626 | AB32: =ROUND((AC32+AD32+AF32),6) -> 6481.17 | AC32: =ROUND((ES32),6) -> 6276.9 | AD32: =ROUND((((ET32)-(EU32))+AE32),6) -> 21.9 | AE32: =ROUND((EU32),6) -> 4.43 | AF32: =ROUND((EV32),6) -> 182.37 | AG32: =ROUND((AP32),6) -> 0 | AH32: =(EW32) -> 21.38 | AI32: =(EX32) -> 0.37 | AJ32: =ROUND((AS32),6) -> 0 | AK32: 6481.17 | AL32: 6276.9 | AM32: 21.9 | AN32: 4.43 | AO32: 182.37 | AP32: 0 | AQ32: 21.38 | AR32: 0.37 | AS32: 0 | AT32: 106 | AU32: 54 | AV32: 1 | AW32: 1 | AZ32: 1 | BA32: 1 | BB32: 1 | BC32: 1 | BH32: 0 | BI32: 1 | BJ32: ФЕР-2001, 10-01-035-03, приказ Минстроя России №1039/пр от 30.12.2016г. | BM32: 10001 | BN32: 0 | BP32: 0 | BQ32: 2 | BR32: 0 | BS32: 1 | BT32: 1 | BU32: 1 | BV32: 1 | BW32: 1 | BX32: 1 | BZ32: 118 | CA32: 63 | CF32: 0 | CG32: 0 | CM32: 0 | CO32: 0 | CP32: =(P32+Q32+S32) -> 1341.6 | CQ32: =AC32*BC32 -> 6276.9 | CR32: =AD32*BB32 -> 21.9 | CS32: =AE32*BS32 -> 4.43 | CT32: =AF32*BA32 -> 182.37 | CU32: =AG32 -> 0 | CV32: =AH32 -> 21.38 | CW32: =AI32 -> 0.37 | CX32: =AJ32 -> 0 | CY32: =(((S32+R32)*AT32)/100) -> 40.9902 | CZ32: =(((S32+R32)*AU32)/100) -> 20.8818 | DN32: 0 | DO32: 0 | DP32: 1 | DQ32: 1 | DU32: 1003 | DV32: 100 м | DW32: 100 м | DX32: 100 | EE32: 15139100 | EF32: 2 | EG32: Общестроительные работы | EH32: 0 | EJ32: 1 | EK32: 10001 | EL32: Деревянные конструкции | EM32: ФЕР-10 | EQ32: 0 | ER32: 6481.17 | ES32: 6276.9 | ET32: 21.9 | EU32: 4.43 | EV32: 182.37 | EW32: 21.38 | EX32: 0.37 | EY32: 0 | FQ32: 0 | FR32: =ROUND(IF(AND(BH32=3,BI32=3),P32,0),2) -> 0 | FS32: 0 | FT32: *0,9 | FU32: *0,85 | FX32: 106.2 | FY32: 53.55 | GD32: 0 | GF32: -1968498593 | GG32: 2 | GH32: 1 | GI32: -2 | GJ32: 0 | GK32: =ROUND(R32*(R12)/100,2) -> 0 | GL32: =ROUND(IF(AND(BH32=3,BI32=3,FS32<>0),P32,0),2) -> 0 | GM32: =ROUND(O32+X32+Y32+GK32,2)+GX32 -> 1403.47 | GN32: =IF(OR(BI32=0,BI32=1),ROUND(O32+X32+Y32+GK32,2),0) -> 1403.47 | GO32: =IF(BI32=2,ROUND(O32+X32+Y32+GK32,2),0) -> 0 | GP32: =IF(BI32=4,ROUND(O32+X32+Y32+GK32,2)+GX32,0) -> 0 | GR32: 0 | GS32: 3 | GT32: 0 | GV32: =ROUND(GT32,6) -> 0 | GW32: 1 | GX32: =ROUND(GV32*GW32*I32,2) -> 0 | HA32: 0 | HB32: 0 | IK32: 0
A33: 17 | B33: 1 | C33: =ROW(SmtRes!A44) -> 44 | D33: =ROW(EtalonRes!A42) -> 42 | E33: 3 | F33: 10-01-035-03 | G33: Установка подоконных досок из ПВХ в каменных стенах толщиной свыше 0,51 м | H33: 100 м | I33: =ROUND(20.7/100,9) -> 0.207 | J33: 0 | O33: =ROUND(CP33,2) -> 8036.2 | P33: =ROUND(CQ33*I33,2) -> 7782.92 | Q33: =ROUND(CR33*I33,2) -> 27.15 | R33: =ROUND(CS33*I33,2) -> 5.49 | S33: =ROUND(CT33*I33,2) -> 226.13 | T33: =ROUND(CU33*I33,2) -> 0 | U33: =CV33*I33 -> 4.42566 | V33: =CW33*I33 -> 0.07659 | W33: =ROUND(CX33*I33,2) -> 0 | X33: =ROUND(CY33,2) -> 245.52 | Y33: =ROUND(CZ33,2) -> 125.07 | AA33: 16481627 | AB33: =ROUND((AC33+AD33+AF33),6) -> 6481.17 | AC33: =ROUND((ES33),6) -> 6276.9 | AD33: =ROUND((((ET33)-(EU33))+AE33),6) -> 21.9 | AE33: =ROUND((EU33),6) -> 4.43 | AF33: =ROUND((EV33),6) -> 182.37 | AG33: =ROUND((AP33),6) -> 0 | AH33: =(EW33) -> 21.38 | AI33: =(EX33) -> 0.37 | AJ33: =ROUND((AS33),6) -> 0 | AK33: 6481.17 | AL33: 6276.9 | AM33: 21.9 | AN33: 4.43 | AO33: 182.37 | AP33: 0 | AQ33: 21.38 | AR33: 0.37 | AS33: 0 | AT33: 106 | AU33: 54 | AV33: 1 | AW33: 1 | AZ33: 5.99 | BA33: 5.99 | BB33: 5.99 | BC33: 5.99 | BH33: 0 | BI33: 1 | BJ33: ФЕР-2001, 10-01-035-03, приказ Минстроя России №1039/пр от 30.12.2016г. | BM33: 10001 | BN33: 0 | BP33: 0 | BQ33: 2 | BR33: 0 | BS33: 5.99 | BT33: 1 | BU33: 1 | BV33: 1 | BW33: 1 | BX33: 1 | BZ33: 118 | CA33: 63 | CF33: 0 | CG33: 0 | CM33: 0 | CO33: 0 | CP33: =(P33+Q33+S33) -> 8036.2 | CQ33: =AC33*BC33 -> 37598.631 | CR33: =AD33*BB33 -> 131.181 | CS33: =AE33*BS33 -> 26.5357 | CT33: =AF33*BA33 -> 1092.3963 | CU33: =AG33 -> 0 | CV33: =AH33 -> 21.38 | CW33: =AI33 -> 0.37 | CX33: =AJ33 -> 0 | CY33: =(((S33+R33)*AT33)/100) -> 245.5172 | CZ33: =(((S33+R33)*AU33)/100) -> 125.0748 | DN33: 0 | DO33: 0 | DP33: 1 | DQ33: 1 | DU33: 1003 | DV33: 100 м | DW33: 100 м | DX33: 100 | EE33: 15139100 | EF33: 2 | EG33: Общестроительные работы | EH33: 0 | EJ33: 1 | EK33: 10001 | EL33: Деревянные конструкции | EM33: ФЕР-10 | EQ33: 0 | ER33: 6481.17 | ES33: 6276.9 | ET33: 21.9 | EU33: 4.43 | EV33: 182.37 | EW33: 21.38 | EX33: 0.37 | EY33: 0 | FQ33: 0 | FR33: =ROUND(IF(AND(BH33=3,BI33=3),P33,0),2) -> 0 | FS33: 0 | FT33: *0,9 | FU33: *0,85 | FX33: 106.2 | FY33: 53.55 | GD33: 0 | GF33: -1968498593 | GG33: 1 | GH33: 1 | GI33: 4 | GJ33: 0 | GK33: =ROUND(R33*(S12)/100,2) -> 0 | GL33: =ROUND(IF(AND(BH33=3,BI33=3,FS33<>0),P33,0),2) -> 0 | GM33: =ROUND(O33+X33+Y33+GK33,2)+GX33 -> 8406.79 | GN33: =IF(OR(BI33=0,BI33=1),ROUND(O33+X33+Y33+GK33,2),0) -> 8406.79 | GO33: =IF(BI33=2,ROUND(O33+X33+Y33+GK33,2),0) -> 0 | GP33: =IF(BI33=4,ROUND(O33+X33+Y33+GK33,2)+GX33,0) -> 0 | GR33: 0 | GS33: 3 | GT33: 0 | GV33: =ROUND(GT33,6) -> 0 | GW33: 1 | GX33: =ROUND(GV33*GW33*I33,2) -> 0 | HA33: 0 | HB33: 0 | IK33: 0
A34: 18 | B34: 1 | C34: 35 | E34: 3,1 | F34: 11.3.03.01-0010 | G34: Доски подоконные ПВХ, шириной 500 мм | H34: м | I34: =I32*J34 -> 20.7 | J34: 100 | O34: =ROUND(CP34,2) -> 1332.05 | P34: =ROUND(CQ34*I34,2) -> 1332.05 | Q34: =ROUND(CR34*I34,2) -> 0 | R34: =ROUND(CS34*I34,2) -> 0 | S34: =ROUND(CT34*I34,2) -> 0 | T34: =ROUND(CU34*I34,2) -> 0 | U34: =CV34*I34 -> 0 | V34: =CW34*I34 -> 0 | W34: =ROUND(CX34*I34,2) -> 0 | X34: =ROUND(CY34,2) -> 0 | Y34: =ROUND(CZ34,2) -> 0 | AA34: 16481626 | AB34: =ROUND((AC34+AD34+AF34),6) -> 64.35 | AC34: =ROUND((ES34),6) -> 64.35 | AD34: =ROUND((((ET34)-(EU34))+AE34),6) -> 0 | AE34: =ROUND((EU34),6) -> 0 | AF34: =ROUND((EV34),6) -> 0 | AG34: =ROUND((AP34),6) -> 0 | AH34: =(EW34) -> 0 | AI34: =(EX34) -> 0 | AJ34: =ROUND((AS34),6) -> 0 | AK34: 64.35 | AL34: 64.35 | AM34: 0 | AN34: 0 | AO34: 0 | AP34: 0 | AQ34: 0 | AR34: 0 | AS34: 0 | AT34: 106 | AU34: 54 | AV34: 1 | AW34: 1 | AZ34: 1 | BA34: 1 | BB34: 1 | BC34: 1 | BH34: 3 | BI34: 1 | BJ34: ФССЦ-2001, 11.3.03.01-0010, приказ Минстроя России №1039/пр от 30.12.2016г. | BM34: 10001 | BN34: 0 | BP34: 0 | BQ34: 2 | BR34: 0 | BS34: 1 | BT34: 1 | BU34: 1 | BV34: 1 | BW34: 1 | BX34: 1 | BZ34: 118 | CA34: 63 | CF34: 0 | CG34: 0 | CM34: 0 | CO34: 0 | CP34: =(P34+Q34+S34) -> 1332.05 | CQ34: =AC34*BC34 -> 64.35 | CR34: =AD34*BB34 -> 0 | CS34: =AE34*BS34 -> 0 | CT34: =AF34*BA34 -> 0 | CU34: =AG34 -> 0 | CV34: =AH34 -> 0 | CW34: =AI34 -> 0 | CX34: =AJ34 -> 0 | CY34: =(((S34+R34)*AT34)/100) -> 0 | CZ34: =(((S34+R34)*AU34)/100) -> 0 | DN34: 0 | DO34: 0 | DP34: 1 | DQ34: 1 | DU34: 1003 | DV34: м | DW34: м | DX34: 1 | EE34: 15139100 | EF34: 2 | EG34: Общестроительные работы | EH34: 0 | EJ34: 1 | EK34: 10001 | EL34: Деревянные конструкции | EM34: ФЕР-10 | EQ34: 0 | ER34: 64.35 | ES34: 64.35 | ET34: 0 | EU34: 0 | EV34: 0 | EW34: 0 | EX34: 0 | FQ34: 0 | FR34: =ROUND(IF(AND(BH34=3,BI34=3),P34,0),2) -> 0 | FS34: 0 | FT34: *0,9 | FU34: *0,85 | FX34: 106.2 | FY34: 53.55 | GD34: 0 | GF34: 1369221803 | GG34: 2 | GH34: 1 | GI34: -2 | GJ34: 0 | GK34: =ROUND(R34*(R12)/100,2) -> 0 | GL34: =ROUND(IF(AND(BH34=3,BI34=3,FS34<>0),P34,0),2) -> 0 | GM34: =ROUND(O34+X34+Y34+GK34,2)+GX34 -> 1332.05 | GN34: =IF(OR(BI34=0,BI34=1),ROUND(O34+X34+Y34+GK34,2),0) -> 1332.05 | GO34: =IF(BI34=2,ROUND(O34+X34+Y34+GK34,2),0) -> 0 | GP34: =IF(BI34=4,ROUND(O34+X34+Y34+GK34,2)+GX34,0) -> 0 | GR34: 0 | GS34: 3 | GT34: 0 | GV34: =ROUND(GT34,6) -> 0 | GW34: 1 | GX34: =ROUND(GV34*GW34*I34,2) -> 0 | HA34: 0 | HB34: 0 | IK34: 0
A35: 18 | B35: 1 | C35: 42 | E35: 3,1 | F35: 11.3.03.01-0010 | G35: Доски подоконные ПВХ, шириной 500 мм | H35: м | I35: =I33*J35 -> 20.7 | J35: 100 | O35: =ROUND(CP35,2) -> 7978.95 | P35: =ROUND(CQ35*I35,2) -> 7978.95 | Q35: =ROUND(CR35*I35,2) -> 0 | R35: =ROUND(CS35*I35,2) -> 0 | S35: =ROUND(CT35*I35,2) -> 0 | T35: =ROUND(CU35*I35,2) -> 0 | U35: =CV35*I35 -> 0 | V35: =CW35*I35 -> 0 | W35: =ROUND(CX35*I35,2) -> 0 | X35: =ROUND(CY35,2) -> 0 | Y35: =ROUND(CZ35,2) -> 0 | AA35: 16481627 | AB35: =ROUND((AC35+AD35+AF35),6) -> 64.35 | AC35: =ROUND((ES35),6) -> 64.35 | AD35: =ROUND((((ET35)-(EU35))+AE35),6) -> 0 | AE35: =ROUND((EU35),6) -> 0 | AF35: =ROUND((EV35),6) -> 0 | AG35: =ROUND((AP35),6) -> 0 | AH35: =(EW35) -> 0 | AI35: =(EX35) -> 0 | AJ35: =ROUND((AS35),6) -> 0 | AK35: 64.35 | AL35: 64.35 | AM35: 0 | AN35: 0 | AO35: 0 | AP35: 0 | AQ35: 0 | AR35: 0 | AS35: 0 | AT35: 106 | AU35: 54 | AV35: 1 | AW35: 1 | AZ35: 5.99 | BA35: 1 | BB35: 1 | BC35: 5.99 | BH35: 3 | BI35: 1 | BJ35: ФССЦ-2001, 11.3.03.01-0010, приказ Минстроя России №1039/пр от 30.12.2016г. | BM35: 10001 | BN35: 0 | BP35: 0 | BQ35: 2 | BR35: 0 | BS35: 1 | BT35: 1 | BU35: 1 | BV35: 1 | BW35: 1 | BX35: 1 | BZ35: 118 | CA35: 63 | CF35: 0 | CG35: 0 | CM35: 0 | CO35: 0 | CP35: =(P35+Q35+S35) -> 7978.95 | CQ35: =AC35*BC35 -> 385.4565 | CR35: =AD35*BB35 -> 0 | CS35: =AE35*BS35 -> 0 | CT35: =AF35*BA35 -> 0 | CU35: =AG35 -> 0 | CV35: =AH35 -> 0 | CW35: =AI35 -> 0 | CX35: =AJ35 -> 0 | CY35: =(((S35+R35)*AT35)/100) -> 0 | CZ35: =(((S35+R35)*AU35)/100) -> 0 | DN35: 0 | DO35: 0 | DP35: 1 | DQ35: 1 | DU35: 1003 | DV35: м | DW35: м | DX35: 1 | EE35: 15139100 | EF35: 2 | EG35: Общестроительные работы | EH35: 0 | EJ35: 1 | EK35: 10001 | EL35: Деревянные конструкции | EM35: ФЕР-10 | EQ35: 0 | ER35: 64.35 | ES35: 64.35 | ET35: 0 | EU35: 0 | EV35: 0 | EW35: 0 | EX35: 0 | FQ35: 0 | FR35: =ROUND(IF(AND(BH35=3,BI35=3),P35,0),2) -> 0 | FS35: 0 | FT35: *0,9 | FU35: *0,85 | FX35: 106.2 | FY35: 53.55 | GD35: 0 | GF35: 1369221803 | GG35: 1 | GH35: 1 | GI35: 4 | GJ35: 0 | GK35: =ROUND(R35*(S12)/100,2) -> 0 | GL35: =ROUND(IF(AND(BH35=3,BI35=3,FS35<>0),P35,0),2) -> 0 | GM35: =ROUND(O35+X35+Y35+GK35,2)+GX35 -> 7978.95 | GN35: =IF(OR(BI35=0,BI35=1),ROUND(O35+X35+Y35+GK35,2),0) -> 7978.95 | GO35: =IF(BI35=2,ROUND(O35+X35+Y35+GK35,2),0) -> 0 | GP35: =IF(BI35=4,ROUND(O35+X35+Y35+GK35,2)+GX35,0) -> 0 | GR35: 0 | GS35: 3 | GT35: 0 | GV35: =ROUND(GT35,6) -> 0 | GW35: 1 | GX35: =ROUND(GV35*GW35*I35,2) -> 0 | HA35: 0 | HB35: 0 | IK35: 0
A36: 17 | B36: 1 | C36: =ROW(SmtRes!A54) -> 54 | D36: =ROW(EtalonRes!A50) -> 50 | E36: 4 | F36: 58-20-1 | G36: Смена обделок из листовой стали (поясков, сандриков, отливов, карнизов) шириной до 0,4 м | H36: 100 м | I36: =ROUND(20.7/100,9) -> 0.207 | J36: 0 | O36: =ROUND(CP36,2) -> 94.06 | P36: =ROUND(CQ36*I36,2) -> 19.88 | Q36: =ROUND(CR36*I36,2) -> 1.06 | R36: =ROUND(CS36*I36,2) -> 0.32 | S36: =ROUND(CT36*I36,2) -> 73.12 | T36: =ROUND(CU36*I36,2) -> 0 | U36: =CV36*I36 -> 8.57187 | V36: =CW36*I36 -> 0.02484 | W36: =ROUND(CX36*I36,2) -> 0 | X36: =ROUND(CY36,2) -> 60.96 | Y36: =ROUND(CZ36,2) -> 47.74 | AA36: 16481626 | AB36: =ROUND((AC36+AD36+AF36),6) -> 454.41 | AC36: =ROUND((ES36),6) -> 96.05 | AD36: =ROUND((((ET36)-(EU36))+AE36),6) -> 5.13 | AE36: =ROUND((EU36),6) -> 1.54 | AF36: =ROUND((EV36),6) -> 353.23 | AG36: =ROUND((AP36),6) -> 0 | AH36: =(EW36) -> 41.41 | AI36: =(EX36) -> 0.12 | AJ36: =ROUND((AS36),6) -> 0 | AK36: 454.41 | AL36: 96.05 | AM36: 5.13 | AN36: 1.54 | AO36: 353.23 | AP36: 0 | AQ36: 41.41 | AR36: 0.12 | AS36: 0 | AT36: 83 | AU36: 65 | AV36: 1 | AW36: 1 | AZ36: 1 | BA36: 1 | BB36: 1 | BC36: 1 | BH36: 0 | BI36: 1 | BJ36: ФЕР-2001, 58-20-1, приказ Минстроя России №1039/пр от 30.12.2016г. | BM36: 58001 | BN36: 0 | BP36: 0 | BQ36: 6 | BR36: 0 | BS36: 1 | BT36: 1 | BU36: 1 | BV36: 1 | BW36: 1 | BX36: 1 | BZ36: 83 | CA36: 65 | CF36: 0 | CG36: 0 | CM36: 0 | CO36: 0 | CP36: =(P36+Q36+S36) -> 94.06 | CQ36: =AC36*BC36 -> 96.05 | CR36: =AD36*BB36 -> 5.13 | CS36: =AE36*BS36 -> 1.54 | CT36: =AF36*BA36 -> 353.23 | CU36: =AG36 -> 0 | CV36: =AH36 -> 41.41 | CW36: =AI36 -> 0.12 | CX36: =AJ36 -> 0 | CY36: =(((S36+R36)*AT36)/100) -> 60.9552 | CZ36: =(((S36+R36)*AU36)/100) -> 47.736 | DN36: 0 | DO36: 0 | DP36: 1 | DQ36: 1 | DU36: 1003 | DV36: 100 м | DW36: 100 м | DX36: 100 | EE36: 15139180 | EF36: 6 | EG36: Ремонтно-строительные работы | EH36: 0 | EJ36: 1 | EK36: 58001 | EL36: Крыши, кровля | EM36: рФЕР-58 | EQ36: 0 | ER36: 454.41 | ES36: 96.05 | ET36: 5.13 | EU36: 1.54 | EV36: 353.23 | EW36: 41.41 | EX36: 0.12 | EY36: 0 | FQ36: 0 | FR36: =ROUND(IF(AND(BH36=3,BI36=3),P36,0),2) -> 0 | FS36: 0 | FX36: 83 | FY36: 65 | GD36: 0 | GF36: -58071427 | GG36: 2 | GH36: 1 | GI36: -2 | GJ36: 0 | GK36: =ROUND(R36*(R12)/100,2) -> 0 | GL36: =ROUND(IF(AND(BH36=3,BI36=3,FS36<>0),P36,0),2) -> 0 | GM36: =ROUND(O36+X36+Y36+GK36,2)+GX36 -> 202.76 | GN36: =IF(OR(BI36=0,BI36=1),ROUND(O36+X36+Y36+GK36,2),0) -> 202.76 | GO36: =IF(BI36=2,ROUND(O36+X36+Y36+GK36,2),0) -> 0 | GP36: =IF(BI36=4,ROUND(O36+X36+Y36+GK36,2)+GX36,0) -> 0 | GR36: 0 | GS36: 3 | GT36: 0 | GV36: =ROUND(GT36,6) -> 0 | GW36: 1 | GX36: =ROUND(GV36*GW36*I36,2) -> 0 | HA36: 0 | HB36: 0 | IK36: 0
A37: 17 | B37: 1 | C37: =ROW(SmtRes!A64) -> 64 | D37: =ROW(EtalonRes!A58) -> 58 | E37: 4 | F37: 58-20-1 | G37: Смена обделок из листовой стали (поясков, сандриков, отливов, карнизов) шириной до 0,4 м | H37: 100 м | I37: =ROUND(20.7/100,9) -> 0.207 | J37: 0 | O37: =ROUND(CP37,2) -> 563.44 | P37: =ROUND(CQ37*I37,2) -> 119.1 | Q37: =ROUND(CR37*I37,2) -> 6.36 | R37: =ROUND(CS37*I37,2) -> 1.91 | S37: =ROUND(CT37*I37,2) -> 437.98 | T37: =ROUND(CU37*I37,2) -> 0 | U37: =CV37*I37 -> 8.57187 | V37: =CW37*I37 -> 0.02484 | W37: =ROUND(CX37*I37,2) -> 0 | X37: =ROUND(CY37,2) -> 365.11 | Y37: =ROUND(CZ37,2) -> 285.93 | AA37: 16481627 | AB37: =ROUND((AC37+AD37+AF37),6) -> 454.41 | AC37: =ROUND((ES37),6) -> 96.05 | AD37: =ROUND((((ET37)-(EU37))+AE37),6) -> 5.13 | AE37: =ROUND((EU37),6) -> 1.54 | AF37: =ROUND((EV37),6) -> 353.23 | AG37: =ROUND((AP37),6) -> 0 | AH37: =(EW37) -> 41.41 | AI37: =(EX37) -> 0.12 | AJ37: =ROUND((AS37),6) -> 0 | AK37: 454.41 | AL37: 96.05 | AM37: 5.13 | AN37: 1.54 | AO37: 353.23 | AP37: 0 | AQ37: 41.41 | AR37: 0.12 | AS37: 0 | AT37: 83 | AU37: 65 | AV37: 1 | AW37: 1 | AZ37: 5.99 | BA37: 5.99 | BB37: 5.99 | BC37: 5.99 | BH37: 0 | BI37: 1 | BJ37: ФЕР-2001, 58-20-1, приказ Минстроя России №1039/пр от 30.12.2016г. | BM37: 58001 | BN37: 0 | BP37: 0 | BQ37: 6 | BR37: 0 | BS37: 5.99 | BT37: 1 | BU37: 1 | BV37: 1 | BW37: 1 | BX37: 1 | BZ37: 83 | CA37: 65 | CF37: 0 | CG37: 0 | CM37: 0 | CO37: 0 | CP37: =(P37+Q37+S37) -> 563.44 | CQ37: =AC37*BC37 -> 575.3395 | CR37: =AD37*BB37 -> 30.7287 | CS37: =AE37*BS37 -> 9.2246 | CT37: =AF37*BA37 -> 2115.8477 | CU37: =AG37 -> 0 | CV37: =AH37 -> 41.41 | CW37: =AI37 -> 0.12 | CX37: =AJ37 -> 0 | CY37: =(((S37+R37)*AT37)/100) -> 365.1087 | CZ37: =(((S37+R37)*AU37)/100) -> 285.9285 | DN37: 0 | DO37: 0 | DP37: 1 | DQ37: 1 | DU37: 1003 | DV37: 100 м | DW37: 100 м | DX37: 100 | EE37: 15139180 | EF37: 6 | EG37: Ремонтно-строительные работы | EH37: 0 | EJ37: 1 | EK37: 58001 | EL37: Крыши, кровля | EM37: рФЕР-58 | EQ37: 0 | ER37: 454.41 | ES37: 96.05 | ET37: 5.13 | EU37: 1.54 | EV37: 353.23 | EW37: 41.41 | EX37: 0.12 | EY37: 0 | FQ37: 0 | FR37: =ROUND(IF(AND(BH37=3,BI37=3),P37,0),2) -> 0 | FS37: 0 | FX37: 83 | FY37: 65 | GD37: 0 | GF37: -58071427 | GG37: 1 | GH37: 1 | GI37: 4 | GJ37: 0 | GK37: =ROUND(R37*(S12)/100,2) -> 0 | GL37: =ROUND(IF(AND(BH37=3,BI37=3,FS37<>0),P37,0),2) -> 0 | GM37: =ROUND(O37+X37+Y37+GK37,2)+GX37 -> 1214.48 | GN37: =IF(OR(BI37=0,BI37=1),ROUND(O37+X37+Y37+GK37,2),0) -> 1214.48 | GO37: =IF(BI37=2,ROUND(O37+X37+Y37+GK37,2),0) -> 0 | GP37: =IF(BI37=4,ROUND(O37+X37+Y37+GK37,2)+GX37,0) -> 0 | GR37: 0 | GS37: 3 | GT37: 0 | GV37: =ROUND(GT37,6) -> 0 | GW37: 1 | GX37: =ROUND(GV37*GW37*I37,2) -> 0 | HA37: 0 | HB37: 0 | IK37: 0
A38: 18 | B38: 1 | C38: 49 | E38: 4,1 | F38: 01.7.07.07 | G38: Строительный мусор | H38: т | I38: =I36*J38 -> 0.046368 | J38: 0.224 | O38: =ROUND(CP38,2) -> 0 | P38: =ROUND(CQ38*I38,2) -> 0 | Q38: =ROUND(CR38*I38,2) -> 0 | R38: =ROUND(CS38*I38,2) -> 0 | S38: =ROUND(CT38*I38,2) -> 0 | T38: =ROUND(CU38*I38,2) -> 0 | U38: =CV38*I38 -> 0 | V38: =CW38*I38 -> 0 | W38: =ROUND(CX38*I38,2) -> 0 | X38: =ROUND(CY38,2) -> 0 | Y38: =ROUND(CZ38,2) -> 0 | AA38: 16481626 | AB38: =ROUND((AC38+AD38+AF38),6) -> 0 | AC38: =ROUND((ES38),6) -> 0 | AD38: =ROUND((((ET38)-(EU38))+AE38),6) -> 0 | AE38: =ROUND((EU38),6) -> 0 | AF38: =ROUND((EV38),6) -> 0 | AG38: =ROUND((AP38),6) -> 0 | AH38: =(EW38) -> 0 | AI38: =(EX38) -> 0 | AJ38: =ROUND((AS38),6) -> 0 | AK38: 0 | AL38: 0 | AM38: 0 | AN38: 0 | AO38: 0 | AP38: 0 | AQ38: 0 | AR38: 0 | AS38: 0 | AT38: 83 | AU38: 65 | AV38: 1 | AW38: 1 | AZ38: 1 | BA38: 1 | BB38: 1 | BC38: 1 | BH38: 3 | BI38: 1 | BM38: 58001 | BN38: 0 | BP38: 0 | BQ38: 6 | BR38: 0 | BS38: 1 | BT38: 1 | BU38: 1 | BV38: 1 | BW38: 1 | BX38: 1 | BZ38: 83 | CA38: 65 | CF38: 0 | CG38: 0 | CM38: 0 | CO38: 0 | CP38: =(P38+Q38+S38) -> 0 | CQ38: =AC38*BC38 -> 0 | CR38: =AD38*BB38 -> 0 | CS38: =AE38*BS38 -> 0 | CT38: =AF38*BA38 -> 0 | CU38: =AG38 -> 0 | CV38: =AH38 -> 0 | CW38: =AI38 -> 0 | CX38: =AJ38 -> 0 | CY38: =(((S38+R38)*AT38)/100) -> 0 | CZ38: =(((S38+R38)*AU38)/100) -> 0 | DN38: 0 | DO38: 0 | DP38: 1 | DQ38: 1 | DU38: 1009 | DV38: т | DW38: т | DX38: 1000 | EE38: 15139180 | EF38: 6 | EG38: Ремонтно-строительные работы | EH38: 0 | EJ38: 1 | EK38: 58001 | EL38: Крыши, кровля | EM38: рФЕР-58 | EQ38: 0 | ER38: 0 | ES38: 0 | ET38: 0 | EU38: 0 | EV38: 0 | EW38: 0 | EX38: 0 | FQ38: 0 | FR38: =ROUND(IF(AND(BH38=3,BI38=3),P38,0),2) -> 0 | FS38: 0 | FX38: 83 | FY38: 65 | GD38: 0 | GF38: -179832266 | GG38: 2 | GH38: 1 | GI38: -2 | GJ38: 0 | GK38: =ROUND(R38*(R12)/100,2) -> 0 | GL38: =ROUND(IF(AND(BH38=3,BI38=3,FS38<>0),P38,0),2) -> 0 | GM38: =ROUND(O38+X38+Y38+GK38,2)+GX38 -> 0 | GN38: =IF(OR(BI38=0,BI38=1),ROUND(O38+X38+Y38+GK38,2),0) -> 0 | GO38: =IF(BI38=2,ROUND(O38+X38+Y38+GK38,2),0) -> 0 | GP38: =IF(BI38=4,ROUND(O38+X38+Y38+GK38,2)+GX38,0) -> 0 | GR38: 0 | GS38: 3 | GT38: 0 | GV38: =ROUND(GT38,6) -> 0 | GW38: 1 | GX38: =ROUND(GV38*GW38*I38,2) -> 0 | HA38: 0 | HB38: 0 | IK38: 0
A39: 18 | B39: 1 | C39: 59 | E39: 4,1 | F39: 01.7.07.07 | G39: Строительный мусор | H39: т | I39: =I37*J39 -> 0.046368 | J39: 0.224 | O39: =ROUND(CP39,2) -> 0 | P39: =ROUND(CQ39*I39,2) -> 0 | Q39: =ROUND(CR39*I39,2) -> 0 | R39: =ROUND(CS39*I39,2) -> 0 | S39: =ROUND(CT39*I39,2) -> 0 | T39: =ROUND(CU39*I39,2) -> 0 | U39: =CV39*I39 -> 0 | V39: =CW39*I39 -> 0 | W39: =ROUND(CX39*I39,2) -> 0 | X39: =ROUND(CY39,2) -> 0 | Y39: =ROUND(CZ39,2) -> 0 | AA39: 16481627 | AB39: =ROUND((AC39+AD39+AF39),6) -> 0 | AC39: =ROUND((ES39),6) -> 0 | AD39: =ROUND((((ET39)-(EU39))+AE39),6) -> 0 | AE39: =ROUND((EU39),6) -> 0 | AF39: =ROUND((EV39),6) -> 0 | AG39: =ROUND((AP39),6) -> 0 | AH39: =(EW39) -> 0 | AI39: =(EX39) -> 0 | AJ39: =ROUND((AS39),6) -> 0 | AK39: 0 | AL39: 0 | AM39: 0 | AN39: 0 | AO39: 0 | AP39: 0 | AQ39: 0 | AR39: 0 | AS39: 0 | AT39: 83 | AU39: 65 | AV39: 1 | AW39: 1 | AZ39: 5.99 | BA39: 1 | BB39: 1 | BC39: 5.99 | BH39: 3 | BI39: 1 | BM39: 58001 | BN39: 0 | BP39: 0 | BQ39: 6 | BR39: 0 | BS39: 1 | BT39: 1 | BU39: 1 | BV39: 1 | BW39: 1 | BX39: 1 | BZ39: 83 | CA39: 65 | CF39: 0 | CG39: 0 | CM39: 0 | CO39: 0 | CP39: =(P39+Q39+S39) -> 0 | CQ39: =AC39*BC39 -> 0 | CR39: =AD39*BB39 -> 0 | CS39: =AE39*BS39 -> 0 | CT39: =AF39*BA39 -> 0 | CU39: =AG39 -> 0 | CV39: =AH39 -> 0 | CW39: =AI39 -> 0 | CX39: =AJ39 -> 0 | CY39: =(((S39+R39)*AT39)/100) -> 0 | CZ39: =(((S39+R39)*AU39)/100) -> 0 | DN39: 0 | DO39: 0 | DP39: 1 | DQ39: 1 | DU39: 1009 | DV39: т | DW39: т | DX39: 1000 | EE39: 15139180 | EF39: 6 | EG39: Ремонтно-строительные работы | EH39: 0 | EJ39: 1 | EK39: 58001 | EL39: Крыши, кровля | EM39: рФЕР-58 | EQ39: 0 | ER39: 0 | ES39: 0 | ET39: 0 | EU39: 0 | EV39: 0 | EW39: 0 | EX39: 0 | FQ39: 0 | FR39: =ROUND(IF(AND(BH39=3,BI39=3),P39,0),2) -> 0 | FS39: 0 | FX39: 83 | FY39: 65 | GD39: 0 | GF39: -179832266 | GG39: 1 | GH39: 1 | GI39: 4 | GJ39: 0 | GK39: =ROUND(R39*(S12)/100,2) -> 0 | GL39: =ROUND(IF(AND(BH39=3,BI39=3,FS39<>0),P39,0),2) -> 0 | GM39: =ROUND(O39+X39+Y39+GK39,2)+GX39 -> 0 | GN39: =IF(OR(BI39=0,BI39=1),ROUND(O39+X39+Y39+GK39,2),0) -> 0 | GO39: =IF(BI39=2,ROUND(O39+X39+Y39+GK39,2),0) -> 0 | GP39: =IF(BI39=4,ROUND(O39+X39+Y39+GK39,2)+GX39,0) -> 0 | GR39: 0 | GS39: 3 | GT39: 0 | GV39: =ROUND(GT39,6) -> 0 | GW39: 1 | GX39: =ROUND(GV39*GW39*I39,2) -> 0 | HA39: 0 | HB39: 0 | IK39: 0
A40: 18 | B40: 1 | C40: 53 | E40: 4,2 | F40: 08.3.05.05 | G40: Сталь листовая оцинкованная | H40: т | I40: =I36*J40 -> 0.038088 | J40: 0.184 | O40: =ROUND(CP40,2) -> 0 | P40: =ROUND(CQ40*I40,2) -> 0 | Q40: =ROUND(CR40*I40,2) -> 0 | R40: =ROUND(CS40*I40,2) -> 0 | S40: =ROUND(CT40*I40,2) -> 0 | T40: =ROUND(CU40*I40,2) -> 0 | U40: =CV40*I40 -> 0 | V40: =CW40*I40 -> 0 | W40: =ROUND(CX40*I40,2) -> 0 | X40: =ROUND(CY40,2) -> 0 | Y40: =ROUND(CZ40,2) -> 0 | AA40: 16481626 | AB40: =ROUND((AC40+AD40+AF40),6) -> 0 | AC40: =ROUND((ES40),6) -> 0 | AD40: =ROUND((((ET40)-(EU40))+AE40),6) -> 0 | AE40: =ROUND((EU40),6) -> 0 | AF40: =ROUND((EV40),6) -> 0 | AG40: =ROUND((AP40),6) -> 0 | AH40: =(EW40) -> 0 | AI40: =(EX40) -> 0 | AJ40: =ROUND((AS40),6) -> 0 | AK40: 0 | AL40: 0 | AM40: 0 | AN40: 0 | AO40: 0 | AP40: 0 | AQ40: 0 | AR40: 0 | AS40: 0 | AT40: 83 | AU40: 65 | AV40: 1 | AW40: 1 | AZ40: 1 | BA40: 1 | BB40: 1 | BC40: 1 | BH40: 3 | BI40: 1 | BM40: 58001 | BN40: 0 | BP40: 0 | BQ40: 6 | BR40: 0 | BS40: 1 | BT40: 1 | BU40: 1 | BV40: 1 | BW40: 1 | BX40: 1 | BZ40: 83 | CA40: 65 | CF40: 0 | CG40: 0 | CM40: 0 | CO40: 0 | CP40: =(P40+Q40+S40) -> 0 | CQ40: =AC40*BC40 -> 0 | CR40: =AD40*BB40 -> 0 | CS40: =AE40*BS40 -> 0 | CT40: =AF40*BA40 -> 0 | CU40: =AG40 -> 0 | CV40: =AH40 -> 0 | CW40: =AI40 -> 0 | CX40: =AJ40 -> 0 | CY40: =(((S40+R40)*AT40)/100) -> 0 | CZ40: =(((S40+R40)*AU40)/100) -> 0 | DN40: 0 | DO40: 0 | DP40: 1 | DQ40: 1 | DU40: 1009 | DV40: т | DW40: т | DX40: 1000 | EE40: 15139180 | EF40: 6 | EG40: Ремонтно-строительные работы | EH40: 0 | EJ40: 1 | EK40: 58001 | EL40: Крыши, кровля | EM40: рФЕР-58 | EQ40: 0 | ER40: 0 | ES40: 0 | ET40: 0 | EU40: 0 | EV40: 0 | EW40: 0 | EX40: 0 | FQ40: 0 | FR40: =ROUND(IF(AND(BH40=3,BI40=3),P40,0),2) -> 0 | FS40: 0 | FX40: 83 | FY40: 65 | GD40: 0 | GF40: 789990620 | GG40: 2 | GH40: 1 | GI40: -2 | GJ40: 0 | GK40: =ROUND(R40*(R12)/100,2) -> 0 | GL40: =ROUND(IF(AND(BH40=3,BI40=3,FS40<>0),P40,0),2) -> 0 | GM40: =ROUND(O40+X40+Y40+GK40,2)+GX40 -> 0 | GN40: =IF(OR(BI40=0,BI40=1),ROUND(O40+X40+Y40+GK40,2),0) -> 0 | GO40: =IF(BI40=2,ROUND(O40+X40+Y40+GK40,2),0) -> 0 | GP40: =IF(BI40=4,ROUND(O40+X40+Y40+GK40,2)+GX40,0) -> 0 | GR40: 0 | GS40: 3 | GT40: 0 | GV40: =ROUND(GT40,6) -> 0 | GW40: 1 | GX40: =ROUND(GV40*GW40*I40,2) -> 0 | HA40: 0 | HB40: 0 | IK40: 0
A41: 18 | B41: 1 | C41: 63 | E41: 4,2 | F41: 08.3.05.05 | G41: Сталь листовая оцинкованная | H41: т | I41: =I37*J41 -> 0.038088 | J41: 0.184 | O41: =ROUND(CP41,2) -> 0 | P41: =ROUND(CQ41*I41,2) -> 0 | Q41: =ROUND(CR41*I41,2) -> 0 | R41: =ROUND(CS41*I41,2) -> 0 | S41: =ROUND(CT41*I41,2) -> 0 | T41: =ROUND(CU41*I41,2) -> 0 | U41: =CV41*I41 -> 0 | V41: =CW41*I41 -> 0 | W41: =ROUND(CX41*I41,2) -> 0 | X41: =ROUND(CY41,2) -> 0 | Y41: =ROUND(CZ41,2) -> 0 | AA41: 16481627 | AB41: =ROUND((AC41+AD41+AF41),6) -> 0 | AC41: =ROUND((ES41),6) -> 0 | AD41: =ROUND((((ET41)-(EU41))+AE41),6) -> 0 | AE41: =ROUND((EU41),6) -> 0 | AF41: =ROUND((EV41),6) -> 0 | AG41: =ROUND((AP41),6) -> 0 | AH41: =(EW41) -> 0 | AI41: =(EX41) -> 0 | AJ41: =ROUND((AS41),6) -> 0 | AK41: 0 | AL41: 0 | AM41: 0 | AN41: 0 | AO41: 0 | AP41: 0 | AQ41: 0 | AR41: 0 | AS41: 0 | AT41: 83 | AU41: 65 | AV41: 1 | AW41: 1 | AZ41: 5.99 | BA41: 1 | BB41: 1 | BC41: 5.99 | BH41: 3 | BI41: 1 | BM41: 58001 | BN41: 0 | BP41: 0 | BQ41: 6 | BR41: 0 | BS41: 1 | BT41: 1 | BU41: 1 | BV41: 1 | BW41: 1 | BX41: 1 | BZ41: 83 | CA41: 65 | CF41: 0 | CG41: 0 | CM41: 0 | CO41: 0 | CP41: =(P41+Q41+S41) -> 0 | CQ41: =AC41*BC41 -> 0 | CR41: =AD41*BB41 -> 0 | CS41: =AE41*BS41 -> 0 | CT41: =AF41*BA41 -> 0 | CU41: =AG41 -> 0 | CV41: =AH41 -> 0 | CW41: =AI41 -> 0 | CX41: =AJ41 -> 0 | CY41: =(((S41+R41)*AT41)/100) -> 0 | CZ41: =(((S41+R41)*AU41)/100) -> 0 | DN41: 0 | DO41: 0 | DP41: 1 | DQ41: 1 | DU41: 1009 | DV41: т | DW41: т | DX41: 1000 | EE41: 15139180 | EF41: 6 | EG41: Ремонтно-строительные работы | EH41: 0 | EJ41: 1 | EK41: 58001 | EL41: Крыши, кровля | EM41: рФЕР-58 | EQ41: 0 | ER41: 0 | ES41: 0 | ET41: 0 | EU41: 0 | EV41: 0 | EW41: 0 | EX41: 0 | FQ41: 0 | FR41: =ROUND(IF(AND(BH41=3,BI41=3),P41,0),2) -> 0 | FS41: 0 | FX41: 83 | FY41: 65 | GD41: 0 | GF41: 789990620 | GG41: 1 | GH41: 1 | GI41: 4 | GJ41: 0 | GK41: =ROUND(R41*(S12)/100,2) -> 0 | GL41: =ROUND(IF(AND(BH41=3,BI41=3,FS41<>0),P41,0),2) -> 0 | GM41: =ROUND(O41+X41+Y41+GK41,2)+GX41 -> 0 | GN41: =IF(OR(BI41=0,BI41=1),ROUND(O41+X41+Y41+GK41,2),0) -> 0 | GO41: =IF(BI41=2,ROUND(O41+X41+Y41+GK41,2),0) -> 0 | GP41: =IF(BI41=4,ROUND(O41+X41+Y41+GK41,2)+GX41,0) -> 0 | GR41: 0 | GS41: 3 | GT41: 0 | GV41: =ROUND(GT41,6) -> 0 | GW41: 1 | GX41: =ROUND(GV41*GW41*I41,2) -> 0 | HA41: 0 | HB41: 0 | IK41: 0
A42: 18 | B42: 1 | C42: 54 | E42: 4,3 | F42: 08.3.05.05-0081 | G42: Сталь оцинкованная в рулонах толщиной 0,5 мм, с полимерным покрытием | H42: т | I42: =I36*J42 -> 0.038088 | J42: 0.184 | O42: =ROUND(CP42,2) -> 331.94 | P42: =ROUND(CQ42*I42,2) -> 331.94 | Q42: =ROUND(CR42*I42,2) -> 0 | R42: =ROUND(CS42*I42,2) -> 0 | S42: =ROUND(CT42*I42,2) -> 0 | T42: =ROUND(CU42*I42,2) -> 0 | U42: =CV42*I42 -> 0 | V42: =CW42*I42 -> 0 | W42: =ROUND(CX42*I42,2) -> 0 | X42: =ROUND(CY42,2) -> 0 | Y42: =ROUND(CZ42,2) -> 0 | AA42: 16481626 | AB42: =ROUND((AC42+AD42+AF42),6) -> 8715.1 | AC42: =ROUND((ES42),6) -> 8715.1 | AD42: =ROUND((((ET42)-(EU42))+AE42),6) -> 0 | AE42: =ROUND((EU42),6) -> 0 | AF42: =ROUND((EV42),6) -> 0 | AG42: =ROUND((AP42),6) -> 0 | AH42: =(EW42) -> 0 | AI42: =(EX42) -> 0 | AJ42: =ROUND((AS42),6) -> 0 | AK42: 8715.1 | AL42: 8715.1 | AM42: 0 | AN42: 0 | AO42: 0 | AP42: 0 | AQ42: 0 | AR42: 0 | AS42: 0 | AT42: 83 | AU42: 65 | AV42: 1 | AW42: 1 | AZ42: 1 | BA42: 1 | BB42: 1 | BC42: 1 | BH42: 3 | BI42: 1 | BJ42: ФССЦ-2001, 08.3.05.05-0081, приказ Минстроя России №1039/пр от 30.12.2016г. | BM42: 58001 | BN42: 0 | BP42: 0 | BQ42: 6 | BR42: 0 | BS42: 1 | BT42: 1 | BU42: 1 | BV42: 1 | BW42: 1 | BX42: 1 | BZ42: 83 | CA42: 65 | CF42: 0 | CG42: 0 | CM42: 0 | CO42: 0 | CP42: =(P42+Q42+S42) -> 331.94 | CQ42: =AC42*BC42 -> 8715.1 | CR42: =AD42*BB42 -> 0 | CS42: =AE42*BS42 -> 0 | CT42: =AF42*BA42 -> 0 | CU42: =AG42 -> 0 | CV42: =AH42 -> 0 | CW42: =AI42 -> 0 | CX42: =AJ42 -> 0 | CY42: =(((S42+R42)*AT42)/100) -> 0 | CZ42: =(((S42+R42)*AU42)/100) -> 0 | DN42: 0 | DO42: 0 | DP42: 1 | DQ42: 1 | DU42: 1009 | DV42: т | DW42: т | DX42: 1000 | EE42: 15139180 | EF42: 6 | EG42: Ремонтно-строительные работы | EH42: 0 | EJ42: 1 | EK42: 58001 | EL42: Крыши, кровля | EM42: рФЕР-58 | EQ42: 0 | ER42: 8715.1 | ES42: 8715.1 | ET42: 0 | EU42: 0 | EV42: 0 | EW42: 0 | EX42: 0 | FQ42: 0 | FR42: =ROUND(IF(AND(BH42=3,BI42=3),P42,0),2) -> 0 | FS42: 0 | FX42: 83 | FY42: 65 | GD42: 0 | GF42: -1666380182 | GG42: 2 | GH42: 1 | GI42: -2 | GJ42: 0 | GK42: =ROUND(R42*(R12)/100,2) -> 0 | GL42: =ROUND(IF(AND(BH42=3,BI42=3,FS42<>0),P42,0),2) -> 0 | GM42: =ROUND(O42+X42+Y42+GK42,2)+GX42 -> 331.94 | GN42: =IF(OR(BI42=0,BI42=1),ROUND(O42+X42+Y42+GK42,2),0) -> 331.94 | GO42: =IF(BI42=2,ROUND(O42+X42+Y42+GK42,2),0) -> 0 | GP42: =IF(BI42=4,ROUND(O42+X42+Y42+GK42,2)+GX42,0) -> 0 | GR42: 0 | GS42: 3 | GT42: 0 | GV42: =ROUND(GT42,6) -> 0 | GW42: 1 | GX42: =ROUND(GV42*GW42*I42,2) -> 0 | HA42: 0 | HB42: 0 | IK42: 0
A43: 18 | B43: 1 | C43: 64 | E43: 4,3 | F43: 08.3.05.05-0081 | G43: Сталь оцинкованная в рулонах толщиной 0,5 мм, с полимерным покрытием | H43: т | I43: =I37*J43 -> 0.038088 | J43: 0.184 | O43: =ROUND(CP43,2) -> 1988.32 | P43: =ROUND(CQ43*I43,2) -> 1988.32 | Q43: =ROUND(CR43*I43,2) -> 0 | R43: =ROUND(CS43*I43,2) -> 0 | S43: =ROUND(CT43*I43,2) -> 0 | T43: =ROUND(CU43*I43,2) -> 0 | U43: =CV43*I43 -> 0 | V43: =CW43*I43 -> 0 | W43: =ROUND(CX43*I43,2) -> 0 | X43: =ROUND(CY43,2) -> 0 | Y43: =ROUND(CZ43,2) -> 0 | AA43: 16481627 | AB43: =ROUND((AC43+AD43+AF43),6) -> 8715.1 | AC43: =ROUND((ES43),6) -> 8715.1 | AD43: =ROUND((((ET43)-(EU43))+AE43),6) -> 0 | AE43: =ROUND((EU43),6) -> 0 | AF43: =ROUND((EV43),6) -> 0 | AG43: =ROUND((AP43),6) -> 0 | AH43: =(EW43) -> 0 | AI43: =(EX43) -> 0 | AJ43: =ROUND((AS43),6) -> 0 | AK43: 8715.1 | AL43: 8715.1 | AM43: 0 | AN43: 0 | AO43: 0 | AP43: 0 | AQ43: 0 | AR43: 0 | AS43: 0 | AT43: 83 | AU43: 65 | AV43: 1 | AW43: 1 | AZ43: 5.99 | BA43: 1 | BB43: 1 | BC43: 5.99 | BH43: 3 | BI43: 1 | BJ43: ФССЦ-2001, 08.3.05.05-0081, приказ Минстроя России №1039/пр от 30.12.2016г. | BM43: 58001 | BN43: 0 | BP43: 0 | BQ43: 6 | BR43: 0 | BS43: 1 | BT43: 1 | BU43: 1 | BV43: 1 | BW43: 1 | BX43: 1 | BZ43: 83 | CA43: 65 | CF43: 0 | CG43: 0 | CM43: 0 | CO43: 0 | CP43: =(P43+Q43+S43) -> 1988.32 | CQ43: =AC43*BC43 -> 52203.449 | CR43: =AD43*BB43 -> 0 | CS43: =AE43*BS43 -> 0 | CT43: =AF43*BA43 -> 0 | CU43: =AG43 -> 0 | CV43: =AH43 -> 0 | CW43: =AI43 -> 0 | CX43: =AJ43 -> 0 | CY43: =(((S43+R43)*AT43)/100) -> 0 | CZ43: =(((S43+R43)*AU43)/100) -> 0 | DN43: 0 | DO43: 0 | DP43: 1 | DQ43: 1 | DU43: 1009 | DV43: т | DW43: т | DX43: 1000 | EE43: 15139180 | EF43: 6 | EG43: Ремонтно-строительные работы | EH43: 0 | EJ43: 1 | EK43: 58001 | EL43: Крыши, кровля | EM43: рФЕР-58 | EQ43: 0 | ER43: 8715.1 | ES43: 8715.1 | ET43: 0 | EU43: 0 | EV43: 0 | EW43: 0 | EX43: 0 | FQ43: 0 | FR43: =ROUND(IF(AND(BH43=3,BI43=3),P43,0),2) -> 0 | FS43: 0 | FX43: 83 | FY43: 65 | GD43: 0 | GF43: -1666380182 | GG43: 1 | GH43: 1 | GI43: 4 | GJ43: 0 | GK43: =ROUND(R43*(S12)/100,2) -> 0 | GL43: =ROUND(IF(AND(BH43=3,BI43=3,FS43<>0),P43,0),2) -> 0 | GM43: =ROUND(O43+X43+Y43+GK43,2)+GX43 -> 1988.32 | GN43: =IF(OR(BI43=0,BI43=1),ROUND(O43+X43+Y43+GK43,2),0) -> 1988.32 | GO43: =IF(BI43=2,ROUND(O43+X43+Y43+GK43,2),0) -> 0 | GP43: =IF(BI43=4,ROUND(O43+X43+Y43+GK43,2)+GX43,0) -> 0 | GR43: 0 | GS43: 3 | GT43: 0 | GV43: =ROUND(GT43,6) -> 0 | GW43: 1 | GX43: =ROUND(GV43*GW43*I43,2) -> 0 | HA43: 0 | HB43: 0 | IK43: 0
A44: 18 | B44: 1 | C44: 51 | E44: 4,4 | F44: 08.1.02.03-0021 | G44: Водоотлив оконный шириной планки 250 мм из оцинкованной стали с полимерным покрытием | H44: П.М | I44: =I36*J44 -> 20.7 | J44: 100 | O44: =ROUND(CP44,2) -> 546.69 | P44: =ROUND(CQ44*I44,2) -> 546.69 | Q44: =ROUND(CR44*I44,2) -> 0 | R44: =ROUND(CS44*I44,2) -> 0 | S44: =ROUND(CT44*I44,2) -> 0 | T44: =ROUND(CU44*I44,2) -> 0 | U44: =CV44*I44 -> 0 | V44: =CW44*I44 -> 0 | W44: =ROUND(CX44*I44,2) -> 0 | X44: =ROUND(CY44,2) -> 0 | Y44: =ROUND(CZ44,2) -> 0 | AA44: 16481626 | AB44: =ROUND((AC44+AD44+AF44),6) -> 26.41 | AC44: =ROUND((ES44),6) -> 26.41 | AD44: =ROUND((((ET44)-(EU44))+AE44),6) -> 0 | AE44: =ROUND((EU44),6) -> 0 | AF44: =ROUND((EV44),6) -> 0 | AG44: =ROUND((AP44),6) -> 0 | AH44: =(EW44) -> 0 | AI44: =(EX44) -> 0 | AJ44: =ROUND((AS44),6) -> 0 | AK44: 26.41 | AL44: 26.41 | AM44: 0 | AN44: 0 | AO44: 0 | AP44: 0 | AQ44: 0 | AR44: 0 | AS44: 0 | AT44: 83 | AU44: 65 | AV44: 1 | AW44: 1 | AZ44: 1 | BA44: 1 | BB44: 1 | BC44: 1 | BH44: 3 | BI44: 1 | BJ44: ФССЦ-2001, 08.1.02.03-0021, приказ Минстроя России №1039/пр от 30.12.2016г. | BM44: 58001 | BN44: 0 | BP44: 0 | BQ44: 6 | BR44: 0 | BS44: 1 | BT44: 1 | BU44: 1 | BV44: 1 | BW44: 1 | BX44: 1 | BZ44: 83 | CA44: 65 | CF44: 0 | CG44: 0 | CM44: 0 | CO44: 0 | CP44: =(P44+Q44+S44) -> 546.69 | CQ44: =AC44*BC44 -> 26.41 | CR44: =AD44*BB44 -> 0 | CS44: =AE44*BS44 -> 0 | CT44: =AF44*BA44 -> 0 | CU44: =AG44 -> 0 | CV44: =AH44 -> 0 | CW44: =AI44 -> 0 | CX44: =AJ44 -> 0 | CY44: =(((S44+R44)*AT44)/100) -> 0 | CZ44: =(((S44+R44)*AU44)/100) -> 0 | DN44: 0 | DO44: 0 | DP44: 1 | DQ44: 1 | DU44: 1013 | DV44: П.М | DW44: П.М | DX44: 1 | EE44: 15139180 | EF44: 6 | EG44: Ремонтно-строительные работы | EH44: 0 | EJ44: 1 | EK44: 58001 | EL44: Крыши, кровля | EM44: рФЕР-58 | EQ44: 0 | ER44: 26.41 | ES44: 26.41 | ET44: 0 | EU44: 0 | EV44: 0 | EW44: 0 | EX44: 0 | FQ44: 0 | FR44: =ROUND(IF(AND(BH44=3,BI44=3),P44,0),2) -> 0 | FS44: 0 | FX44: 83 | FY44: 65 | GD44: 0 | GF44: 977476121 | GG44: 2 | GH44: 1 | GI44: -2 | GJ44: 0 | GK44: =ROUND(R44*(R12)/100,2) -> 0 | GL44: =ROUND(IF(AND(BH44=3,BI44=3,FS44<>0),P44,0),2) -> 0 | GM44: =ROUND(O44+X44+Y44+GK44,2)+GX44 -> 546.69 | GN44: =IF(OR(BI44=0,BI44=1),ROUND(O44+X44+Y44+GK44,2),0) -> 546.69 | GO44: =IF(BI44=2,ROUND(O44+X44+Y44+GK44,2),0) -> 0 | GP44: =IF(BI44=4,ROUND(O44+X44+Y44+GK44,2)+GX44,0) -> 0 | GR44: 0 | GS44: 3 | GT44: 0 | GV44: =ROUND(GT44,6) -> 0 | GW44: 1 | GX44: =ROUND(GV44*GW44*I44,2) -> 0 | HA44: 0 | HB44: 0 | IK44: 0
A45: 18 | B45: 1 | C45: 61 | E45: 4,4 | F45: 08.1.02.03-0021 | G45: Водоотлив оконный шириной планки 250 мм из оцинкованной стали с полимерным покрытием | H45: П.М | I45: =I37*J45 -> 20.7 | J45: 100 | O45: =ROUND(CP45,2) -> 3274.66 | P45: =ROUND(CQ45*I45,2) -> 3274.66 | Q45: =ROUND(CR45*I45,2) -> 0 | R45: =ROUND(CS45*I45,2) -> 0 | S45: =ROUND(CT45*I45,2) -> 0 | T45: =ROUND(CU45*I45,2) -> 0 | U45: =CV45*I45 -> 0 | V45: =CW45*I45 -> 0 | W45: =ROUND(CX45*I45,2) -> 0 | X45: =ROUND(CY45,2) -> 0 | Y45: =ROUND(CZ45,2) -> 0 | AA45: 16481627 | AB45: =ROUND((AC45+AD45+AF45),6) -> 26.41 | AC45: =ROUND((ES45),6) -> 26.41 | AD45: =ROUND((((ET45)-(EU45))+AE45),6) -> 0 | AE45: =ROUND((EU45),6) -> 0 | AF45: =ROUND((EV45),6) -> 0 | AG45: =ROUND((AP45),6) -> 0 | AH45: =(EW45) -> 0 | AI45: =(EX45) -> 0 | AJ45: =ROUND((AS45),6) -> 0 | AK45: 26.41 | AL45: 26.41 | AM45: 0 | AN45: 0 | AO45: 0 | AP45: 0 | AQ45: 0 | AR45: 0 | AS45: 0 | AT45: 83 | AU45: 65 | AV45: 1 | AW45: 1 | AZ45: 5.99 | BA45: 1 | BB45: 1 | BC45: 5.99 | BH45: 3 | BI45: 1 | BJ45: ФССЦ-2001, 08.1.02.03-0021, приказ Минстроя России №1039/пр от 30.12.2016г. | BM45: 58001 | BN45: 0 | BP45: 0 | BQ45: 6 | BR45: 0 | BS45: 1 | BT45: 1 | BU45: 1 | BV45: 1 | BW45: 1 | BX45: 1 | BZ45: 83 | CA45: 65 | CF45: 0 | CG45: 0 | CM45: 0 | CO45: 0 | CP45: =(P45+Q45+S45) -> 3274.66 | CQ45: =AC45*BC45 -> 158.1959 | CR45: =AD45*BB45 -> 0 | CS45: =AE45*BS45 -> 0 | CT45: =AF45*BA45 -> 0 | CU45: =AG45 -> 0 | CV45: =AH45 -> 0 | CW45: =AI45 -> 0 | CX45: =AJ45 -> 0 | CY45: =(((S45+R45)*AT45)/100) -> 0 | CZ45: =(((S45+R45)*AU45)/100) -> 0 | DN45: 0 | DO45: 0 | DP45: 1 | DQ45: 1 | DU45: 1013 | DV45: П.М | DW45: П.М | DX45: 1 | EE45: 15139180 | EF45: 6 | EG45: Ремонтно-строительные работы | EH45: 0 | EJ45: 1 | EK45: 58001 | EL45: Крыши, кровля | EM45: рФЕР-58 | EQ45: 0 | ER45: 26.41 | ES45: 26.41 | ET45: 0 | EU45: 0 | EV45: 0 | EW45: 0 | EX45: 0 | FQ45: 0 | FR45: =ROUND(IF(AND(BH45=3,BI45=3),P45,0),2) -> 0 | FS45: 0 | FX45: 83 | FY45: 65 | GD45: 0 | GF45: 977476121 | GG45: 1 | GH45: 1 | GI45: 4 | GJ45: 0 | GK45: =ROUND(R45*(S12)/100,2) -> 0 | GL45: =ROUND(IF(AND(BH45=3,BI45=3,FS45<>0),P45,0),2) -> 0 | GM45: =ROUND(O45+X45+Y45+GK45,2)+GX45 -> 3274.66 | GN45: =IF(OR(BI45=0,BI45=1),ROUND(O45+X45+Y45+GK45,2),0) -> 3274.66 | GO45: =IF(BI45=2,ROUND(O45+X45+Y45+GK45,2),0) -> 0 | GP45: =IF(BI45=4,ROUND(O45+X45+Y45+GK45,2)+GX45,0) -> 0 | GR45: 0 | GS45: 3 | GT45: 0 | GV45: =ROUND(GT45,6) -> 0 | GW45: 1 | GX45: =ROUND(GV45*GW45*I45,2) -> 0 | HA45: 0 | HB45: 0 | IK45: 0
A46: 17 | B46: 1 | C46: =ROW(SmtRes!A70) -> 70 | D46: =ROW(EtalonRes!A64) -> 64 | E46: 5 | F46: 61-2-7 | G46: Ремонт штукатурки внутренних стен по камню и бетону цементно-известковым раствором, площадью отдельных мест до 1 м2 толщиной слоя до 20 мм | H46: 100 м2 | I46: =ROUND(26.28/100,9) -> 0.2628 | J46: 0 | O46: =ROUND(CP46,2) -> 836.85 | P46: =ROUND(CQ46*I46,2) -> 299.66 | Q46: =ROUND(CR46*I46,2) -> 5.5 | R46: =ROUND(CS46*I46,2) -> 2.38 | S46: =ROUND(CT46*I46,2) -> 531.69 | T46: =ROUND(CU46*I46,2) -> 0 | U46: =CV46*I46 -> 60.01038 | V46: =CW46*I46 -> 0.176076 | W46: =ROUND(CX46*I46,2) -> 0 | X46: =ROUND(CY46,2) -> 421.92 | Y46: =ROUND(CZ46,2) -> 267.04 | AA46: 16481626 | AB46: =ROUND((AC46+AD46+AF46),6) -> 3184.37 | AC46: =ROUND((ES46),6) -> 1140.25 | AD46: =ROUND((((ET46)-(EU46))+AE46),6) -> 20.94 | AE46: =ROUND((EU46),6) -> 9.05 | AF46: =ROUND((EV46),6) -> 2023.18 | AG46: =ROUND((AP46),6) -> 0 | AH46: =(EW46) -> 228.35 | AI46: =(EX46) -> 0.67 | AJ46: =ROUND((AS46),6) -> 0 | AK46: 3184.37 | AL46: 1140.25 | AM46: 20.94 | AN46: 9.05 | AO46: 2023.18 | AP46: 0 | AQ46: 228.35 | AR46: 0.67 | AS46: 0 | AT46: 79 | AU46: 50 | AV46: 1 | AW46: 1 | AZ46: 1 | BA46: 1 | BB46: 1 | BC46: 1 | BH46: 0 | BI46: 1 | BJ46: ФЕР-2001, 61-2-7, приказ Минстроя России №1039/пр от 30.12.2016г. | BM46: 61001 | BN46: 0 | BP46: 0 | BQ46: 6 | BR46: 0 | BS46: 1 | BT46: 1 | BU46: 1 | BV46: 1 | BW46: 1 | BX46: 1 | BZ46: 79 | CA46: 50 | CF46: 0 | CG46: 0 | CM46: 0 | CO46: 0 | CP46: =(P46+Q46+S46) -> 836.85 | CQ46: =AC46*BC46 -> 1140.25 | CR46: =AD46*BB46 -> 20.94 | CS46: =AE46*BS46 -> 9.05 | CT46: =AF46*BA46 -> 2023.18 | CU46: =AG46 -> 0 | CV46: =AH46 -> 228.35 | CW46: =AI46 -> 0.67 | CX46: =AJ46 -> 0 | CY46: =(((S46+R46)*AT46)/100) -> 421.9153 | CZ46: =(((S46+R46)*AU46)/100) -> 267.035 | DN46: 0 | DO46: 0 | DP46: 1 | DQ46: 1 | DU46: 1005 | DV46: 100 м2 | DW46: 100 м2 | DX46: 100 | EE46: 15139183 | EF46: 6 | EG46: Ремонтно-строительные работы | EH46: 0 | EJ46: 1 | EK46: 61001 | EL46: Штукатрурные работы | EM46: рФЕР-61 | EQ46: 0 | ER46: 3184.37 | ES46: 1140.25 | ET46: 20.94 | EU46: 9.05 | EV46: 2023.18 | EW46: 228.35 | EX46: 0.67 | EY46: 0 | FQ46: 0 | FR46: =ROUND(IF(AND(BH46=3,BI46=3),P46,0),2) -> 0 | FS46: 0 | FX46: 79 | FY46: 50 | GD46: 0 | GF46: 517205319 | GG46: 2 | GH46: 1 | GI46: -2 | GJ46: 0 | GK46: =ROUND(R46*(R12)/100,2) -> 0 | GL46: =ROUND(IF(AND(BH46=3,BI46=3,FS46<>0),P46,0),2) -> 0 | GM46: =ROUND(O46+X46+Y46+GK46,2)+GX46 -> 1525.81 | GN46: =IF(OR(BI46=0,BI46=1),ROUND(O46+X46+Y46+GK46,2),0) -> 1525.81 | GO46: =IF(BI46=2,ROUND(O46+X46+Y46+GK46,2),0) -> 0 | GP46: =IF(BI46=4,ROUND(O46+X46+Y46+GK46,2)+GX46,0) -> 0 | GR46: 0 | GS46: 3 | GT46: 0 | GV46: =ROUND(GT46,6) -> 0 | GW46: 1 | GX46: =ROUND(GV46*GW46*I46,2) -> 0 | HA46: 0 | HB46: 0 | IK46: 0
A47: 17 | B47: 1 | C47: =ROW(SmtRes!A76) -> 76 | D47: =ROW(EtalonRes!A70) -> 70 | E47: 5 | F47: 61-2-7 | G47: Ремонт штукатурки внутренних стен по камню и бетону цементно-известковым раствором, площадью отдельных мест до 1 м2 толщиной слоя до 20 мм | H47: 100 м2 | I47: =ROUND(26.28/100,9) -> 0.2628 | J47: 0 | O47: =ROUND(CP47,2) -> 5012.74 | P47: =ROUND(CQ47*I47,2) -> 1794.95 | Q47: =ROUND(CR47*I47,2) -> 32.96 | R47: =ROUND(CS47*I47,2) -> 14.25 | S47: =ROUND(CT47*I47,2) -> 3184.83 | T47: =ROUND(CU47*I47,2) -> 0 | U47: =CV47*I47 -> 60.01038 | V47: =CW47*I47 -> 0.176076 | W47: =ROUND(CX47*I47,2) -> 0 | X47: =ROUND(CY47,2) -> 2527.27 | Y47: =ROUND(CZ47,2) -> 1599.54 | AA47: 16481627 | AB47: =ROUND((AC47+AD47+AF47),6) -> 3184.37 | AC47: =ROUND((ES47),6) -> 1140.25 | AD47: =ROUND((((ET47)-(EU47))+AE47),6) -> 20.94 | AE47: =ROUND((EU47),6) -> 9.05 | AF47: =ROUND((EV47),6) -> 2023.18 | AG47: =ROUND((AP47),6) -> 0 | AH47: =(EW47) -> 228.35 | AI47: =(EX47) -> 0.67 | AJ47: =ROUND((AS47),6) -> 0 | AK47: 3184.37 | AL47: 1140.25 | AM47: 20.94 | AN47: 9.05 | AO47: 2023.18 | AP47: 0 | AQ47: 228.35 | AR47: 0.67 | AS47: 0 | AT47: 79 | AU47: 50 | AV47: 1 | AW47: 1 | AZ47: 5.99 | BA47: 5.99 | BB47: 5.99 | BC47: 5.99 | BH47: 0 | BI47: 1 | BJ47: ФЕР-2001, 61-2-7, приказ Минстроя России №1039/пр от 30.12.2016г. | BM47: 61001 | BN47: 0 | BP47: 0 | BQ47: 6 | BR47: 0 | BS47: 5.99 | BT47: 1 | BU47: 1 | BV47: 1 | BW47: 1 | BX47: 1 | BZ47: 79 | CA47: 50 | CF47: 0 | CG47: 0 | CM47: 0 | CO47: 0 | CP47: =(P47+Q47+S47) -> 5012.74 | CQ47: =AC47*BC47 -> 6830.0975 | CR47: =AD47*BB47 -> 125.4306 | CS47: =AE47*BS47 -> 54.2095 | CT47: =AF47*BA47 -> 12118.848 | CU47: =AG47 -> 0 | CV47: =AH47 -> 228.35 | CW47: =AI47 -> 0.67 | CX47: =AJ47 -> 0 | CY47: =(((S47+R47)*AT47)/100) -> 2527.2732 | CZ47: =(((S47+R47)*AU47)/100) -> 1599.54 | DN47: 0 | DO47: 0 | DP47: 1 | DQ47: 1 | DU47: 1005 | DV47: 100 м2 | DW47: 100 м2 | DX47: 100 | EE47: 15139183 | EF47: 6 | EG47: Ремонтно-строительные работы | EH47: 0 | EJ47: 1 | EK47: 61001 | EL47: Штукатрурные работы | EM47: рФЕР-61 | EQ47: 0 | ER47: 3184.37 | ES47: 1140.25 | ET47: 20.94 | EU47: 9.05 | EV47: 2023.18 | EW47: 228.35 | EX47: 0.67 | EY47: 0 | FQ47: 0 | FR47: =ROUND(IF(AND(BH47=3,BI47=3),P47,0),2) -> 0 | FS47: 0 | FX47: 79 | FY47: 50 | GD47: 0 | GF47: 517205319 | GG47: 1 | GH47: 1 | GI47: 4 | GJ47: 0 | GK47: =ROUND(R47*(S12)/100,2) -> 0 | GL47: =ROUND(IF(AND(BH47=3,BI47=3,FS47<>0),P47,0),2) -> 0 | GM47: =ROUND(O47+X47+Y47+GK47,2)+GX47 -> 9139.55 | GN47: =IF(OR(BI47=0,BI47=1),ROUND(O47+X47+Y47+GK47,2),0) -> 9139.55 | GO47: =IF(BI47=2,ROUND(O47+X47+Y47+GK47,2),0) -> 0 | GP47: =IF(BI47=4,ROUND(O47+X47+Y47+GK47,2)+GX47,0) -> 0 | GR47: 0 | GS47: 3 | GT47: 0 | GV47: =ROUND(GT47,6) -> 0 | GW47: 1 | GX47: =ROUND(GV47*GW47*I47,2) -> 0 | HA47: 0 | HB47: 0 | IK47: 0
A48: 18 | B48: 1 | C48: 69 | E48: 5,1 | F48: 01.7.07.07 | G48: Строительный мусор | H48: т | I48: =I46*J48 -> 0.888264 | J48: 3.38 | O48: =ROUND(CP48,2) -> 0 | P48: =ROUND(CQ48*I48,2) -> 0 | Q48: =ROUND(CR48*I48,2) -> 0 | R48: =ROUND(CS48*I48,2) -> 0 | S48: =ROUND(CT48*I48,2) -> 0 | T48: =ROUND(CU48*I48,2) -> 0 | U48: =CV48*I48 -> 0 | V48: =CW48*I48 -> 0 | W48: =ROUND(CX48*I48,2) -> 0 | X48: =ROUND(CY48,2) -> 0 | Y48: =ROUND(CZ48,2) -> 0 | AA48: 16481626 | AB48: =ROUND((AC48+AD48+AF48),6) -> 0 | AC48: =ROUND((ES48),6) -> 0 | AD48: =ROUND((((ET48)-(EU48))+AE48),6) -> 0 | AE48: =ROUND((EU48),6) -> 0 | AF48: =ROUND((EV48),6) -> 0 | AG48: =ROUND((AP48),6) -> 0 | AH48: =(EW48) -> 0 | AI48: =(EX48) -> 0 | AJ48: =ROUND((AS48),6) -> 0 | AK48: 0 | AL48: 0 | AM48: 0 | AN48: 0 | AO48: 0 | AP48: 0 | AQ48: 0 | AR48: 0 | AS48: 0 | AT48: 79 | AU48: 50 | AV48: 1 | AW48: 1 | AZ48: 1 | BA48: 1 | BB48: 1 | BC48: 1 | BH48: 3 | BI48: 1 | BM48: 61001 | BN48: 0 | BP48: 0 | BQ48: 6 | BR48: 0 | BS48: 1 | BT48: 1 | BU48: 1 | BV48: 1 | BW48: 1 | BX48: 1 | BZ48: 79 | CA48: 50 | CF48: 0 | CG48: 0 | CM48: 0 | CO48: 0 | CP48: =(P48+Q48+S48) -> 0 | CQ48: =AC48*BC48 -> 0 | CR48: =AD48*BB48 -> 0 | CS48: =AE48*BS48 -> 0 | CT48: =AF48*BA48 -> 0 | CU48: =AG48 -> 0 | CV48: =AH48 -> 0 | CW48: =AI48 -> 0 | CX48: =AJ48 -> 0 | CY48: =(((S48+R48)*AT48)/100) -> 0 | CZ48: =(((S48+R48)*AU48)/100) -> 0 | DN48: 0 | DO48: 0 | DP48: 1 | DQ48: 1 | DU48: 1009 | DV48: т | DW48: т | DX48: 1000 | EE48: 15139183 | EF48: 6 | EG48: Ремонтно-строительные работы | EH48: 0 | EJ48: 1 | EK48: 61001 | EL48: Штукатрурные работы | EM48: рФЕР-61 | EQ48: 0 | ER48: 0 | ES48: 0 | ET48: 0 | EU48: 0 | EV48: 0 | EW48: 0 | EX48: 0 | FQ48: 0 | FR48: =ROUND(IF(AND(BH48=3,BI48=3),P48,0),2) -> 0 | FS48: 0 | FX48: 79 | FY48: 50 | GD48: 0 | GF48: -179832266 | GG48: 2 | GH48: 1 | GI48: -2 | GJ48: 0 | GK48: =ROUND(R48*(R12)/100,2) -> 0 | GL48: =ROUND(IF(AND(BH48=3,BI48=3,FS48<>0),P48,0),2) -> 0 | GM48: =ROUND(O48+X48+Y48+GK48,2)+GX48 -> 0 | GN48: =IF(OR(BI48=0,BI48=1),ROUND(O48+X48+Y48+GK48,2),0) -> 0 | GO48: =IF(BI48=2,ROUND(O48+X48+Y48+GK48,2),0) -> 0 | GP48: =IF(BI48=4,ROUND(O48+X48+Y48+GK48,2)+GX48,0) -> 0 | GR48: 0 | GS48: 3 | GT48: 0 | GV48: =ROUND(GT48,6) -> 0 | GW48: 1 | GX48: =ROUND(GV48*GW48*I48,2) -> 0 | HA48: 0 | HB48: 0 | IK48: 0
A49: 18 | B49: 1 | C49: 75 | E49: 5,1 | F49: 01.7.07.07 | G49: Строительный мусор | H49: т | I49: =I47*J49 -> 0.888264 | J49: 3.38 | O49: =ROUND(CP49,2) -> 0 | P49: =ROUND(CQ49*I49,2) -> 0 | Q49: =ROUND(CR49*I49,2) -> 0 | R49: =ROUND(CS49*I49,2) -> 0 | S49: =ROUND(CT49*I49,2) -> 0 | T49: =ROUND(CU49*I49,2) -> 0 | U49: =CV49*I49 -> 0 | V49: =CW49*I49 -> 0 | W49: =ROUND(CX49*I49,2) -> 0 | X49: =ROUND(CY49,2) -> 0 | Y49: =ROUND(CZ49,2) -> 0 | AA49: 16481627 | AB49: =ROUND((AC49+AD49+AF49),6) -> 0 | AC49: =ROUND((ES49),6) -> 0 | AD49: =ROUND((((ET49)-(EU49))+AE49),6) -> 0 | AE49: =ROUND((EU49),6) -> 0 | AF49: =ROUND((EV49),6) -> 0 | AG49: =ROUND((AP49),6) -> 0 | AH49: =(EW49) -> 0 | AI49: =(EX49) -> 0 | AJ49: =ROUND((AS49),6) -> 0 | AK49: 0 | AL49: 0 | AM49: 0 | AN49: 0 | AO49: 0 | AP49: 0 | AQ49: 0 | AR49: 0 | AS49: 0 | AT49: 79 | AU49: 50 | AV49: 1 | AW49: 1 | AZ49: 5.99 | BA49: 1 | BB49: 1 | BC49: 5.99 | BH49: 3 | BI49: 1 | BM49: 61001 | BN49: 0 | BP49: 0 | BQ49: 6 | BR49: 0 | BS49: 1 | BT49: 1 | BU49: 1 | BV49: 1 | BW49: 1 | BX49: 1 | BZ49: 79 | CA49: 50 | CF49: 0 | CG49: 0 | CM49: 0 | CO49: 0 | CP49: =(P49+Q49+S49) -> 0 | CQ49: =AC49*BC49 -> 0 | CR49: =AD49*BB49 -> 0 | CS49: =AE49*BS49 -> 0 | CT49: =AF49*BA49 -> 0 | CU49: =AG49 -> 0 | CV49: =AH49 -> 0 | CW49: =AI49 -> 0 | CX49: =AJ49 -> 0 | CY49: =(((S49+R49)*AT49)/100) -> 0 | CZ49: =(((S49+R49)*AU49)/100) -> 0 | DN49: 0 | DO49: 0 | DP49: 1 | DQ49: 1 | DU49: 1009 | DV49: т | DW49: т | DX49: 1000 | EE49: 15139183 | EF49: 6 | EG49: Ремонтно-строительные работы | EH49: 0 | EJ49: 1 | EK49: 61001 | EL49: Штукатрурные работы | EM49: рФЕР-61 | EQ49: 0 | ER49: 0 | ES49: 0 | ET49: 0 | EU49: 0 | EV49: 0 | EW49: 0 | EX49: 0 | FQ49: 0 | FR49: =ROUND(IF(AND(BH49=3,BI49=3),P49,0),2) -> 0 | FS49: 0 | FX49: 79 | FY49: 50 | GD49: 0 | GF49: -179832266 | GG49: 1 | GH49: 1 | GI49: 4 | GJ49: 0 | GK49: =ROUND(R49*(S12)/100,2) -> 0 | GL49: =ROUND(IF(AND(BH49=3,BI49=3,FS49<>0),P49,0),2) -> 0 | GM49: =ROUND(O49+X49+Y49+GK49,2)+GX49 -> 0 | GN49: =IF(OR(BI49=0,BI49=1),ROUND(O49+X49+Y49+GK49,2),0) -> 0 | GO49: =IF(BI49=2,ROUND(O49+X49+Y49+GK49,2),0) -> 0 | GP49: =IF(BI49=4,ROUND(O49+X49+Y49+GK49,2)+GX49,0) -> 0 | GR49: 0 | GS49: 3 | GT49: 0 | GV49: =ROUND(GT49,6) -> 0 | GW49: 1 | GX49: =ROUND(GV49*GW49*I49,2) -> 0 | HA49: 0 | HB49: 0 | IK49: 0
A50: 17 | B50: 1 | C50: =ROW(SmtRes!A89) -> 89 | D50: =ROW(EtalonRes!A82) -> 82 | E50: 6 | F50: 62-16-4 | G50: Окрашивание водоэмульсионными составами поверхностей стен, ранее окрашенных водоэмульсионной краской с расчисткой старой краски более 35% | H50: 100 м2 | I50: =ROUND(26.28/100,9) -> 0.2628 | J50: 0 | O50: =ROUND(CP50,2) -> 199.48 | P50: =ROUND(CQ50*I50,2) -> 130.41 | Q50: =ROUND(CR50*I50,2) -> 1.86 | R50: =ROUND(CS50*I50,2) -> 0.54 | S50: =ROUND(CT50*I50,2) -> 67.21 | T50: =ROUND(CU50*I50,2) -> 0 | U50: =CV50*I50 -> 7.77888 | V50: =CW50*I50 -> 0.042048 | W50: =ROUND(CX50*I50,2) -> 0 | X50: =ROUND(CY50,2) -> 54.2 | Y50: =ROUND(CZ50,2) -> 33.88 | AA50: 16481626 | AB50: =ROUND((AC50+AD50+AF50),6) -> 759.03 | AC50: =ROUND((ES50),6) -> 496.22 | AD50: =ROUND((((ET50)-(EU50))+AE50),6) -> 7.07 | AE50: =ROUND((EU50),6) -> 2.05 | AF50: =ROUND((EV50),6) -> 255.74 | AG50: =ROUND((AP50),6) -> 0 | AH50: =(EW50) -> 29.6 | AI50: =(EX50) -> 0.16 | AJ50: =ROUND((AS50),6) -> 0 | AK50: 759.03 | AL50: 496.22 | AM50: 7.07 | AN50: 2.05 | AO50: 255.74 | AP50: 0 | AQ50: 29.6 | AR50: 0.16 | AS50: 0 | AT50: 80 | AU50: 50 | AV50: 1 | AW50: 1 | AZ50: 1 | BA50: 1 | BB50: 1 | BC50: 1 | BH50: 0 | BI50: 1 | BJ50: ФЕР-2001, 62-16-4, приказ Минстроя России №1039/пр от 30.12.2016г. | BM50: 62001 | BN50: 0 | BP50: 0 | BQ50: 6 | BR50: 0 | BS50: 1 | BT50: 1 | BU50: 1 | BV50: 1 | BW50: 1 | BX50: 1 | BZ50: 80 | CA50: 50 | CF50: 0 | CG50: 0 | CM50: 0 | CO50: 0 | CP50: =(P50+Q50+S50) -> 199.48 | CQ50: =AC50*BC50 -> 496.22 | CR50: =AD50*BB50 -> 7.07 | CS50: =AE50*BS50 -> 2.05 | CT50: =AF50*BA50 -> 255.74 | CU50: =AG50 -> 0 | CV50: =AH50 -> 29.6 | CW50: =AI50 -> 0.16 | CX50: =AJ50 -> 0 | CY50: =(((S50+R50)*AT50)/100) -> 54.2 | CZ50: =(((S50+R50)*AU50)/100) -> 33.875 | DN50: 0 | DO50: 0 | DP50: 1 | DQ50: 1 | DU50: 1005 | DV50: 100 м2 | DW50: 100 м2 | DX50: 100 | EE50: 15139184 | EF50: 6 | EG50: Ремонтно-строительные работы | EH50: 0 | EJ50: 1 | EK50: 62001 | EL50: Малярные работы | EM50: рФЕР-62 | EQ50: 0 | ER50: 759.03 | ES50: 496.22 | ET50: 7.07 | EU50: 2.05 | EV50: 255.74 | EW50: 29.6 | EX50: 0.16 | EY50: 0 | FQ50: 0 | FR50: =ROUND(IF(AND(BH50=3,BI50=3),P50,0),2) -> 0 | FS50: 0 | FX50: 80 | FY50: 50 | GD50: 0 | GF50: -1358915023 | GG50: 2 | GH50: 1 | GI50: -2 | GJ50: 0 | GK50: =ROUND(R50*(R12)/100,2) -> 0 | GL50: =ROUND(IF(AND(BH50=3,BI50=3,FS50<>0),P50,0),2) -> 0 | GM50: =ROUND(O50+X50+Y50+GK50,2)+GX50 -> 287.56 | GN50: =IF(OR(BI50=0,BI50=1),ROUND(O50+X50+Y50+GK50,2),0) -> 287.56 | GO50: =IF(BI50=2,ROUND(O50+X50+Y50+GK50,2),0) -> 0 | GP50: =IF(BI50=4,ROUND(O50+X50+Y50+GK50,2)+GX50,0) -> 0 | GR50: 0 | GS50: 3 | GT50: 0 | GV50: =ROUND(GT50,6) -> 0 | GW50: 1 | GX50: =ROUND(GV50*GW50*I50,2) -> 0 | HA50: 0 | HB50: 0 | IK50: 0
A51: 17 | B51: 1 | C51: =ROW(SmtRes!A102) -> 102 | D51: =ROW(EtalonRes!A94) -> 94 | E51: 6 | F51: 62-16-4 | G51: Окрашивание водоэмульсионными составами поверхностей стен, ранее окрашенных водоэмульсионной краской с расчисткой старой краски более 35% | H51: 100 м2 | I51: =ROUND(26.28/100,9) -> 0.2628 | J51: 0 | O51: =ROUND(CP51,2) -> 1194.85 | P51: =ROUND(CQ51*I51,2) -> 781.14 | Q51: =ROUND(CR51*I51,2) -> 11.13 | R51: =ROUND(CS51*I51,2) -> 3.23 | S51: =ROUND(CT51*I51,2) -> 402.58 | T51: =ROUND(CU51*I51,2) -> 0 | U51: =CV51*I51 -> 7.77888 | V51: =CW51*I51 -> 0.042048 | W51: =ROUND(CX51*I51,2) -> 0 | X51: =ROUND(CY51,2) -> 324.65 | Y51: =ROUND(CZ51,2) -> 202.91 | AA51: 16481627 | AB51: =ROUND((AC51+AD51+AF51),6) -> 759.03 | AC51: =ROUND((ES51),6) -> 496.22 | AD51: =ROUND((((ET51)-(EU51))+AE51),6) -> 7.07 | AE51: =ROUND((EU51),6) -> 2.05 | AF51: =ROUND((EV51),6) -> 255.74 | AG51: =ROUND((AP51),6) -> 0 | AH51: =(EW51) -> 29.6 | AI51: =(EX51) -> 0.16 | AJ51: =ROUND((AS51),6) -> 0 | AK51: 759.03 | AL51: 496.22 | AM51: 7.07 | AN51: 2.05 | AO51: 255.74 | AP51: 0 | AQ51: 29.6 | AR51: 0.16 | AS51: 0 | AT51: 80 | AU51: 50 | AV51: 1 | AW51: 1 | AZ51: 5.99 | BA51: 5.99 | BB51: 5.99 | BC51: 5.99 | BH51: 0 | BI51: 1 | BJ51: ФЕР-2001, 62-16-4, приказ Минстроя России №1039/пр от 30.12.2016г. | BM51: 62001 | BN51: 0 | BP51: 0 | BQ51: 6 | BR51: 0 | BS51: 5.99 | BT51: 1 | BU51: 1 | BV51: 1 | BW51: 1 | BX51: 1 | BZ51: 80 | CA51: 50 | CF51: 0 | CG51: 0 | CM51: 0 | CO51: 0 | CP51: =(P51+Q51+S51) -> 1194.85 | CQ51: =AC51*BC51 -> 2972.3578 | CR51: =AD51*BB51 -> 42.3493 | CS51: =AE51*BS51 -> 12.2795 | CT51: =AF51*BA51 -> 1531.8826 | CU51: =AG51 -> 0 | CV51: =AH51 -> 29.6 | CW51: =AI51 -> 0.16 | CX51: =AJ51 -> 0 | CY51: =(((S51+R51)*AT51)/100) -> 324.648 | CZ51: =(((S51+R51)*AU51)/100) -> 202.905 | DN51: 0 | DO51: 0 | DP51: 1 | DQ51: 1 | DU51: 1005 | DV51: 100 м2 | DW51: 100 м2 | DX51: 100 | EE51: 15139184 | EF51: 6 | EG51: Ремонтно-строительные работы | EH51: 0 | EJ51: 1 | EK51: 62001 | EL51: Малярные работы | EM51: рФЕР-62 | EQ51: 0 | ER51: 759.03 | ES51: 496.22 | ET51: 7.07 | EU51: 2.05 | EV51: 255.74 | EW51: 29.6 | EX51: 0.16 | EY51: 0 | FQ51: 0 | FR51: =ROUND(IF(AND(BH51=3,BI51=3),P51,0),2) -> 0 | FS51: 0 | FX51: 80 | FY51: 50 | GD51: 0 | GF51: -1358915023 | GG51: 1 | GH51: 1 | GI51: 4 | GJ51: 0 | GK51: =ROUND(R51*(S12)/100,2) -> 0 | GL51: =ROUND(IF(AND(BH51=3,BI51=3,FS51<>0),P51,0),2) -> 0 | GM51: =ROUND(O51+X51+Y51+GK51,2)+GX51 -> 1722.41 | GN51: =IF(OR(BI51=0,BI51=1),ROUND(O51+X51+Y51+GK51,2),0) -> 1722.41 | GO51: =IF(BI51=2,ROUND(O51+X51+Y51+GK51,2),0) -> 0 | GP51: =IF(BI51=4,ROUND(O51+X51+Y51+GK51,2)+GX51,0) -> 0 | GR51: 0 | GS51: 3 | GT51: 0 | GV51: =ROUND(GT51,6) -> 0 | GW51: 1 | GX51: =ROUND(GV51*GW51*I51,2) -> 0 | HA51: 0 | HB51: 0 | IK51: 0
A52: 18 | B52: 1 | C52: 87 | E52: 6,1 | F52: 14.3.02.01 | G52: Краска водоэмульсионная | H52: т | I52: =I50*J52 -> 0.018659 | J52: 0.071000761 | O52: =ROUND(CP52,2) -> 0 | P52: =ROUND(CQ52*I52,2) -> 0 | Q52: =ROUND(CR52*I52,2) -> 0 | R52: =ROUND(CS52*I52,2) -> 0 | S52: =ROUND(CT52*I52,2) -> 0 | T52: =ROUND(CU52*I52,2) -> 0 | U52: =CV52*I52 -> 0 | V52: =CW52*I52 -> 0 | W52: =ROUND(CX52*I52,2) -> 0 | X52: =ROUND(CY52,2) -> 0 | Y52: =ROUND(CZ52,2) -> 0 | AA52: 16481626 | AB52: =ROUND((AC52+AD52+AF52),6) -> 0 | AC52: =ROUND((ES52),6) -> 0 | AD52: =ROUND((((ET52)-(EU52))+AE52),6) -> 0 | AE52: =ROUND((EU52),6) -> 0 | AF52: =ROUND((EV52),6) -> 0 | AG52: =ROUND((AP52),6) -> 0 | AH52: =(EW52) -> 0 | AI52: =(EX52) -> 0 | AJ52: =ROUND((AS52),6) -> 0 | AK52: 0 | AL52: 0 | AM52: 0 | AN52: 0 | AO52: 0 | AP52: 0 | AQ52: 0 | AR52: 0 | AS52: 0 | AT52: 80 | AU52: 50 | AV52: 1 | AW52: 1 | AZ52: 1 | BA52: 1 | BB52: 1 | BC52: 1 | BH52: 3 | BI52: 1 | BM52: 62001 | BN52: 0 | BP52: 0 | BQ52: 6 | BR52: 0 | BS52: 1 | BT52: 1 | BU52: 1 | BV52: 1 | BW52: 1 | BX52: 1 | BZ52: 80 | CA52: 50 | CF52: 0 | CG52: 0 | CM52: 0 | CO52: 0 | CP52: =(P52+Q52+S52) -> 0 | CQ52: =AC52*BC52 -> 0 | CR52: =AD52*BB52 -> 0 | CS52: =AE52*BS52 -> 0 | CT52: =AF52*BA52 -> 0 | CU52: =AG52 -> 0 | CV52: =AH52 -> 0 | CW52: =AI52 -> 0 | CX52: =AJ52 -> 0 | CY52: =(((S52+R52)*AT52)/100) -> 0 | CZ52: =(((S52+R52)*AU52)/100) -> 0 | DN52: 0 | DO52: 0 | DP52: 1 | DQ52: 1 | DU52: 1009 | DV52: т | DW52: т | DX52: 1000 | EE52: 15139184 | EF52: 6 | EG52: Ремонтно-строительные работы | EH52: 0 | EJ52: 1 | EK52: 62001 | EL52: Малярные работы | EM52: рФЕР-62 | EQ52: 0 | ER52: 0 | ES52: 0 | ET52: 0 | EU52: 0 | EV52: 0 | EW52: 0 | EX52: 0 | FQ52: 0 | FR52: =ROUND(IF(AND(BH52=3,BI52=3),P52,0),2) -> 0 | FS52: 0 | FX52: 80 | FY52: 50 | GD52: 0 | GF52: 1891904026 | GG52: 2 | GH52: 1 | GI52: -2 | GJ52: 0 | GK52: =ROUND(R52*(R12)/100,2) -> 0 | GL52: =ROUND(IF(AND(BH52=3,BI52=3,FS52<>0),P52,0),2) -> 0 | GM52: =ROUND(O52+X52+Y52+GK52,2)+GX52 -> 0 | GN52: =IF(OR(BI52=0,BI52=1),ROUND(O52+X52+Y52+GK52,2),0) -> 0 | GO52: =IF(BI52=2,ROUND(O52+X52+Y52+GK52,2),0) -> 0 | GP52: =IF(BI52=4,ROUND(O52+X52+Y52+GK52,2)+GX52,0) -> 0 | GR52: 0 | GS52: 3 | GT52: 0 | GV52: =ROUND(GT52,6) -> 0 | GW52: 1 | GX52: =ROUND(GV52*GW52*I52,2) -> 0 | HA52: 0 | HB52: 0 | IK52: 0
A53: 18 | B53: 1 | C53: 100 | E53: 6,1 | F53: 14.3.02.01 | G53: Краска водоэмульсионная | H53: т | I53: =I51*J53 -> 0.018659 | J53: 0.071000761 | O53: =ROUND(CP53,2) -> 0 | P53: =ROUND(CQ53*I53,2) -> 0 | Q53: =ROUND(CR53*I53,2) -> 0 | R53: =ROUND(CS53*I53,2) -> 0 | S53: =ROUND(CT53*I53,2) -> 0 | T53: =ROUND(CU53*I53,2) -> 0 | U53: =CV53*I53 -> 0 | V53: =CW53*I53 -> 0 | W53: =ROUND(CX53*I53,2) -> 0 | X53: =ROUND(CY53,2) -> 0 | Y53: =ROUND(CZ53,2) -> 0 | AA53: 16481627 | AB53: =ROUND((AC53+AD53+AF53),6) -> 0 | AC53: =ROUND((ES53),6) -> 0 | AD53: =ROUND((((ET53)-(EU53))+AE53),6) -> 0 | AE53: =ROUND((EU53),6) -> 0 | AF53: =ROUND((EV53),6) -> 0 | AG53: =ROUND((AP53),6) -> 0 | AH53: =(EW53) -> 0 | AI53: =(EX53) -> 0 | AJ53: =ROUND((AS53),6) -> 0 | AK53: 0 | AL53: 0 | AM53: 0 | AN53: 0 | AO53: 0 | AP53: 0 | AQ53: 0 | AR53: 0 | AS53: 0 | AT53: 80 | AU53: 50 | AV53: 1 | AW53: 1 | AZ53: 5.99 | BA53: 1 | BB53: 1 | BC53: 5.99 | BH53: 3 | BI53: 1 | BM53: 62001 | BN53: 0 | BP53: 0 | BQ53: 6 | BR53: 0 | BS53: 1 | BT53: 1 | BU53: 1 | BV53: 1 | BW53: 1 | BX53: 1 | BZ53: 80 | CA53: 50 | CF53: 0 | CG53: 0 | CM53: 0 | CO53: 0 | CP53: =(P53+Q53+S53) -> 0 | CQ53: =AC53*BC53 -> 0 | CR53: =AD53*BB53 -> 0 | CS53: =AE53*BS53 -> 0 | CT53: =AF53*BA53 -> 0 | CU53: =AG53 -> 0 | CV53: =AH53 -> 0 | CW53: =AI53 -> 0 | CX53: =AJ53 -> 0 | CY53: =(((S53+R53)*AT53)/100) -> 0 | CZ53: =(((S53+R53)*AU53)/100) -> 0 | DN53: 0 | DO53: 0 | DP53: 1 | DQ53: 1 | DU53: 1009 | DV53: т | DW53: т | DX53: 1000 | EE53: 15139184 | EF53: 6 | EG53: Ремонтно-строительные работы | EH53: 0 | EJ53: 1 | EK53: 62001 | EL53: Малярные работы | EM53: рФЕР-62 | EQ53: 0 | ER53: 0 | ES53: 0 | ET53: 0 | EU53: 0 | EV53: 0 | EW53: 0 | EX53: 0 | FQ53: 0 | FR53: =ROUND(IF(AND(BH53=3,BI53=3),P53,0),2) -> 0 | FS53: 0 | FX53: 80 | FY53: 50 | GD53: 0 | GF53: 1891904026 | GG53: 1 | GH53: 1 | GI53: 4 | GJ53: 0 | GK53: =ROUND(R53*(S12)/100,2) -> 0 | GL53: =ROUND(IF(AND(BH53=3,BI53=3,FS53<>0),P53,0),2) -> 0 | GM53: =ROUND(O53+X53+Y53+GK53,2)+GX53 -> 0 | GN53: =IF(OR(BI53=0,BI53=1),ROUND(O53+X53+Y53+GK53,2),0) -> 0 | GO53: =IF(BI53=2,ROUND(O53+X53+Y53+GK53,2),0) -> 0 | GP53: =IF(BI53=4,ROUND(O53+X53+Y53+GK53,2)+GX53,0) -> 0 | GR53: 0 | GS53: 3 | GT53: 0 | GV53: =ROUND(GT53,6) -> 0 | GW53: 1 | GX53: =ROUND(GV53*GW53*I53,2) -> 0 | HA53: 0 | HB53: 0 | IK53: 0
A54: 18 | B54: 1 | C54: 88 | E54: 6,2 | F54: 14.3.02.01-0223 | G54: Краска водоэмульсионная для внутренних работ ВАК-15 | H54: т | I54: =I50*J54 -> 0.01866 | J54: 0.071004566 | O54: =ROUND(CP54,2) -> 372.71 | P54: =ROUND(CQ54*I54,2) -> 372.71 | Q54: =ROUND(CR54*I54,2) -> 0 | R54: =ROUND(CS54*I54,2) -> 0 | S54: =ROUND(CT54*I54,2) -> 0 | T54: =ROUND(CU54*I54,2) -> 0 | U54: =CV54*I54 -> 0 | V54: =CW54*I54 -> 0 | W54: =ROUND(CX54*I54,2) -> 0 | X54: =ROUND(CY54,2) -> 0 | Y54: =ROUND(CZ54,2) -> 0 | AA54: 16481626 | AB54: =ROUND((AC54+AD54+AF54),6) -> 19973.67 | AC54: =ROUND((ES54),6) -> 19973.67 | AD54: =ROUND((((ET54)-(EU54))+AE54),6) -> 0 | AE54: =ROUND((EU54),6) -> 0 | AF54: =ROUND((EV54),6) -> 0 | AG54: =ROUND((AP54),6) -> 0 | AH54: =(EW54) -> 0 | AI54: =(EX54) -> 0 | AJ54: =ROUND((AS54),6) -> 0 | AK54: 19973.67 | AL54: 19973.67 | AM54: 0 | AN54: 0 | AO54: 0 | AP54: 0 | AQ54: 0 | AR54: 0 | AS54: 0 | AT54: 80 | AU54: 50 | AV54: 1 | AW54: 1 | AZ54: 1 | BA54: 1 | BB54: 1 | BC54: 1 | BH54: 3 | BI54: 1 | BJ54: ФССЦ-2001, 14.3.02.01-0223, приказ Минстроя России №1039/пр от 30.12.2016г. | BM54: 62001 | BN54: 0 | BP54: 0 | BQ54: 6 | BR54: 0 | BS54: 1 | BT54: 1 | BU54: 1 | BV54: 1 | BW54: 1 | BX54: 1 | BZ54: 80 | CA54: 50 | CF54: 0 | CG54: 0 | CM54: 0 | CO54: 0 | CP54: =(P54+Q54+S54) -> 372.71 | CQ54: =AC54*BC54 -> 19973.67 | CR54: =AD54*BB54 -> 0 | CS54: =AE54*BS54 -> 0 | CT54: =AF54*BA54 -> 0 | CU54: =AG54 -> 0 | CV54: =AH54 -> 0 | CW54: =AI54 -> 0 | CX54: =AJ54 -> 0 | CY54: =(((S54+R54)*AT54)/100) -> 0 | CZ54: =(((S54+R54)*AU54)/100) -> 0 | DN54: 0 | DO54: 0 | DP54: 1 | DQ54: 1 | DU54: 1009 | DV54: т | DW54: т | DX54: 1000 | EE54: 15139184 | EF54: 6 | EG54: Ремонтно-строительные работы | EH54: 0 | EJ54: 1 | EK54: 62001 | EL54: Малярные работы | EM54: рФЕР-62 | EQ54: 0 | ER54: 19973.67 | ES54: 19973.67 | ET54: 0 | EU54: 0 | EV54: 0 | EW54: 0 | EX54: 0 | FQ54: 0 | FR54: =ROUND(IF(AND(BH54=3,BI54=3),P54,0),2) -> 0 | FS54: 0 | FX54: 80 | FY54: 50 | GD54: 0 | GF54: 772632804 | GG54: 2 | GH54: 1 | GI54: -2 | GJ54: 0 | GK54: =ROUND(R54*(R12)/100,2) -> 0 | GL54: =ROUND(IF(AND(BH54=3,BI54=3,FS54<>0),P54,0),2) -> 0 | GM54: =ROUND(O54+X54+Y54+GK54,2)+GX54 -> 372.71 | GN54: =IF(OR(BI54=0,BI54=1),ROUND(O54+X54+Y54+GK54,2),0) -> 372.71 | GO54: =IF(BI54=2,ROUND(O54+X54+Y54+GK54,2),0) -> 0 | GP54: =IF(BI54=4,ROUND(O54+X54+Y54+GK54,2)+GX54,0) -> 0 | GR54: 0 | GS54: 3 | GT54: 0 | GV54: =ROUND(GT54,6) -> 0 | GW54: 1 | GX54: =ROUND(GV54*GW54*I54,2) -> 0 | HA54: 0 | HB54: 0 | IK54: 0
A55: 18 | B55: 1 | C55: 101 | E55: 6,2 | F55: 14.3.02.01-0223 | G55: Краска водоэмульсионная для внутренних работ ВАК-15 | H55: т | I55: =I51*J55 -> 0.01866 | J55: 0.071004566 | O55: =ROUND(CP55,2) -> 2232.53 | P55: =ROUND(CQ55*I55,2) -> 2232.53 | Q55: =ROUND(CR55*I55,2) -> 0 | R55: =ROUND(CS55*I55,2) -> 0 | S55: =ROUND(CT55*I55,2) -> 0 | T55: =ROUND(CU55*I55,2) -> 0 | U55: =CV55*I55 -> 0 | V55: =CW55*I55 -> 0 | W55: =ROUND(CX55*I55,2) -> 0 | X55: =ROUND(CY55,2) -> 0 | Y55: =ROUND(CZ55,2) -> 0 | AA55: 16481627 | AB55: =ROUND((AC55+AD55+AF55),6) -> 19973.67 | AC55: =ROUND((ES55),6) -> 19973.67 | AD55: =ROUND((((ET55)-(EU55))+AE55),6) -> 0 | AE55: =ROUND((EU55),6) -> 0 | AF55: =ROUND((EV55),6) -> 0 | AG55: =ROUND((AP55),6) -> 0 | AH55: =(EW55) -> 0 | AI55: =(EX55) -> 0 | AJ55: =ROUND((AS55),6) -> 0 | AK55: 19973.67 | AL55: 19973.67 | AM55: 0 | AN55: 0 | AO55: 0 | AP55: 0 | AQ55: 0 | AR55: 0 | AS55: 0 | AT55: 80 | AU55: 50 | AV55: 1 | AW55: 1 | AZ55: 5.99 | BA55: 1 | BB55: 1 | BC55: 5.99 | BH55: 3 | BI55: 1 | BJ55: ФССЦ-2001, 14.3.02.01-0223, приказ Минстроя России №1039/пр от 30.12.2016г. | BM55: 62001 | BN55: 0 | BP55: 0 | BQ55: 6 | BR55: 0 | BS55: 1 | BT55: 1 | BU55: 1 | BV55: 1 | BW55: 1 | BX55: 1 | BZ55: 80 | CA55: 50 | CF55: 0 | CG55: 0 | CM55: 0 | CO55: 0 | CP55: =(P55+Q55+S55) -> 2232.53 | CQ55: =AC55*BC55 -> 119642.28 | CR55: =AD55*BB55 -> 0 | CS55: =AE55*BS55 -> 0 | CT55: =AF55*BA55 -> 0 | CU55: =AG55 -> 0 | CV55: =AH55 -> 0 | CW55: =AI55 -> 0 | CX55: =AJ55 -> 0 | CY55: =(((S55+R55)*AT55)/100) -> 0 | CZ55: =(((S55+R55)*AU55)/100) -> 0 | DN55: 0 | DO55: 0 | DP55: 1 | DQ55: 1 | DU55: 1009 | DV55: т | DW55: т | DX55: 1000 | EE55: 15139184 | EF55: 6 | EG55: Ремонтно-строительные работы | EH55: 0 | EJ55: 1 | EK55: 62001 | EL55: Малярные работы | EM55: рФЕР-62 | EQ55: 0 | ER55: 19973.67 | ES55: 19973.67 | ET55: 0 | EU55: 0 | EV55: 0 | EW55: 0 | EX55: 0 | FQ55: 0 | FR55: =ROUND(IF(AND(BH55=3,BI55=3),P55,0),2) -> 0 | FS55: 0 | FX55: 80 | FY55: 50 | GD55: 0 | GF55: 772632804 | GG55: 1 | GH55: 1 | GI55: 4 | GJ55: 0 | GK55: =ROUND(R55*(S12)/100,2) -> 0 | GL55: =ROUND(IF(AND(BH55=3,BI55=3,FS55<>0),P55,0),2) -> 0 | GM55: =ROUND(O55+X55+Y55+GK55,2)+GX55 -> 2232.53 | GN55: =IF(OR(BI55=0,BI55=1),ROUND(O55+X55+Y55+GK55,2),0) -> 2232.53 | GO55: =IF(BI55=2,ROUND(O55+X55+Y55+GK55,2),0) -> 0 | GP55: =IF(BI55=4,ROUND(O55+X55+Y55+GK55,2)+GX55,0) -> 0 | GR55: 0 | GS55: 3 | GT55: 0 | GV55: =ROUND(GT55,6) -> 0 | GW55: 1 | GX55: =ROUND(GV55*GW55*I55,2) -> 0 | HA55: 0 | HB55: 0 | IK55: 0
A56: 17 | B56: 1 | C56: =ROW(SmtRes!A107) -> 107 | D56: =ROW(EtalonRes!A99) -> 99 | E56: 7 | F56: 61-10-3 | G56: Ремонт штукатурки гладких фасадов по камню и бетону с земли и лесов цементно-известковым раствором площадью отдельных мест более 5 м2 толщиной слоя до 20 мм | H56: 100 м2 | I56: =ROUND(21.6/100,9) -> 0.216 | J56: 0 | O56: =ROUND(CP56,2) -> 601.94 | P56: =ROUND(CQ56*I56,2) -> 246.29 | Q56: =ROUND(CR56*I56,2) -> 0.26 | R56: =ROUND(CS56*I56,2) -> 0 | S56: =ROUND(CT56*I56,2) -> 355.39 | T56: =ROUND(CU56*I56,2) -> 0 | U56: =CV56*I56 -> 40.662 | V56: =CW56*I56 -> 0 | W56: =ROUND(CX56*I56,2) -> 0 | X56: =ROUND(CY56,2) -> 280.76 | Y56: =ROUND(CZ56,2) -> 177.7 | AA56: 16481626 | AB56: =ROUND((AC56+AD56+AF56),6) -> 2786.77 | AC56: =ROUND((ES56),6) -> 1140.25 | AD56: =ROUND((((ET56)-(EU56))+AE56),6) -> 1.21 | AE56: =ROUND((EU56),6) -> 0 | AF56: =ROUND((EV56),6) -> 1645.31 | AG56: =ROUND((AP56),6) -> 0 | AH56: =(EW56) -> 188.25 | AI56: =(EX56) -> 0 | AJ56: =ROUND((AS56),6) -> 0 | AK56: 2786.77 | AL56: 1140.25 | AM56: 1.21 | AN56: 0 | AO56: 1645.31 | AP56: 0 | AQ56: 188.25 | AR56: 0 | AS56: 0 | AT56: 79 | AU56: 50 | AV56: 1 | AW56: 1 | AZ56: 1 | BA56: 1 | BB56: 1 | BC56: 1 | BH56: 0 | BI56: 1 | BJ56: ФЕР-2001, 61-10-3, приказ Минстроя России №1039/пр от 30.12.2016г. | BM56: 61001 | BN56: 0 | BP56: 0 | BQ56: 6 | BR56: 0 | BS56: 1 | BT56: 1 | BU56: 1 | BV56: 1 | BW56: 1 | BX56: 1 | BZ56: 79 | CA56: 50 | CF56: 0 | CG56: 0 | CM56: 0 | CO56: 0 | CP56: =(P56+Q56+S56) -> 601.94 | CQ56: =AC56*BC56 -> 1140.25 | CR56: =AD56*BB56 -> 1.21 | CS56: =AE56*BS56 -> 0 | CT56: =AF56*BA56 -> 1645.31 | CU56: =AG56 -> 0 | CV56: =AH56 -> 188.25 | CW56: =AI56 -> 0 | CX56: =AJ56 -> 0 | CY56: =(((S56+R56)*AT56)/100) -> 280.7581 | CZ56: =(((S56+R56)*AU56)/100) -> 177.695 | DN56: 0 | DO56: 0 | DP56: 1 | DQ56: 1 | DU56: 1005 | DV56: 100 м2 | DW56: 100 м2 | DX56: 100 | EE56: 15139183 | EF56: 6 | EG56: Ремонтно-строительные работы | EH56: 0 | EJ56: 1 | EK56: 61001 | EL56: Штукатрурные работы | EM56: рФЕР-61 | EQ56: 0 | ER56: 2786.77 | ES56: 1140.25 | ET56: 1.21 | EU56: 0 | EV56: 1645.31 | EW56: 188.25 | EX56: 0 | EY56: 0 | FQ56: 0 | FR56: =ROUND(IF(AND(BH56=3,BI56=3),P56,0),2) -> 0 | FS56: 0 | FX56: 79 | FY56: 50 | GD56: 0 | GF56: 1088305754 | GG56: 2 | GH56: 1 | GI56: -2 | GJ56: 0 | GK56: =ROUND(R56*(R12)/100,2) -> 0 | GL56: =ROUND(IF(AND(BH56=3,BI56=3,FS56<>0),P56,0),2) -> 0 | GM56: =ROUND(O56+X56+Y56+GK56,2)+GX56 -> 1060.4 | GN56: =IF(OR(BI56=0,BI56=1),ROUND(O56+X56+Y56+GK56,2),0) -> 1060.4 | GO56: =IF(BI56=2,ROUND(O56+X56+Y56+GK56,2),0) -> 0 | GP56: =IF(BI56=4,ROUND(O56+X56+Y56+GK56,2)+GX56,0) -> 0 | GR56: 0 | GS56: 3 | GT56: 0 | GV56: =ROUND(GT56,6) -> 0 | GW56: 1 | GX56: =ROUND(GV56*GW56*I56,2) -> 0 | HA56: 0 | HB56: 0 | IK56: 0
A57: 17 | B57: 1 | C57: =ROW(SmtRes!A112) -> 112 | D57: =ROW(EtalonRes!A104) -> 104 | E57: 7 | F57: 61-10-3 | G57: Ремонт штукатурки гладких фасадов по камню и бетону с земли и лесов цементно-известковым раствором площадью отдельных мест более 5 м2 толщиной слоя до 20 мм | H57: 100 м2 | I57: =ROUND(21.6/100,9) -> 0.216 | J57: 0 | O57: =ROUND(CP57,2) -> 3605.64 | P57: =ROUND(CQ57*I57,2) -> 1475.3 | Q57: =ROUND(CR57*I57,2) -> 1.57 | R57: =ROUND(CS57*I57,2) -> 0 | S57: =ROUND(CT57*I57,2) -> 2128.77 | T57: =ROUND(CU57*I57,2) -> 0 | U57: =CV57*I57 -> 40.662 | V57: =CW57*I57 -> 0 | W57: =ROUND(CX57*I57,2) -> 0 | X57: =ROUND(CY57,2) -> 1681.73 | Y57: =ROUND(CZ57,2) -> 1064.39 | AA57: 16481627 | AB57: =ROUND((AC57+AD57+AF57),6) -> 2786.77 | AC57: =ROUND((ES57),6) -> 1140.25 | AD57: =ROUND((((ET57)-(EU57))+AE57),6) -> 1.21 | AE57: =ROUND((EU57),6) -> 0 | AF57: =ROUND((EV57),6) -> 1645.31 | AG57: =ROUND((AP57),6) -> 0 | AH57: =(EW57) -> 188.25 | AI57: =(EX57) -> 0 | AJ57: =ROUND((AS57),6) -> 0 | AK57: 2786.77 | AL57: 1140.25 | AM57: 1.21 | AN57: 0 | AO57: 1645.31 | AP57: 0 | AQ57: 188.25 | AR57: 0 | AS57: 0 | AT57: 79 | AU57: 50 | AV57: 1 | AW57: 1 | AZ57: 5.99 | BA57: 5.99 | BB57: 5.99 | BC57: 5.99 | BH57: 0 | BI57: 1 | BJ57: ФЕР-2001, 61-10-3, приказ Минстроя России №1039/пр от 30.12.2016г. | BM57: 61001 | BN57: 0 | BP57: 0 | BQ57: 6 | BR57: 0 | BS57: 5.99 | BT57: 1 | BU57: 1 | BV57: 1 | BW57: 1 | BX57: 1 | BZ57: 79 | CA57: 50 | CF57: 0 | CG57: 0 | CM57: 0 | CO57: 0 | CP57: =(P57+Q57+S57) -> 3605.64 | CQ57: =AC57*BC57 -> 6830.0975 | CR57: =AD57*BB57 -> 7.2479 | CS57: =AE57*BS57 -> 0 | CT57: =AF57*BA57 -> 9855.4069 | CU57: =AG57 -> 0 | CV57: =AH57 -> 188.25 | CW57: =AI57 -> 0 | CX57: =AJ57 -> 0 | CY57: =(((S57+R57)*AT57)/100) -> 1681.7283 | CZ57: =(((S57+R57)*AU57)/100) -> 1064.385 | DN57: 0 | DO57: 0 | DP57: 1 | DQ57: 1 | DU57: 1005 | DV57: 100 м2 | DW57: 100 м2 | DX57: 100 | EE57: 15139183 | EF57: 6 | EG57: Ремонтно-строительные работы | EH57: 0 | EJ57: 1 | EK57: 61001 | EL57: Штукатрурные работы | EM57: рФЕР-61 | EQ57: 0 | ER57: 2786.77 | ES57: 1140.25 | ET57: 1.21 | EU57: 0 | EV57: 1645.31 | EW57: 188.25 | EX57: 0 | EY57: 0 | FQ57: 0 | FR57: =ROUND(IF(AND(BH57=3,BI57=3),P57,0),2) -> 0 | FS57: 0 | FX57: 79 | FY57: 50 | GD57: 0 | GF57: 1088305754 | GG57: 1 | GH57: 1 | GI57: 4 | GJ57: 0 | GK57: =ROUND(R57*(S12)/100,2) -> 0 | GL57: =ROUND(IF(AND(BH57=3,BI57=3,FS57<>0),P57,0),2) -> 0 | GM57: =ROUND(O57+X57+Y57+GK57,2)+GX57 -> 6351.76 | GN57: =IF(OR(BI57=0,BI57=1),ROUND(O57+X57+Y57+GK57,2),0) -> 6351.76 | GO57: =IF(BI57=2,ROUND(O57+X57+Y57+GK57,2),0) -> 0 | GP57: =IF(BI57=4,ROUND(O57+X57+Y57+GK57,2)+GX57,0) -> 0 | GR57: 0 | GS57: 3 | GT57: 0 | GV57: =ROUND(GT57,6) -> 0 | GW57: 1 | GX57: =ROUND(GV57*GW57*I57,2) -> 0 | HA57: 0 | HB57: 0 | IK57: 0
A58: 18 | B58: 1 | C58: 106 | E58: 7,1 | F58: 01.7.07.07 | G58: Строительный мусор | H58: т | I58: =I56*J58 -> 1.04544 | J58: 4.84 | O58: =ROUND(CP58,2) -> 0 | P58: =ROUND(CQ58*I58,2) -> 0 | Q58: =ROUND(CR58*I58,2) -> 0 | R58: =ROUND(CS58*I58,2) -> 0 | S58: =ROUND(CT58*I58,2) -> 0 | T58: =ROUND(CU58*I58,2) -> 0 | U58: =CV58*I58 -> 0 | V58: =CW58*I58 -> 0 | W58: =ROUND(CX58*I58,2) -> 0 | X58: =ROUND(CY58,2) -> 0 | Y58: =ROUND(CZ58,2) -> 0 | AA58: 16481626 | AB58: =ROUND((AC58+AD58+AF58),6) -> 0 | AC58: =ROUND((ES58),6) -> 0 | AD58: =ROUND((((ET58)-(EU58))+AE58),6) -> 0 | AE58: =ROUND((EU58),6) -> 0 | AF58: =ROUND((EV58),6) -> 0 | AG58: =ROUND((AP58),6) -> 0 | AH58: =(EW58) -> 0 | AI58: =(EX58) -> 0 | AJ58: =ROUND((AS58),6) -> 0 | AK58: 0 | AL58: 0 | AM58: 0 | AN58: 0 | AO58: 0 | AP58: 0 | AQ58: 0 | AR58: 0 | AS58: 0 | AT58: 79 | AU58: 50 | AV58: 1 | AW58: 1 | AZ58: 1 | BA58: 1 | BB58: 1 | BC58: 1 | BH58: 3 | BI58: 1 | BM58: 61001 | BN58: 0 | BP58: 0 | BQ58: 6 | BR58: 0 | BS58: 1 | BT58: 1 | BU58: 1 | BV58: 1 | BW58: 1 | BX58: 1 | BZ58: 79 | CA58: 50 | CF58: 0 | CG58: 0 | CM58: 0 | CO58: 0 | CP58: =(P58+Q58+S58) -> 0 | CQ58: =AC58*BC58 -> 0 | CR58: =AD58*BB58 -> 0 | CS58: =AE58*BS58 -> 0 | CT58: =AF58*BA58 -> 0 | CU58: =AG58 -> 0 | CV58: =AH58 -> 0 | CW58: =AI58 -> 0 | CX58: =AJ58 -> 0 | CY58: =(((S58+R58)*AT58)/100) -> 0 | CZ58: =(((S58+R58)*AU58)/100) -> 0 | DN58: 0 | DO58: 0 | DP58: 1 | DQ58: 1 | DU58: 1009 | DV58: т | DW58: т | DX58: 1000 | EE58: 15139183 | EF58: 6 | EG58: Ремонтно-строительные работы | EH58: 0 | EJ58: 1 | EK58: 61001 | EL58: Штукатрурные работы | EM58: рФЕР-61 | EQ58: 0 | ER58: 0 | ES58: 0 | ET58: 0 | EU58: 0 | EV58: 0 | EW58: 0 | EX58: 0 | FQ58: 0 | FR58: =ROUND(IF(AND(BH58=3,BI58=3),P58,0),2) -> 0 | FS58: 0 | FX58: 79 | FY58: 50 | GD58: 0 | GF58: -179832266 | GG58: 2 | GH58: 1 | GI58: -2 | GJ58: 0 | GK58: =ROUND(R58*(R12)/100,2) -> 0 | GL58: =ROUND(IF(AND(BH58=3,BI58=3,FS58<>0),P58,0),2) -> 0 | GM58: =ROUND(O58+X58+Y58+GK58,2)+GX58 -> 0 | GN58: =IF(OR(BI58=0,BI58=1),ROUND(O58+X58+Y58+GK58,2),0) -> 0 | GO58: =IF(BI58=2,ROUND(O58+X58+Y58+GK58,2),0) -> 0 | GP58: =IF(BI58=4,ROUND(O58+X58+Y58+GK58,2)+GX58,0) -> 0 | GR58: 0 | GS58: 3 | GT58: 0 | GV58: =ROUND(GT58,6) -> 0 | GW58: 1 | GX58: =ROUND(GV58*GW58*I58,2) -> 0 | HA58: 0 | HB58: 0 | IK58: 0
A59: 18 | B59: 1 | C59: 111 | E59: 7,1 | F59: 01.7.07.07 | G59: Строительный мусор | H59: т | I59: =I57*J59 -> 1.04544 | J59: 4.84 | O59: =ROUND(CP59,2) -> 0 | P59: =ROUND(CQ59*I59,2) -> 0 | Q59: =ROUND(CR59*I59,2) -> 0 | R59: =ROUND(CS59*I59,2) -> 0 | S59: =ROUND(CT59*I59,2) -> 0 | T59: =ROUND(CU59*I59,2) -> 0 | U59: =CV59*I59 -> 0 | V59: =CW59*I59 -> 0 | W59: =ROUND(CX59*I59,2) -> 0 | X59: =ROUND(CY59,2) -> 0 | Y59: =ROUND(CZ59,2) -> 0 | AA59: 16481627 | AB59: =ROUND((AC59+AD59+AF59),6) -> 0 | AC59: =ROUND((ES59),6) -> 0 | AD59: =ROUND((((ET59)-(EU59))+AE59),6) -> 0 | AE59: =ROUND((EU59),6) -> 0 | AF59: =ROUND((EV59),6) -> 0 | AG59: =ROUND((AP59),6) -> 0 | AH59: =(EW59) -> 0 | AI59: =(EX59) -> 0 | AJ59: =ROUND((AS59),6) -> 0 | AK59: 0 | AL59: 0 | AM59: 0 | AN59: 0 | AO59: 0 | AP59: 0 | AQ59: 0 | AR59: 0 | AS59: 0 | AT59: 79 | AU59: 50 | AV59: 1 | AW59: 1 | AZ59: 5.99 | BA59: 1 | BB59: 1 | BC59: 5.99 | BH59: 3 | BI59: 1 | BM59: 61001 | BN59: 0 | BP59: 0 | BQ59: 6 | BR59: 0 | BS59: 1 | BT59: 1 | BU59: 1 | BV59: 1 | BW59: 1 | BX59: 1 | BZ59: 79 | CA59: 50 | CF59: 0 | CG59: 0 | CM59: 0 | CO59: 0 | CP59: =(P59+Q59+S59) -> 0 | CQ59: =AC59*BC59 -> 0 | CR59: =AD59*BB59 -> 0 | CS59: =AE59*BS59 -> 0 | CT59: =AF59*BA59 -> 0 | CU59: =AG59 -> 0 | CV59: =AH59 -> 0 | CW59: =AI59 -> 0 | CX59: =AJ59 -> 0 | CY59: =(((S59+R59)*AT59)/100) -> 0 | CZ59: =(((S59+R59)*AU59)/100) -> 0 | DN59: 0 | DO59: 0 | DP59: 1 | DQ59: 1 | DU59: 1009 | DV59: т | DW59: т | DX59: 1000 | EE59: 15139183 | EF59: 6 | EG59: Ремонтно-строительные работы | EH59: 0 | EJ59: 1 | EK59: 61001 | EL59: Штукатрурные работы | EM59: рФЕР-61 | EQ59: 0 | ER59: 0 | ES59: 0 | ET59: 0 | EU59: 0 | EV59: 0 | EW59: 0 | EX59: 0 | FQ59: 0 | FR59: =ROUND(IF(AND(BH59=3,BI59=3),P59,0),2) -> 0 | FS59: 0 | FX59: 79 | FY59: 50 | GD59: 0 | GF59: -179832266 | GG59: 1 | GH59: 1 | GI59: 4 | GJ59: 0 | GK59: =ROUND(R59*(S12)/100,2) -> 0 | GL59: =ROUND(IF(AND(BH59=3,BI59=3,FS59<>0),P59,0),2) -> 0 | GM59: =ROUND(O59+X59+Y59+GK59,2)+GX59 -> 0 | GN59: =IF(OR(BI59=0,BI59=1),ROUND(O59+X59+Y59+GK59,2),0) -> 0 | GO59: =IF(BI59=2,ROUND(O59+X59+Y59+GK59,2),0) -> 0 | GP59: =IF(BI59=4,ROUND(O59+X59+Y59+GK59,2)+GX59,0) -> 0 | GR59: 0 | GS59: 3 | GT59: 0 | GV59: =ROUND(GT59,6) -> 0 | GW59: 1 | GX59: =ROUND(GV59*GW59*I59,2) -> 0 | HA59: 0 | HB59: 0 | IK59: 0
A60: 17 | B60: 1 | C60: =ROW(SmtRes!A123) -> 123 | D60: =ROW(EtalonRes!A114) -> 114 | E60: 8 | F60: 15-04-012-01 | G60: Окраска фасадов с лесов с подготовкой поверхности перхлорвиниловая | H60: 100 м2 | I60: =ROUND(21.6/100,9) -> 0.216 | J60: 0 | O60: =ROUND(CP60,2) -> 148.05 | P60: =ROUND(CQ60*I60,2) -> 118.07 | Q60: =ROUND(CR60*I60,2) -> 1.79 | R60: =ROUND(CS60*I60,2) -> 0.3 | S60: =ROUND(CT60*I60,2) -> 28.19 | T60: =ROUND(CU60*I60,2) -> 0 | U60: =CV60*I60 -> 3.10824 | V60: =CW60*I60 -> 0.02592 | W60: =ROUND(CX60*I60,2) -> 0 | X60: =ROUND(CY60,2) -> 27.07 | Y60: =ROUND(CZ60,2) -> 13.39 | AA60: 16481626 | AB60: =ROUND((AC60+AD60+AF60),6) -> 685.42 | AC60: =ROUND((ES60),6) -> 546.6 | AD60: =ROUND((((ET60)-(EU60))+AE60),6) -> 8.3 | AE60: =ROUND((EU60),6) -> 1.39 | AF60: =ROUND((EV60),6) -> 130.52 | AG60: =ROUND((AP60),6) -> 0 | AH60: =(EW60) -> 14.39 | AI60: =(EX60) -> 0.12 | AJ60: =ROUND((AS60),6) -> 0 | AK60: 685.42 | AL60: 546.6 | AM60: 8.3 | AN60: 1.39 | AO60: 130.52 | AP60: 0 | AQ60: 14.39 | AR60: 0.12 | AS60: 0 | AT60: 95 | AU60: 47 | AV60: 1 | AW60: 1 | AZ60: 1 | BA60: 1 | BB60: 1 | BC60: 1 | BH60: 0 | BI60: 1 | BJ60: ФЕР-2001, 15-04-012-01, приказ Минстроя России №1039/пр от 30.12.2016г. | BM60: 15001 | BN60: 0 | BP60: 0 | BQ60: 2 | BR60: 0 | BS60: 1 | BT60: 1 | BU60: 1 | BV60: 1 | BW60: 1 | BX60: 1 | BZ60: 105 | CA60: 55 | CF60: 0 | CG60: 0 | CM60: 0 | CO60: 0 | CP60: =(P60+Q60+S60) -> 148.05 | CQ60: =AC60*BC60 -> 546.6 | CR60: =AD60*BB60 -> 8.3 | CS60: =AE60*BS60 -> 1.39 | CT60: =AF60*BA60 -> 130.52 | CU60: =AG60 -> 0 | CV60: =AH60 -> 14.39 | CW60: =AI60 -> 0.12 | CX60: =AJ60 -> 0 | CY60: =(((S60+R60)*AT60)/100) -> 27.0655 | CZ60: =(((S60+R60)*AU60)/100) -> 13.3903 | DN60: 0 | DO60: 0 | DP60: 1 | DQ60: 1 | DU60: 1005 | DV60: 100 м2 | DW60: 100 м2 | DX60: 100 | EE60: 15139126 | EF60: 2 | EG60: Общестроительные работы | EH60: 0 | EJ60: 1 | EK60: 15001 | EL60: Отделочные работы | EM60: ФЕР-15 | EQ60: 0 | ER60: 685.42 | ES60: 546.6 | ET60: 8.3 | EU60: 1.39 | EV60: 130.52 | EW60: 14.39 | EX60: 0.12 | EY60: 0 | FQ60: 0 | FR60: =ROUND(IF(AND(BH60=3,BI60=3),P60,0),2) -> 0 | FS60: 0 | FT60: *0,9 | FU60: *0,85 | FX60: 94.5 | FY60: 46.75 | GD60: 0 | GF60: -560390060 | GG60: 2 | GH60: 1 | GI60: -2 | GJ60: 0 | GK60: =ROUND(R60*(R12)/100,2) -> 0 | GL60: =ROUND(IF(AND(BH60=3,BI60=3,FS60<>0),P60,0),2) -> 0 | GM60: =ROUND(O60+X60+Y60+GK60,2)+GX60 -> 188.51 | GN60: =IF(OR(BI60=0,BI60=1),ROUND(O60+X60+Y60+GK60,2),0) -> 188.51 | GO60: =IF(BI60=2,ROUND(O60+X60+Y60+GK60,2),0) -> 0 | GP60: =IF(BI60=4,ROUND(O60+X60+Y60+GK60,2)+GX60,0) -> 0 | GR60: 0 | GS60: 3 | GT60: 0 | GV60: =ROUND(GT60,6) -> 0 | GW60: 1 | GX60: =ROUND(GV60*GW60*I60,2) -> 0 | HA60: 0 | HB60: 0 | IK60: 0
A61: 17 | B61: 1 | C61: =ROW(SmtRes!A134) -> 134 | D61: =ROW(EtalonRes!A124) -> 124 | E61: 8 | F61: 15-04-012-01 | G61: Окраска фасадов с лесов с подготовкой поверхности перхлорвиниловая | H61: 100 м2 | I61: =ROUND(21.6/100,9) -> 0.216 | J61: 0 | O61: =ROUND(CP61,2) -> 886.82 | P61: =ROUND(CQ61*I61,2) -> 707.21 | Q61: =ROUND(CR61*I61,2) -> 10.74 | R61: =ROUND(CS61*I61,2) -> 1.8 | S61: =ROUND(CT61*I61,2) -> 168.87 | T61: =ROUND(CU61*I61,2) -> 0 | U61: =CV61*I61 -> 3.10824 | V61: =CW61*I61 -> 0.02592 | W61: =ROUND(CX61*I61,2) -> 0 | X61: =ROUND(CY61,2) -> 162.14 | Y61: =ROUND(CZ61,2) -> 80.21 | AA61: 16481627 | AB61: =ROUND((AC61+AD61+AF61),6) -> 685.42 | AC61: =ROUND((ES61),6) -> 546.6 | AD61: =ROUND((((ET61)-(EU61))+AE61),6) -> 8.3 | AE61: =ROUND((EU61),6) -> 1.39 | AF61: =ROUND((EV61),6) -> 130.52 | AG61: =ROUND((AP61),6) -> 0 | AH61: =(EW61) -> 14.39 | AI61: =(EX61) -> 0.12 | AJ61: =ROUND((AS61),6) -> 0 | AK61: 685.42 | AL61: 546.6 | AM61: 8.3 | AN61: 1.39 | AO61: 130.52 | AP61: 0 | AQ61: 14.39 | AR61: 0.12 | AS61: 0 | AT61: 95 | AU61: 47 | AV61: 1 | AW61: 1 | AZ61: 5.99 | BA61: 5.99 | BB61: 5.99 | BC61: 5.99 | BH61: 0 | BI61: 1 | BJ61: ФЕР-2001, 15-04-012-01, приказ Минстроя России №1039/пр от 30.12.2016г. | BM61: 15001 | BN61: 0 | BP61: 0 | BQ61: 2 | BR61: 0 | BS61: 5.99 | BT61: 1 | BU61: 1 | BV61: 1 | BW61: 1 | BX61: 1 | BZ61: 105 | CA61: 55 | CF61: 0 | CG61: 0 | CM61: 0 | CO61: 0 | CP61: =(P61+Q61+S61) -> 886.82 | CQ61: =AC61*BC61 -> 3274.134 | CR61: =AD61*BB61 -> 49.717 | CS61: =AE61*BS61 -> 8.3261 | CT61: =AF61*BA61 -> 781.8148 | CU61: =AG61 -> 0 | CV61: =AH61 -> 14.39 | CW61: =AI61 -> 0.12 | CX61: =AJ61 -> 0 | CY61: =(((S61+R61)*AT61)/100) -> 162.1365 | CZ61: =(((S61+R61)*AU61)/100) -> 80.2149 | DN61: 0 | DO61: 0 | DP61: 1 | DQ61: 1 | DU61: 1005 | DV61: 100 м2 | DW61: 100 м2 | DX61: 100 | EE61: 15139126 | EF61: 2 | EG61: Общестроительные работы | EH61: 0 | EJ61: 1 | EK61: 15001 | EL61: Отделочные работы | EM61: ФЕР-15 | EQ61: 0 | ER61: 685.42 | ES61: 546.6 | ET61: 8.3 | EU61: 1.39 | EV61: 130.52 | EW61: 14.39 | EX61: 0.12 | EY61: 0 | FQ61: 0 | FR61: =ROUND(IF(AND(BH61=3,BI61=3),P61,0),2) -> 0 | FS61: 0 | FT61: *0,9 | FU61: *0,85 | FX61: 94.5 | FY61: 46.75 | GD61: 0 | GF61: -560390060 | GG61: 1 | GH61: 1 | GI61: 4 | GJ61: 0 | GK61: =ROUND(R61*(S12)/100,2) -> 0 | GL61: =ROUND(IF(AND(BH61=3,BI61=3,FS61<>0),P61,0),2) -> 0 | GM61: =ROUND(O61+X61+Y61+GK61,2)+GX61 -> 1129.17 | GN61: =IF(OR(BI61=0,BI61=1),ROUND(O61+X61+Y61+GK61,2),0) -> 1129.17 | GO61: =IF(BI61=2,ROUND(O61+X61+Y61+GK61,2),0) -> 0 | GP61: =IF(BI61=4,ROUND(O61+X61+Y61+GK61,2)+GX61,0) -> 0 | GR61: 0 | GS61: 3 | GT61: 0 | GV61: =ROUND(GT61,6) -> 0 | GW61: 1 | GX61: =ROUND(GV61*GW61*I61,2) -> 0 | HA61: 0 | HB61: 0 | IK61: 0
A62: 18 | B62: 1 | C62: 120 | E62: 8,1 | F62: 14.4.02.07 | G62: Краски перхлорвиниловые | H62: т | I62: =I60*J62 -> 0.012744 | J62: 0.059 | O62: =ROUND(CP62,2) -> 0 | P62: =ROUND(CQ62*I62,2) -> 0 | Q62: =ROUND(CR62*I62,2) -> 0 | R62: =ROUND(CS62*I62,2) -> 0 | S62: =ROUND(CT62*I62,2) -> 0 | T62: =ROUND(CU62*I62,2) -> 0 | U62: =CV62*I62 -> 0 | V62: =CW62*I62 -> 0 | W62: =ROUND(CX62*I62,2) -> 0 | X62: =ROUND(CY62,2) -> 0 | Y62: =ROUND(CZ62,2) -> 0 | AA62: 16481626 | AB62: =ROUND((AC62+AD62+AF62),6) -> 0 | AC62: =ROUND((ES62),6) -> 0 | AD62: =ROUND((((ET62)-(EU62))+AE62),6) -> 0 | AE62: =ROUND((EU62),6) -> 0 | AF62: =ROUND((EV62),6) -> 0 | AG62: =ROUND((AP62),6) -> 0 | AH62: =(EW62) -> 0 | AI62: =(EX62) -> 0 | AJ62: =ROUND((AS62),6) -> 0 | AK62: 0 | AL62: 0 | AM62: 0 | AN62: 0 | AO62: 0 | AP62: 0 | AQ62: 0 | AR62: 0 | AS62: 0 | AT62: 95 | AU62: 47 | AV62: 1 | AW62: 1 | AZ62: 1 | BA62: 1 | BB62: 1 | BC62: 1 | BH62: 3 | BI62: 1 | BM62: 15001 | BN62: 0 | BP62: 0 | BQ62: 2 | BR62: 0 | BS62: 1 | BT62: 1 | BU62: 1 | BV62: 1 | BW62: 1 | BX62: 1 | BZ62: 105 | CA62: 55 | CF62: 0 | CG62: 0 | CM62: 0 | CO62: 0 | CP62: =(P62+Q62+S62) -> 0 | CQ62: =AC62*BC62 -> 0 | CR62: =AD62*BB62 -> 0 | CS62: =AE62*BS62 -> 0 | CT62: =AF62*BA62 -> 0 | CU62: =AG62 -> 0 | CV62: =AH62 -> 0 | CW62: =AI62 -> 0 | CX62: =AJ62 -> 0 | CY62: =(((S62+R62)*AT62)/100) -> 0 | CZ62: =(((S62+R62)*AU62)/100) -> 0 | DN62: 0 | DO62: 0 | DP62: 1 | DQ62: 1 | DU62: 1009 | DV62: т | DW62: т | DX62: 1000 | EE62: 15139126 | EF62: 2 | EG62: Общестроительные работы | EH62: 0 | EJ62: 1 | EK62: 15001 | EL62: Отделочные работы | EM62: ФЕР-15 | EQ62: 0 | ER62: 0 | ES62: 0 | ET62: 0 | EU62: 0 | EV62: 0 | EW62: 0 | EX62: 0 | FQ62: 0 | FR62: =ROUND(IF(AND(BH62=3,BI62=3),P62,0),2) -> 0 | FS62: 0 | FT62: *0,9 | FU62: *0,85 | FX62: 94.5 | FY62: 46.75 | GD62: 0 | GF62: 1182840811 | GG62: 2 | GH62: 1 | GI62: -2 | GJ62: 0 | GK62: =ROUND(R62*(R12)/100,2) -> 0 | GL62: =ROUND(IF(AND(BH62=3,BI62=3,FS62<>0),P62,0),2) -> 0 | GM62: =ROUND(O62+X62+Y62+GK62,2)+GX62 -> 0 | GN62: =IF(OR(BI62=0,BI62=1),ROUND(O62+X62+Y62+GK62,2),0) -> 0 | GO62: =IF(BI62=2,ROUND(O62+X62+Y62+GK62,2),0) -> 0 | GP62: =IF(BI62=4,ROUND(O62+X62+Y62+GK62,2)+GX62,0) -> 0 | GR62: 0 | GS62: 3 | GT62: 0 | GV62: =ROUND(GT62,6) -> 0 | GW62: 1 | GX62: =ROUND(GV62*GW62*I62,2) -> 0 | HA62: 0 | HB62: 0 | IK62: 0
A63: 18 | B63: 1 | C63: 131 | E63: 8,1 | F63: 14.4.02.07 | G63: Краски перхлорвиниловые | H63: т | I63: =I61*J63 -> 0.012744 | J63: 0.059 | O63: =ROUND(CP63,2) -> 0 | P63: =ROUND(CQ63*I63,2) -> 0 | Q63: =ROUND(CR63*I63,2) -> 0 | R63: =ROUND(CS63*I63,2) -> 0 | S63: =ROUND(CT63*I63,2) -> 0 | T63: =ROUND(CU63*I63,2) -> 0 | U63: =CV63*I63 -> 0 | V63: =CW63*I63 -> 0 | W63: =ROUND(CX63*I63,2) -> 0 | X63: =ROUND(CY63,2) -> 0 | Y63: =ROUND(CZ63,2) -> 0 | AA63: 16481627 | AB63: =ROUND((AC63+AD63+AF63),6) -> 0 | AC63: =ROUND((ES63),6) -> 0 | AD63: =ROUND((((ET63)-(EU63))+AE63),6) -> 0 | AE63: =ROUND((EU63),6) -> 0 | AF63: =ROUND((EV63),6) -> 0 | AG63: =ROUND((AP63),6) -> 0 | AH63: =(EW63) -> 0 | AI63: =(EX63) -> 0 | AJ63: =ROUND((AS63),6) -> 0 | AK63: 0 | AL63: 0 | AM63: 0 | AN63: 0 | AO63: 0 | AP63: 0 | AQ63: 0 | AR63: 0 | AS63: 0 | AT63: 95 | AU63: 47 | AV63: 1 | AW63: 1 | AZ63: 5.99 | BA63: 1 | BB63: 1 | BC63: 5.99 | BH63: 3 | BI63: 1 | BM63: 15001 | BN63: 0 | BP63: 0 | BQ63: 2 | BR63: 0 | BS63: 1 | BT63: 1 | BU63: 1 | BV63: 1 | BW63: 1 | BX63: 1 | BZ63: 105 | CA63: 55 | CF63: 0 | CG63: 0 | CM63: 0 | CO63: 0 | CP63: =(P63+Q63+S63) -> 0 | CQ63: =AC63*BC63 -> 0 | CR63: =AD63*BB63 -> 0 | CS63: =AE63*BS63 -> 0 | CT63: =AF63*BA63 -> 0 | CU63: =AG63 -> 0 | CV63: =AH63 -> 0 | CW63: =AI63 -> 0 | CX63: =AJ63 -> 0 | CY63: =(((S63+R63)*AT63)/100) -> 0 | CZ63: =(((S63+R63)*AU63)/100) -> 0 | DN63: 0 | DO63: 0 | DP63: 1 | DQ63: 1 | DU63: 1009 | DV63: т | DW63: т | DX63: 1000 | EE63: 15139126 | EF63: 2 | EG63: Общестроительные работы | EH63: 0 | EJ63: 1 | EK63: 15001 | EL63: Отделочные работы | EM63: ФЕР-15 | EQ63: 0 | ER63: 0 | ES63: 0 | ET63: 0 | EU63: 0 | EV63: 0 | EW63: 0 | EX63: 0 | FQ63: 0 | FR63: =ROUND(IF(AND(BH63=3,BI63=3),P63,0),2) -> 0 | FS63: 0 | FT63: *0,9 | FU63: *0,85 | FX63: 94.5 | FY63: 46.75 | GD63: 0 | GF63: 1182840811 | GG63: 1 | GH63: 1 | GI63: 4 | GJ63: 0 | GK63: =ROUND(R63*(S12)/100,2) -> 0 | GL63: =ROUND(IF(AND(BH63=3,BI63=3,FS63<>0),P63,0),2) -> 0 | GM63: =ROUND(O63+X63+Y63+GK63,2)+GX63 -> 0 | GN63: =IF(OR(BI63=0,BI63=1),ROUND(O63+X63+Y63+GK63,2),0) -> 0 | GO63: =IF(BI63=2,ROUND(O63+X63+Y63+GK63,2),0) -> 0 | GP63: =IF(BI63=4,ROUND(O63+X63+Y63+GK63,2)+GX63,0) -> 0 | GR63: 0 | GS63: 3 | GT63: 0 | GV63: =ROUND(GT63,6) -> 0 | GW63: 1 | GX63: =ROUND(GV63*GW63*I63,2) -> 0 | HA63: 0 | HB63: 0 | IK63: 0
A64: 18 | B64: 1 | C64: 121 | E64: 8,2 | F64: 14.4.02.07-0002 | G64: Краска ХВ-161 перхлорвиниловая фасадная марок А, Б | H64: т | I64: =I60*J64 -> 0.012745 | J64: 0.05900463 | O64: =ROUND(CP64,2) -> 203.78 | P64: =ROUND(CQ64*I64,2) -> 203.78 | Q64: =ROUND(CR64*I64,2) -> 0 | R64: =ROUND(CS64*I64,2) -> 0 | S64: =ROUND(CT64*I64,2) -> 0 | T64: =ROUND(CU64*I64,2) -> 0 | U64: =CV64*I64 -> 0 | V64: =CW64*I64 -> 0 | W64: =ROUND(CX64*I64,2) -> 0 | X64: =ROUND(CY64,2) -> 0 | Y64: =ROUND(CZ64,2) -> 0 | AA64: 16481626 | AB64: =ROUND((AC64+AD64+AF64),6) -> 15989 | AC64: =ROUND((ES64),6) -> 15989 | AD64: =ROUND((((ET64)-(EU64))+AE64),6) -> 0 | AE64: =ROUND((EU64),6) -> 0 | AF64: =ROUND((EV64),6) -> 0 | AG64: =ROUND((AP64),6) -> 0 | AH64: =(EW64) -> 0 | AI64: =(EX64) -> 0 | AJ64: =ROUND((AS64),6) -> 0 | AK64: 15989 | AL64: 15989 | AM64: 0 | AN64: 0 | AO64: 0 | AP64: 0 | AQ64: 0 | AR64: 0 | AS64: 0 | AT64: 95 | AU64: 47 | AV64: 1 | AW64: 1 | AZ64: 1 | BA64: 1 | BB64: 1 | BC64: 1 | BH64: 3 | BI64: 1 | BJ64: ФССЦ-2001, 14.4.02.07-0002, приказ Минстроя России №1039/пр от 30.12.2016г. | BM64: 15001 | BN64: 0 | BP64: 0 | BQ64: 2 | BR64: 0 | BS64: 1 | BT64: 1 | BU64: 1 | BV64: 1 | BW64: 1 | BX64: 1 | BZ64: 105 | CA64: 55 | CF64: 0 | CG64: 0 | CM64: 0 | CO64: 0 | CP64: =(P64+Q64+S64) -> 203.78 | CQ64: =AC64*BC64 -> 15989 | CR64: =AD64*BB64 -> 0 | CS64: =AE64*BS64 -> 0 | CT64: =AF64*BA64 -> 0 | CU64: =AG64 -> 0 | CV64: =AH64 -> 0 | CW64: =AI64 -> 0 | CX64: =AJ64 -> 0 | CY64: =(((S64+R64)*AT64)/100) -> 0 | CZ64: =(((S64+R64)*AU64)/100) -> 0 | DN64: 0 | DO64: 0 | DP64: 1 | DQ64: 1 | DU64: 1009 | DV64: т | DW64: т | DX64: 1000 | EE64: 15139126 | EF64: 2 | EG64: Общестроительные работы | EH64: 0 | EJ64: 1 | EK64: 15001 | EL64: Отделочные работы | EM64: ФЕР-15 | EQ64: 0 | ER64: 15989 | ES64: 15989 | ET64: 0 | EU64: 0 | EV64: 0 | EW64: 0 | EX64: 0 | FQ64: 0 | FR64: =ROUND(IF(AND(BH64=3,BI64=3),P64,0),2) -> 0 | FS64: 0 | FT64: *0,9 | FU64: *0,85 | FX64: 94.5 | FY64: 46.75 | GD64: 0 | GF64: 2085149391 | GG64: 2 | GH64: 1 | GI64: -2 | GJ64: 0 | GK64: =ROUND(R64*(R12)/100,2) -> 0 | GL64: =ROUND(IF(AND(BH64=3,BI64=3,FS64<>0),P64,0),2) -> 0 | GM64: =ROUND(O64+X64+Y64+GK64,2)+GX64 -> 203.78 | GN64: =IF(OR(BI64=0,BI64=1),ROUND(O64+X64+Y64+GK64,2),0) -> 203.78 | GO64: =IF(BI64=2,ROUND(O64+X64+Y64+GK64,2),0) -> 0 | GP64: =IF(BI64=4,ROUND(O64+X64+Y64+GK64,2)+GX64,0) -> 0 | GR64: 0 | GS64: 3 | GT64: 0 | GV64: =ROUND(GT64,6) -> 0 | GW64: 1 | GX64: =ROUND(GV64*GW64*I64,2) -> 0 | HA64: 0 | HB64: 0 | IK64: 0
A65: 18 | B65: 1 | C65: 132 | E65: 8,2 | F65: 14.4.02.07-0002 | G65: Краска ХВ-161 перхлорвиниловая фасадная марок А, Б | H65: т | I65: =I61*J65 -> 0.012745 | J65: 0.05900463 | O65: =ROUND(CP65,2) -> 1220.64 | P65: =ROUND(CQ65*I65,2) -> 1220.64 | Q65: =ROUND(CR65*I65,2) -> 0 | R65: =ROUND(CS65*I65,2) -> 0 | S65: =ROUND(CT65*I65,2) -> 0 | T65: =ROUND(CU65*I65,2) -> 0 | U65: =CV65*I65 -> 0 | V65: =CW65*I65 -> 0 | W65: =ROUND(CX65*I65,2) -> 0 | X65: =ROUND(CY65,2) -> 0 | Y65: =ROUND(CZ65,2) -> 0 | AA65: 16481627 | AB65: =ROUND((AC65+AD65+AF65),6) -> 15989 | AC65: =ROUND((ES65),6) -> 15989 | AD65: =ROUND((((ET65)-(EU65))+AE65),6) -> 0 | AE65: =ROUND((EU65),6) -> 0 | AF65: =ROUND((EV65),6) -> 0 | AG65: =ROUND((AP65),6) -> 0 | AH65: =(EW65) -> 0 | AI65: =(EX65) -> 0 | AJ65: =ROUND((AS65),6) -> 0 | AK65: 15989 | AL65: 15989 | AM65: 0 | AN65: 0 | AO65: 0 | AP65: 0 | AQ65: 0 | AR65: 0 | AS65: 0 | AT65: 95 | AU65: 47 | AV65: 1 | AW65: 1 | AZ65: 5.99 | BA65: 1 | BB65: 1 | BC65: 5.99 | BH65: 3 | BI65: 1 | BJ65: ФССЦ-2001, 14.4.02.07-0002, приказ Минстроя России №1039/пр от 30.12.2016г. | BM65: 15001 | BN65: 0 | BP65: 0 | BQ65: 2 | BR65: 0 | BS65: 1 | BT65: 1 | BU65: 1 | BV65: 1 | BW65: 1 | BX65: 1 | BZ65: 105 | CA65: 55 | CF65: 0 | CG65: 0 | CM65: 0 | CO65: 0 | CP65: =(P65+Q65+S65) -> 1220.64 | CQ65: =AC65*BC65 -> 95774.11 | CR65: =AD65*BB65 -> 0 | CS65: =AE65*BS65 -> 0 | CT65: =AF65*BA65 -> 0 | CU65: =AG65 -> 0 | CV65: =AH65 -> 0 | CW65: =AI65 -> 0 | CX65: =AJ65 -> 0 | CY65: =(((S65+R65)*AT65)/100) -> 0 | CZ65: =(((S65+R65)*AU65)/100) -> 0 | DN65: 0 | DO65: 0 | DP65: 1 | DQ65: 1 | DU65: 1009 | DV65: т | DW65: т | DX65: 1000 | EE65: 15139126 | EF65: 2 | EG65: Общестроительные работы | EH65: 0 | EJ65: 1 | EK65: 15001 | EL65: Отделочные работы | EM65: ФЕР-15 | EQ65: 0 | ER65: 15989 | ES65: 15989 | ET65: 0 | EU65: 0 | EV65: 0 | EW65: 0 | EX65: 0 | FQ65: 0 | FR65: =ROUND(IF(AND(BH65=3,BI65=3),P65,0),2) -> 0 | FS65: 0 | FT65: *0,9 | FU65: *0,85 | FX65: 94.5 | FY65: 46.75 | GD65: 0 | GF65: 2085149391 | GG65: 1 | GH65: 1 | GI65: 4 | GJ65: 0 | GK65: =ROUND(R65*(S12)/100,2) -> 0 | GL65: =ROUND(IF(AND(BH65=3,BI65=3,FS65<>0),P65,0),2) -> 0 | GM65: =ROUND(O65+X65+Y65+GK65,2)+GX65 -> 1220.64 | GN65: =IF(OR(BI65=0,BI65=1),ROUND(O65+X65+Y65+GK65,2),0) -> 1220.64 | GO65: =IF(BI65=2,ROUND(O65+X65+Y65+GK65,2),0) -> 0 | GP65: =IF(BI65=4,ROUND(O65+X65+Y65+GK65,2)+GX65,0) -> 0 | GR65: 0 | GS65: 3 | GT65: 0 | GV65: =ROUND(GT65,6) -> 0 | GW65: 1 | GX65: =ROUND(GV65*GW65*I65,2) -> 0 | HA65: 0 | HB65: 0 | IK65: 0
A66: 17 | B66: 1 | E66: 9 | F66: т01-01-01-041 | G66: Погрузочные работы при автомобильных перевозках мусора строительного с погрузкой вручную | H66: 1 Т ГРУЗА | I66: 3.1 | J66: 0 | O66: =0 -> 0 | P66: =0 -> 0 | Q66: =0 -> 0 | R66: =0 -> 0 | S66: =0 -> 0 | T66: =0 -> 0 | U66: =0 -> 0 | V66: =0 -> 0 | ... Y66: =0 -> 0 | AA66: 16481626 | AB66: =ROUND((AK66),6) -> 42.98 | AC66: =0 -> 0 | AD66: =0 -> 0 | AE66: =0 -> 0 | AF66: =0 -> 0 | AG66: =0 -> 0 | AH66: =0 -> 0 | AI66: =0 -> 0 | AJ66: =0 -> 0 | AK66: 42.98 | AL66: 0 | AM66: 0 | AN66: 0 | AO66: 0 | AP66: 0 | AQ66: 0 | AR66: 0 | AS66: 0 | AT66: 0 | AU66: 0 | AV66: 1 | AW66: 1 | AZ66: 1 | BA66: 1 | BB66: 1 | BC66: 1 | BH66: 0 | BI66: 1 | BJ66: ФССЦпг-2001, т01-01-01-041, приказ Минстроя России №1039/пр от 30.12.2016г. | BM66: 700004 | BN66: 0 | BP66: 0 | BQ66: 19 | BR66: 0 | BS66: 1 | BT66: 1 | BU66: 1 | BV66: 1 | BW66: 1 | BX66: 1 | BZ66: 0 | CA66: 0 | CF66: 0 | CG66: 0 | CM66: 0 | CO66: 0 | CP66: =AB66*AZ66 -> 42.98 | CQ66: 0 | CR66: 0 | CS66: 0 | CT66: 0 | CU66: 0 | CV66: 0 | CW66: 0 | CX66: 0 | CY66: 0 | CZ66: 0 | DN66: 0 | DO66: 0 | DP66: 1 | DQ66: 1 | DU66: 1013 | DV66: 1 Т ГРУЗА | DW66: 1 Т ГРУЗА | DX66: 1 | EE66: 15139288 | EF66: 19 | EG66: Погрузочно-разгрузочные работы | EH66: 0 | EJ66: 1 | EK66: 700004 | EL66: Перевозка грузов , (ФССЦпр 2011-изм. № 4-6, раздел 1): погрузочно-разгрузочные работы (НР и СП в прям. затратах ) | EM66: ФССЦпр пог. а/п (2011,изм. 4-6) | EQ66: 0 | ER66: 0 | ES66: 0 | ET66: 0 | EU66: 0 | EV66: 0 | EW66: 0 | EX66: 0 | EY66: 0 | FQ66: 0 | FR66: =ROUND(IF(AND(BH66=3,BI66=3),P66,0),2) -> 0 | FS66: 0 | FX66: 0 | FY66: 0 | GD66: 0 | GF66: 811861299 | GG66: 2 | GH66: 1 | GI66: -2 | GJ66: 2 | GK66: =ROUND(R66*(R12)/100,2) -> 0 | GL66: =ROUND(IF(AND(BH66=3,BI66=3,FS66<>0),P66,0),2) -> 0 | GM66: =ROUND(CP66*I66,2) -> 133.24 | GN66: =IF(OR(BI66=0,BI66=1),ROUND(CP66*I66,2),0) -> 133.24 | GO66: =IF(BI66=2,ROUND(CP66*I66,2),0) -> 0 | GP66: =IF(BI66=4,ROUND(CP66*I66,2)+GX66,0) -> 0 | GR66: 0 | GS66: 3 | GV66: =0 -> 0 | GW66: 1 | GX66: =ROUND(GV66*GW66*I66,2) -> 0 | GY66: 0 | GZ66: 0 | HA66: 0 | HB66: 0 | IK66: 0
A67: 17 | B67: 1 | E67: 9 | F67: т01-01-01-041 | G67: Погрузочные работы при автомобильных перевозках мусора строительного с погрузкой вручную | H67: 1 Т ГРУЗА | I67: 3.1 | J67: 0 | O67: =0 -> 0 | P67: =0 -> 0 | Q67: =0 -> 0 | R67: =0 -> 0 | S67: =0 -> 0 | T67: =0 -> 0 | U67: =0 -> 0 | V67: =0 -> 0 | ... Y67: =0 -> 0 | AA67: 16481627 | AB67: =ROUND((AK67),6) -> 42.98 | AC67: =0 -> 0 | AD67: =0 -> 0 | AE67: =0 -> 0 | AF67: =0 -> 0 | AG67: =0 -> 0 | AH67: =0 -> 0 | AI67: =0 -> 0 | AJ67: =0 -> 0 | AK67: 42.98 | AL67: 0 | AM67: 0 | AN67: 0 | AO67: 0 | AP67: 0 | AQ67: 0 | AR67: 0 | AS67: 0 | AT67: 0 | AU67: 0 | AV67: 1 | AW67: 1 | AZ67: 5.99 | BA67: 1 | BB67: 1 | BC67: 1 | BH67: 0 | BI67: 1 | BJ67: ФССЦпг-2001, т01-01-01-041, приказ Минстроя России №1039/пр от 30.12.2016г. | BM67: 700004 | BN67: 0 | BP67: 0 | BQ67: 19 | BR67: 0 | BS67: 1 | BT67: 1 | BU67: 1 | BV67: 1 | BW67: 1 | BX67: 1 | BZ67: 0 | CA67: 0 | CF67: 0 | CG67: 0 | CM67: 0 | CO67: 0 | CP67: =AB67*AZ67 -> 257.4502 | CQ67: 0 | CR67: 0 | CS67: 0 | CT67: 0 | CU67: 0 | CV67: 0 | CW67: 0 | CX67: 0 | CY67: 0 | CZ67: 0 | DN67: 0 | DO67: 0 | DP67: 1 | DQ67: 1 | DU67: 1013 | DV67: 1 Т ГРУЗА | DW67: 1 Т ГРУЗА | DX67: 1 | EE67: 15139288 | EF67: 19 | EG67: Погрузочно-разгрузочные работы | EH67: 0 | EJ67: 1 | EK67: 700004 | EL67: Перевозка грузов , (ФССЦпр 2011-изм. № 4-6, раздел 1): погрузочно-разгрузочные работы (НР и СП в прям. затратах ) | EM67: ФССЦпр пог. а/п (2011,изм. 4-6) | EQ67: 0 | ER67: 0 | ES67: 0 | ET67: 0 | EU67: 0 | EV67: 0 | EW67: 0 | EX67: 0 | EY67: 0 | FQ67: 0 | FR67: =ROUND(IF(AND(BH67=3,BI67=3),P67,0),2) -> 0 | FS67: 0 | FX67: 0 | FY67: 0 | GD67: 0 | GF67: 811861299 | GG67: 1 | GH67: 1 | GI67: 4 | GJ67: 2 | GK67: =ROUND(R67*(S12)/100,2) -> 0 | GL67: =ROUND(IF(AND(BH67=3,BI67=3,FS67<>0),P67,0),2) -> 0 | GM67: =ROUND(CP67*I67,2) -> 798.1 | GN67: =IF(OR(BI67=0,BI67=1),ROUND(CP67*I67,2),0) -> 798.1 | GO67: =IF(BI67=2,ROUND(CP67*I67,2),0) -> 0 | GP67: =IF(BI67=4,ROUND(CP67*I67,2)+GX67,0) -> 0 | GR67: 0 | GS67: 3 | GV67: =0 -> 0 | GW67: 1 | GX67: =ROUND(GV67*GW67*I67,2) -> 0 | GY67: 0 | GZ67: 0 | HA67: 0 | HB67: 0 | IK67: 0
A68: 17 | B68: 1 | E68: 10 | F68: т03-21-01-015 | G68: Перевозка грузов I класса автомобилями-самосвалами грузоподъемностью 10 т работающих вне карьера на расстояние до 15 км | H68: 1 Т ГРУЗА | I68: 3.1 | J68: 0 | O68: =0 -> 0 | P68: =0 -> 0 | Q68: =0 -> 0 | R68: =0 -> 0 | S68: =0 -> 0 | T68: =0 -> 0 | U68: =0 -> 0 | V68: =0 -> 0 | ... Y68: =0 -> 0 | AA68: 16481626 | AB68: =ROUND((AK68),6) -> 13.38 | AC68: =0 -> 0 | AD68: =0 -> 0 | AE68: =0 -> 0 | AF68: =0 -> 0 | AG68: =0 -> 0 | AH68: =0 -> 0 | AI68: =0 -> 0 | AJ68: =0 -> 0 | AK68: 13.38 | AL68: 0 | AM68: 0 | AN68: 0 | AO68: 0 | AP68: 0 | AQ68: 0 | AR68: 0 | AS68: 0 | AT68: 0 | AU68: 0 | AV68: 1 | AW68: 1 | AZ68: 1 | BA68: 1 | BB68: 1 | BC68: 1 | BH68: 0 | BI68: 1 | BJ68: ФССЦпг-2001, т03-21-01-015, приказ Минстроя России №1039/пр от 30.12.2016г. | BM68: 700005 | BN68: 0 | BP68: 0 | BQ68: 10 | BR68: 0 | BS68: 1 | BT68: 1 | BU68: 1 | BV68: 1 | BW68: 1 | BX68: 1 | BZ68: 0 | CA68: 0 | CF68: 0 | CG68: 0 | CM68: 0 | CO68: 0 | CP68: =AB68*AZ68 -> 13.38 | CQ68: 0 | CR68: 0 | CS68: 0 | CT68: 0 | CU68: 0 | CV68: 0 | CW68: 0 | CX68: 0 | CY68: 0 | CZ68: 0 | DN68: 0 | DO68: 0 | DP68: 1 | DQ68: 1 | DU68: 1013 | DV68: 1 Т ГРУЗА | DW68: 1 Т ГРУЗА | DX68: 1 | EE68: 15139292 | EF68: 10 | EG68: Перевозка грузов авто/транспортом | EH68: 0 | EJ68: 1 | EK68: 700005 | EL68: Перевозкуа грузов (ФССЦпр-2011 - изм. 7, разделы 1-4) - по сметной стоимости | EM68: ФССЦпр , изм. 7 | EQ68: 0 | ER68: 0 | ES68: 0 | ET68: 0 | EU68: 0 | EV68: 0 | EW68: 0 | EX68: 0 | EY68: 0 | FQ68: 0 | FR68: =ROUND(IF(AND(BH68=3,BI68=3),P68,0),2) -> 0 | FS68: 0 | FX68: 0 | FY68: 0 | GD68: 0 | GF68: 57370386 | GG68: 2 | GH68: 1 | GI68: -2 | GJ68: 2 | GK68: =ROUND(R68*(R12)/100,2) -> 0 | GL68: =ROUND(IF(AND(BH68=3,BI68=3,FS68<>0),P68,0),2) -> 0 | GM68: =ROUND(CP68*I68,2) -> 41.48 | GN68: =IF(OR(BI68=0,BI68=1),ROUND(CP68*I68,2),0) -> 41.48 | GO68: =IF(BI68=2,ROUND(CP68*I68,2),0) -> 0 | GP68: =IF(BI68=4,ROUND(CP68*I68,2)+GX68,0) -> 0 | GR68: 0 | GS68: 3 | GV68: =0 -> 0 | GW68: 1 | GX68: =ROUND(GV68*GW68*I68,2) -> 0 | GY68: 0 | GZ68: 0 | HA68: 0 | HB68: 0 | IK68: 0
A69: 17 | B69: 1 | E69: 10 | F69: т03-21-01-015 | G69: Перевозка грузов I класса автомобилями-самосвалами грузоподъемностью 10 т работающих вне карьера на расстояние до 15 км | H69: 1 Т ГРУЗА | I69: 3.1 | J69: 0 | O69: =0 -> 0 | P69: =0 -> 0 | Q69: =0 -> 0 | R69: =0 -> 0 | S69: =0 -> 0 | T69: =0 -> 0 | U69: =0 -> 0 | V69: =0 -> 0 | ... Y69: =0 -> 0 | AA69: 16481627 | AB69: =ROUND((AK69),6) -> 13.38 | AC69: =0 -> 0 | AD69: =0 -> 0 | AE69: =0 -> 0 | AF69: =0 -> 0 | AG69: =0 -> 0 | AH69: =0 -> 0 | AI69: =0 -> 0 | AJ69: =0 -> 0 | AK69: 13.38 | AL69: 0 | AM69: 0 | AN69: 0 | AO69: 0 | AP69: 0 | AQ69: 0 | AR69: 0 | AS69: 0 | AT69: 0 | AU69: 0 | AV69: 1 | AW69: 1 | AZ69: 5.99 | BA69: 1 | BB69: 1 | BC69: 1 | BH69: 0 | BI69: 1 | BJ69: ФССЦпг-2001, т03-21-01-015, приказ Минстроя России №1039/пр от 30.12.2016г. | BM69: 700005 | BN69: 0 | BP69: 0 | BQ69: 10 | BR69: 0 | BS69: 1 | BT69: 1 | BU69: 1 | BV69: 1 | BW69: 1 | BX69: 1 | BZ69: 0 | CA69: 0 | CF69: 0 | CG69: 0 | CM69: 0 | CO69: 0 | CP69: =AB69*AZ69 -> 80.1462 | CQ69: 0 | CR69: 0 | CS69: 0 | CT69: 0 | CU69: 0 | CV69: 0 | CW69: 0 | CX69: 0 | CY69: 0 | CZ69: 0 | DN69: 0 | DO69: 0 | DP69: 1 | DQ69: 1 | DU69: 1013 | DV69: 1 Т ГРУЗА | DW69: 1 Т ГРУЗА | DX69: 1 | EE69: 15139292 | EF69: 10 | EG69: Перевозка грузов авто/транспортом | EH69: 0 | EJ69: 1 | EK69: 700005 | EL69: Перевозкуа грузов (ФССЦпр-2011 - изм. 7, разделы 1-4) - по сметной стоимости | EM69: ФССЦпр , изм. 7 | EQ69: 0 | ER69: 0 | ES69: 0 | ET69: 0 | EU69: 0 | EV69: 0 | EW69: 0 | EX69: 0 | EY69: 0 | FQ69: 0 | FR69: =ROUND(IF(AND(BH69=3,BI69=3),P69,0),2) -> 0 | FS69: 0 | FX69: 0 | FY69: 0 | GD69: 0 | GF69: 57370386 | GG69: 1 | GH69: 1 | GI69: 4 | GJ69: 2 | GK69: =ROUND(R69*(S12)/100,2) -> 0 | GL69: =ROUND(IF(AND(BH69=3,BI69=3,FS69<>0),P69,0),2) -> 0 | GM69: =ROUND(CP69*I69,2) -> 248.45 | GN69: =IF(OR(BI69=0,BI69=1),ROUND(CP69*I69,2),0) -> 248.45 | GO69: =IF(BI69=2,ROUND(CP69*I69,2),0) -> 0 | GP69: =IF(BI69=4,ROUND(CP69*I69,2)+GX69,0) -> 0 | GR69: 0 | GS69: 3 | GV69: =0 -> 0 | GW69: 1 | GX69: =ROUND(GV69*GW69*I69,2) -> 0 | GY69: 0 | GZ69: 0 | HA69: 0 | HB69: 0 | IK69: 0
A71: 51 | B71: =B20 -> 1 | C71: =A20 -> 3 | D71: =ROW(A20) -> 20 | F71: =IF(F20<>"",F20,"") -> Новая локальная смета | G71: =IF(G20<>"",G20,"") -> Новая локальная смета | H71: 0 | O71: =ROUND(AB71,2) -> 232998.25 | P71: =ROUND(AC71,2) -> 228447.37 | Q71: =ROUND(AD71,2) -> 529.56 | R71: =ROUND(AE71,2) -> 164.69 | S71: =ROUND(AF71,2) -> 4021.32 | T71: =ROUND(AG71,2) -> 0 | U71: =AH71 -> 474.07653 | V71: =AI71 -> 12.734424 | W71: =ROUND(AJ71,2) -> 0 | X71: =ROUND(AK71,2) -> 4041.31 | Y71: =ROUND(AL71,2) -> 2329.47 | AB71: =ROUND(SUMIF(AA24:AA69,"=16481626",O24:O69),2) -> 232998.25 | AC71: =ROUND(SUMIF(AA24:AA69,"=16481626",P24:P69),2) -> 228447.37 | AD71: =ROUND(SUMIF(AA24:AA69,"=16481626",Q24:Q69),2) -> 529.56 | AE71: =ROUND(SUMIF(AA24:AA69,"=16481626",R24:R69),2) -> 164.69 | AF71: =ROUND(SUMIF(AA24:AA69,"=16481626",S24:S69),2) -> 4021.32 | AG71: =ROUND(SUMIF(AA24:AA69,"=16481626",T24:T69),2) -> 0 | AH71: =SUMIF(AA24:AA69,"=16481626",U24:U69) -> 474.07653 | AI71: =SUMIF(AA24:AA69,"=16481626",V24:V69) -> 12.734424 | AJ71: =ROUND(SUMIF(AA24:AA69,"=16481626",W24:W69),2) -> 0 | AK71: =ROUND(SUMIF(AA24:AA69,"=16481626",X24:X69),2) -> 4041.31 | AL71: =ROUND(SUMIF(AA24:AA69,"=16481626",Y24:Y69),2) -> 2329.47 | AO71: =ROUND(BX71,2) -> 0 | AP71: =ROUND(BY71,2) -> 0 | AQ71: =ROUND(BZ71,2) -> 0 | AR71: =ROUND(CA71,2) -> 239543.75 | AS71: =ROUND(CB71,2) -> 239543.75 | AT71: =ROUND(CC71,2) -> 0 | AU71: =ROUND(CD71,2) -> 0 | AV71: =ROUND(CE71,2) -> 228447.37 | ... BC71: =ROUND(CL71,2) -> 0 | BX71: =ROUND(SUMIF(AA24:AA69,"=16481626",FQ24:FQ69),2) -> 0 | BY71: =ROUND(SUMIF(AA24:AA69,"=16481626",FR24:FR69),2) -> 0 | BZ71: =ROUND(SUMIF(AA24:AA69,"=16481626",GL24:GL69),2) -> 0 | CA71: =ROUND(SUMIF(AA24:AA69,"=16481626",GM24:GM69),2) -> 239543.75 | CB71: =ROUND(SUMIF(AA24:AA69,"=16481626",GN24:GN69),2) -> 239543.75 | CC71: =ROUND(SUMIF(AA24:AA69,"=16481626",GO24:GO69),2) -> 0 | CD71: =ROUND(SUMIF(AA24:AA69,"=16481626",GP24:GP69),2) -> 0 | CE71: =AC71-BX71 -> 228447.37 | CF71: =AC71-BY71 -> 228447.37 | CG71: =BX71-BZ71 -> 0 | CH71: =AC71-BX71-BY71+BZ71 -> 228447.37 | CI71: =BY71-BZ71 -> 0 | CJ71: =ROUND(SUMIF(AA24:AA69,"=16481626",GX24:GX69),2) -> 0 | CK71: =ROUND(SUMIF(AA24:AA69,"=16481626",GY24:GY69),2) -> 0 | CL71: =ROUND(SUMIF(AA24:AA69,"=16481626",GZ24:GZ69),2) -> 0 | DG71: =ROUND(DT71,2) -> 1395659.4 | DH71: =ROUND(DU71,2) -> 1368399.6 | DI71: =ROUND(DV71,2) -> 3172.13 | DJ71: =ROUND(DW71,2) -> 986.45 | DK71: =ROUND(DX71,2) -> 24087.66 | DL71: =ROUND(DY71,2) -> 0 | DM71: =DZ71 -> 474.07653 | DN71: =EA71 -> 12.734424 | DO71: =ROUND(EB71,2) -> 0 | DP71: =ROUND(EC71,2) -> 24207.3 | DQ71: =ROUND(ED71,2) -> 13953.36 | DT71: =ROUND(SUMIF(AA24:AA69,"=16481627",O24:O69),2) -> 1395659.4 | DU71: =ROUND(SUMIF(AA24:AA69,"=16481627",P24:P69),2) -> 1368399.6 | DV71: =ROUND(SUMIF(AA24:AA69,"=16481627",Q24:Q69),2) -> 3172.13 | DW71: =ROUND(SUMIF(AA24:AA69,"=16481627",R24:R69),2) -> 986.45 | DX71: =ROUND(SUMIF(AA24:AA69,"=16481627",S24:S69),2) -> 24087.66 | DY71: =ROUND(SUMIF(AA24:AA69,"=16481627",T24:T69),2) -> 0 | DZ71: =SUMIF(AA24:AA69,"=16481627",U24:U69) -> 474.07653 | EA71: =SUMIF(AA24:AA69,"=16481627",V24:V69) -> 12.734424 | EB71: =ROUND(SUMIF(AA24:AA69,"=16481627",W24:W69),2) -> 0 | EC71: =ROUND(SUMIF(AA24:AA69,"=16481627",X24:X69),2) -> 24207.3 | ED71: =ROUND(SUMIF(AA24:AA69,"=16481627",Y24:Y69),2) -> 13953.36 | EG71: =ROUND(FP71,2) -> 0 | EH71: =ROUND(FQ71,2) -> 0 | EI71: =ROUND(FR71,2) -> 0 | EJ71: =ROUND(FS71,2) -> 1434866.6 | EK71: =ROUND(FT71,2) -> 1434866.6 | EL71: =ROUND(FU71,2) -> 0 | EM71: =ROUND(FV71,2) -> 0 | EN71: =ROUND(FW71,2) -> 1368399.6 | ... EU71: =ROUND(GD71,2) -> 0 | FP71: =ROUND(SUMIF(AA24:AA69,"=16481627",FQ24:FQ69),2) -> 0 | FQ71: =ROUND(SUMIF(AA24:AA69,"=16481627",FR24:FR69),2) -> 0 | FR71: =ROUND(SUMIF(AA24:AA69,"=16481627",GL24:GL69),2) -> 0 | FS71: =ROUND(SUMIF(AA24:AA69,"=16481627",GM24:GM69),2) -> 1434866.6 | FT71: =ROUND(SUMIF(AA24:AA69,"=16481627",GN24:GN69),2) -> 1434866.6 | FU71: =ROUND(SUMIF(AA24:AA69,"=16481627",GO24:GO69),2) -> 0 | FV71: =ROUND(SUMIF(AA24:AA69,"=16481627",GP24:GP69),2) -> 0 | FW71: =DU71-FP71 -> 1368399.6 | FX71: =DU71-FQ71 -> 1368399.6 | FY71: =FP71-FR71 -> 0 | FZ71: =DU71-FP71-FQ71+FR71 -> 1368399.6 | GA71: =FQ71-FR71 -> 0 | GB71: =ROUND(SUMIF(AA24:AA69,"=16481627",GX24:GX69),2) -> 0 | GC71: =ROUND(SUMIF(AA24:AA69,"=16481627",GY24:GY69),2) -> 0 | GD71: =ROUND(SUMIF(AA24:AA69,"=16481627",GZ24:GZ69),2) -> 0 | GX71: 0
A73: 50 | B73: 0 | C73: 0 | D73: 1 | E73: 0 | F73: =ROUND(Source!O71,O73) -> 232998.25 | G73: ПЗ | H73: Прямые затраты | K73: 201 | L73: 1 | M73: 3 | O73: 2 | P73: =ROUND(Source!DG71,O73) -> 1395659.4
A74: 50 | B74: 0 | C74: 0 | D74: 1 | E74: 202 | F74: =ROUND(Source!P71,O74) -> 228447.37 | G74: СтМатОб | H74: Стоимость материальных ресурсов (всего) | K74: 202 | L74: 2 | M74: 3 | O74: 2 | P74: =ROUND(Source!DH71,O74) -> 1368399.6
A75: 50 | B75: 0 | C75: 0 | D75: 1 | E75: 222 | F75: =ROUND(Source!AO71,O75) -> 0 | G75: СтМатОбЗак | H75: Стоимость материалов и оборудования заказчика | K75: 222 | L75: 3 | M75: 3 | O75: 2 | P75: =ROUND(Source!EG71,O75) -> 0
A76: 50 | B76: 0 | C76: 0 | D76: 1 | E76: 225 | F76: =ROUND(Source!AV71,O76) -> 228447.37 | G76: СтМатОбПод | H76: Стоимость материалов и оборудования подрядчика | K76: 225 | L76: 4 | M76: 3 | O76: 2 | P76: =ROUND(Source!EN71,O76) -> 1368399.6
A77: 50 | B77: 0 | C77: 0 | D77: 1 | E77: 226 | F77: =ROUND(Source!AW71,O77) -> 228447.37 | G77: СтМат | H77: Стоимость материалов (всего) | K77: 226 | L77: 5 | M77: 3 | O77: 2 | P77: =ROUND(Source!EO71,O77) -> 1368399.6
A78: 50 | B78: 0 | C78: 0 | D78: 1 | E78: 227 | F78: =ROUND(Source!AX71,O78) -> 0 | G78: СтМатЗак | H78: Стоимость материалов заказчика | K78: 227 | L78: 6 | M78: 3 | O78: 2 | P78: =ROUND(Source!EP71,O78) -> 0
A79: 50 | B79: 0 | C79: 0 | D79: 1 | E79: 228 | F79: =ROUND(Source!AY71,O79) -> 228447.37 | G79: СтМатПод | H79: Стоимость материалов подрядчика | K79: 228 | L79: 7 | M79: 3 | O79: 2 | P79: =ROUND(Source!EQ71,O79) -> 1368399.6
A80: 50 | B80: 0 | C80: 0 | D80: 1 | E80: 216 | F80: =ROUND(Source!AP71,O80) -> 0 | G80: Оборуд | H80: Стоимость оборудования (всего) | K80: 216 | L80: 8 | M80: 3 | O80: 2 | P80: =ROUND(Source!EH71,O80) -> 0
A81: 50 | B81: 0 | C81: 0 | D81: 1 | E81: 223 | F81: =ROUND(Source!AQ71,O81) -> 0 | G81: ОборудЗак | H81: Стоимость оборудования заказчика | K81: 223 | L81: 9 | M81: 3 | O81: 2 | P81: =ROUND(Source!EI71,O81) -> 0
A82: 50 | B82: 0 | C82: 0 | D82: 1 | E82: 229 | F82: =ROUND(Source!AZ71,O82) -> 0 | G82: ОборудПод | H82: Стоимость оборудования подрядчика | K82: 229 | L82: 10 | M82: 3 | O82: 2 | P82: =ROUND(Source!ER71,O82) -> 0
A83: 50 | B83: 0 | C83: 0 | D83: 1 | E83: 203 | F83: =ROUND(Source!Q71,O83) -> 529.56 | G83: ЭММ | H83: Эксплуатация машин | K83: 203 | L83: 11 | M83: 3 | O83: 2 | P83: =ROUND(Source!DI71,O83) -> 3172.13
A84: 50 | B84: 0 | C84: 0 | D84: 1 | E84: 231 | F84: =ROUND(Source!BB71,O84) -> 0 | G84: ЭММсНРиСП | H84: Эксплуатация машин по ТСН-2001.16 | K84: 231 | L84: 12 | M84: 3 | O84: 2 | P84: =ROUND(Source!ET71,O84) -> 0
A85: 50 | B85: 0 | C85: 0 | D85: 1 | E85: 204 | F85: =ROUND(Source!R71,O85) -> 164.69 | G85: ЗПМ | H85: ЗП машинистов | K85: 204 | L85: 13 | M85: 3 | O85: 2 | P85: =ROUND(Source!DJ71,O85) -> 986.45
A86: 50 | B86: 0 | C86: 0 | D86: 1 | E86: 205 | F86: =ROUND(Source!S71,O86) -> 4021.32 | G86: ОЗП | H86: Основная ЗП рабочих | K86: 205 | L86: 14 | M86: 3 | O86: 2 | P86: =ROUND(Source!DK71,O86) -> 24087.66
A87: 50 | B87: 0 | C87: 0 | D87: 1 | E87: 232 | F87: =ROUND(Source!BC71,O87) -> 0 | G87: ОЗПсНРиСП | H87: Основная ЗП рабочих по ТСН-2001.16 | K87: 232 | L87: 15 | M87: 3 | O87: 2 | P87: =ROUND(Source!EU71,O87) -> 0
A88: 50 | B88: 0 | C88: 0 | D88: 1 | E88: 214 | F88: =ROUND(Source!AS71,O88) -> 239543.75 | G88: Строит | H88: Строительные работы с НР и СП | K88: 214 | L88: 16 | M88: 3 | O88: 2 | P88: =ROUND(Source!EK71,O88) -> 1434866.6
A89: 50 | B89: 0 | C89: 0 | D89: 1 | E89: 215 | F89: =ROUND(Source!AT71,O89) -> 0 | G89: Монтаж | H89: Монтажные работы с НР и СП | K89: 215 | L89: 17 | M89: 3 | O89: 2 | P89: =ROUND(Source!EL71,O89) -> 0
A90: 50 | B90: 0 | C90: 0 | D90: 1 | E90: 217 | F90: =ROUND(Source!AU71,O90) -> 0 | G90: Прочие | H90: Прочие работы с НР и СП | K90: 217 | L90: 18 | M90: 3 | O90: 2 | P90: =ROUND(Source!EM71,O90) -> 0
A91: 50 | B91: 0 | C91: 0 | D91: 1 | E91: 230 | F91: =ROUND(Source!BA71,O91) -> 0 | G91: ПрочиеЗатр | H91: Прочие затраты по ТСН-2001.16 | K91: 230 | L91: 19 | M91: 3 | O91: 2 | P91: =ROUND(Source!ES71,O91) -> 0
A92: 50 | B92: 0 | C92: 0 | D92: 1 | E92: 206 | F92: =ROUND(Source!T71,O92) -> 0 | G92: ВозврМат | H92: Возврат материалов | K92: 206 | L92: 20 | M92: 3 | O92: 2 | P92: =ROUND(Source!DL71,O92) -> 0
A93: 50 | B93: 0 | C93: 0 | D93: 1 | E93: 207 | F93: =Source!U71 -> 474.07653 | G93: ТрудСтр | H93: Трудозатраты строителей | K93: 207 | L93: 21 | M93: 3 | O93: -1 | P93: =Source!DM71 -> 474.07653
A94: 50 | B94: 0 | C94: 0 | D94: 1 | E94: 208 | F94: =Source!V71 -> 12.734424 | G94: ТрудМаш | H94: Трудозатраты машинистов | K94: 208 | L94: 22 | M94: 3 | O94: -1 | P94: =Source!DN71 -> 12.734424
A95: 50 | B95: 0 | C95: 0 | D95: 1 | E95: 209 | F95: =ROUND(Source!W71,O95) -> 0 | G95: ТранспМат | H95: Транспорт материалов | K95: 209 | L95: 23 | M95: 3 | O95: 2 | P95: =ROUND(Source!DO71,O95) -> 0
A96: 50 | B96: 0 | C96: 0 | D96: 1 | E96: 0 | F96: =ROUND(Source!X71,O96) -> 4041.31 | G96: НР | H96: Накладные расходы | K96: 210 | L96: 24 | M96: 3 | O96: 2 | P96: =ROUND(Source!DP71,O96) -> 24207.3
A97: 50 | B97: 0 | C97: 0 | D97: 1 | E97: 0 | F97: =ROUND(Source!Y71,O97) -> 2329.47 | G97: СмПриб | H97: Сметная прибыль | K97: 211 | L97: 25 | M97: 3 | O97: 2 | P97: =ROUND(Source!DQ71,O97) -> 13953.36
A98: 50 | B98: 0 | C98: 0 | D98: 1 | E98: 224 | F98: =ROUND(Source!AR71,O98) -> 239543.75 | G98: Всего | H98: Всего с НР и СП | K98: 224 | L98: 26 | M98: 3 | O98: 2 | P98: =ROUND(Source!EJ71,O98) -> 1434866.6
A99: 50 | B99: 0 | C99: 0 | D99: 2 | E99: 201 | F99: =ROUND(ROUND(F73,2),O99) -> 232998.25 | G99: Итог1 | H99: Итого прямые затраты | K99: 212 | L99: 27 | M99: 3 | O99: 2 | P99: =ROUND(ROUND(P73,2),O99) -> 1395659.4
A100: 50 | B100: 0 | C100: 0 | D100: 2 | E100: 210 | F100: =ROUND(ROUND(F96,2),O100) -> 4041.31 | G100: Итог2 | H100: Накладные расходы | K100: 212 | L100: 28 | M100: 3 | O100: 2 | P100: =ROUND(ROUND(P96,2),O100) -> 24207.3
A101: 50 | B101: 0 | C101: 0 | D101: 2 | E101: 211 | F101: =ROUND(ROUND(F97,2),O101) -> 2329.47 | G101: Итог3 | H101: Сметная прибыль | K101: 212 | L101: 29 | M101: 3 | O101: 2 | P101: =ROUND(ROUND(P97,2),O101) -> 13953.36
A102: 50 | B102: 0 | C102: 0 | D102: 2 | E102: 0 | F102: =ROUND(F99+F100+F101,O102) -> 239369.03 | G102: Итог4 | H102: Итого | K102: 212 | L102: 30 | M102: 3 | O102: 2 | P102: =ROUND(P99+P100+P101,O102) -> 1433820.1
A103: 50 | B103: 0 | C103: 0 | D103: 2 | E103: 0 | F103: =0 -> 0 | G103: Итог5 | H103: Зимнее удорожание 1,5% | K103: 212 | L103: 31 | M103: 3 | O103: -1 | P103: =0 -> 0
A104: 50 | B104: 1 | C104: 0 | D104: 2 | E104: 0 | F104: =ROUND(F102+F103,O104) -> 239369.03 | G104: Итог6 | H104: Итого | K104: 212 | L104: 32 | M104: 0 | O104: 2 | P104: =ROUND(P102+P103,O104) -> 1433820.1
A105: 50 | B105: 1 | C105: 0 | D105: 2 | E105: 0 | F105: =ROUND(ROUND(F104*0.18,2),O105) -> 43086.43 | G105: Итог7 | H105: НДС 18% | K105: 212 | L105: 33 | M105: 0 | O105: 2 | P105: =ROUND(ROUND(P104*0.18,2),O105) -> 258087.62
A106: 50 | B106: 1 | C106: 0 | D106: 2 | E106: 213 | F106: =ROUND(F104+F105,O106) -> 282455.46 | G106: Итог8 | H106: Всего | K106: 212 | L106: 34 | M106: 0 | O106: 2 | P106: =ROUND(P104+P105,O106) -> 1691907.7
A108: 51 | B108: =B12 -> 174 | C108: =A12 -> 1 | D108: =ROW(A12) -> 12 | F108: =IF(F12<>"",F12,"") -> Новый объект_(Копия)_(Копия) | G108: =IF(G12<>"",G12,"") -> Капитальный ремонт окооных проемов в библиотекеучебного корпуса ДИТИ НИЯУ МИФИ_ | H108: 0 | O108: =ROUND(O71,2) -> 232998.25 | P108: =ROUND(P71,2) -> 228447.37 | Q108: =ROUND(Q71,2) -> 529.56 | R108: =ROUND(R71,2) -> 164.69 | S108: =ROUND(S71,2) -> 4021.32 | T108: =ROUND(T71,2) -> 0 | U108: =U71 -> 474.07653 | V108: =V71 -> 12.734424 | W108: =ROUND(W71,2) -> 0 | X108: =ROUND(X71,2) -> 4041.31 | Y108: =ROUND(Y71,2) -> 2329.47 | AO108: =ROUND(AO71,2) -> 0 | AP108: =ROUND(AP71,2) -> 0 | AQ108: =ROUND(AQ71,2) -> 0 | AR108: =ROUND(AR71,2) -> 239543.75 | AS108: =ROUND(AS71,2) -> 239543.75 | AT108: =ROUND(AT71,2) -> 0 | AU108: =ROUND(AU71,2) -> 0 | AV108: =ROUND(AV71,2) -> 228447.37 | ... BC108: =ROUND(BC71,2) -> 0 | DG108: =ROUND(DG71,2) -> 1395659.4 | DH108: =ROUND(DH71,2) -> 1368399.6 | DI108: =ROUND(DI71,2) -> 3172.13 | DJ108: =ROUND(DJ71,2) -> 986.45 | DK108: =ROUND(DK71,2) -> 24087.66 | DL108: =ROUND(DL71,2) -> 0 | DM108: =DM71 -> 474.07653 | DN108: =DN71 -> 12.734424 | DO108: =ROUND(DO71,2) -> 0 | DP108: =ROUND(DP71,2) -> 24207.3 | DQ108: =ROUND(DQ71,2) -> 13953.36 | EG108: =ROUND(EG71,2) -> 0 | EH108: =ROUND(EH71,2) -> 0 | EI108: =ROUND(EI71,2) -> 0 | EJ108: =ROUND(EJ71,2) -> 1434866.6 | EK108: =ROUND(EK71,2) -> 1434866.6 | EL108: =ROUND(EL71,2) -> 0 | EM108: =ROUND(EM71,2) -> 0 | EN108: =ROUND(EN71,2) -> 1368399.6 | ... EU108: =ROUND(EU71,2) -> 0 | GX108: 0
A110: 50 | B110: 0 | C110: 0 | D110: 1 | E110: 0 | F110: =ROUND(Source!O108,O110) -> 232998.25 | G110: ПЗ | H110: Прямые затраты | K110: 201 | L110: 1 | M110: 3 | O110: 2 | P110: =ROUND(Source!DG108,O110) -> 1395659.4
A111: 50 | B111: 0 | C111: 0 | D111: 1 | E111: 202 | F111: =ROUND(Source!P108,O111) -> 228447.37 | G111: СтМатОб | H111: Стоимость материальных ресурсов (всего) | K111: 202 | L111: 2 | M111: 3 | O111: 2 | P111: =ROUND(Source!DH108,O111) -> 1368399.6
A112: 50 | B112: 0 | C112: 0 | D112: 1 | E112: 222 | F112: =ROUND(Source!AO108,O112) -> 0 | G112: СтМатОбЗак | H112: Стоимость материалов и оборудования заказчика | K112: 222 | L112: 3 | M112: 3 | O112: 2 | P112: =ROUND(Source!EG108,O112) -> 0
A113: 50 | B113: 0 | C113: 0 | D113: 1 | E113: 225 | F113: =ROUND(Source!AV108,O113) -> 228447.37 | G113: СтМатОбПод | H113: Стоимость материалов и оборудования подрядчика | K113: 225 | L113: 4 | M113: 3 | O113: 2 | P113: =ROUND(Source!EN108,O113) -> 1368399.6
A114: 50 | B114: 0 | C114: 0 | D114: 1 | E114: 226 | F114: =ROUND(Source!AW108,O114) -> 228447.37 | G114: СтМат | H114: Стоимость материалов (всего) | K114: 226 | L114: 5 | M114: 3 | O114: 2 | P114: =ROUND(Source!EO108,O114) -> 1368399.6
A115: 50 | B115: 0 | C115: 0 | D115: 1 | E115: 227 | F115: =ROUND(Source!AX108,O115) -> 0 | G115: СтМатЗак | H115: Стоимость материалов заказчика | K115: 227 | L115: 6 | M115: 3 | O115: 2 | P115: =ROUND(Source!EP108,O115) -> 0
A116: 50 | B116: 0 | C116: 0 | D116: 1 | E116: 228 | F116: =ROUND(Source!AY108,O116) -> 228447.37 | G116: СтМатПод | H116: Стоимость материалов подрядчика | K116: 228 | L116: 7 | M116: 3 | O116: 2 | P116: =ROUND(Source!EQ108,O116) -> 1368399.6
A117: 50 | B117: 0 | C117: 0 | D117: 1 | E117: 216 | F117: =ROUND(Source!AP108,O117) -> 0 | G117: Оборуд | H117: Стоимость оборудования (всего) | K117: 216 | L117: 8 | M117: 3 | O117: 2 | P117: =ROUND(Source!EH108,O117) -> 0
A118: 50 | B118: 0 | C118: 0 | D118: 1 | E118: 223 | F118: =ROUND(Source!AQ108,O118) -> 0 | G118: ОборудЗак | H118: Стоимость оборудования заказчика | K118: 223 | L118: 9 | M118: 3 | O118: 2 | P118: =ROUND(Source!EI108,O118) -> 0
A119: 50 | B119: 0 | C119: 0 | D119: 1 | E119: 229 | F119: =ROUND(Source!AZ108,O119) -> 0 | G119: ОборудПод | H119: Стоимость оборудования подрядчика | K119: 229 | L119: 10 | M119: 3 | O119: 2 | P119: =ROUND(Source!ER108,O119) -> 0
A120: 50 | B120: 0 | C120: 0 | D120: 1 | E120: 203 | F120: =ROUND(Source!Q108,O120) -> 529.56 | G120: ЭММ | H120: Эксплуатация машин | K120: 203 | L120: 11 | M120: 3 | O120: 2 | P120: =ROUND(Source!DI108,O120) -> 3172.13
A121: 50 | B121: 0 | C121: 0 | D121: 1 | E121: 231 | F121: =ROUND(Source!BB108,O121) -> 0 | G121: ЭММсНРиСП | H121: Эксплуатация машин по ТСН-2001.16 | K121: 231 | L121: 12 | M121: 3 | O121: 2 | P121: =ROUND(Source!ET108,O121) -> 0
...

Sheet SourceObSm
A1: 0 | B1: Smeta.RU (495) 974-1589 | D1: _OBSM_ | F1: 0 | G1: 0 | H1: 0 | I1: Smeta.RU | J1: НИЯУ МИФИ Доп. раб. место MCCS-0027251 | K1: 0 | L1: 27251 | M1: 10
A12: 1 | B12: 58 | C12: 0 | E12: 0 | F12: Новый объект_(Копия)_(Копия) | G12: Капитальный ремонт окооных проемов в библиотекеучебного корпуса ДИТИ НИЯУ МИФИ_ | I12: 0 | K12: 0 | O12: 0 | P12: 0 | Q12: 0 | R12: 0 | S12: 0 | V12: 0 | BH12: Сметные нормы списания | BI12: Коды ценников | BJ12: 1 | BK12: 1 | BL12: 0 | BM12: 0 | BN12: 1 | BO12: 0 | BP12: 6 | BQ12: 2 | BR12: 1 | BS12: 1 | BT12: 0 | BU12: 0 | BV12: 0 | BW12: 0 | BX12: 0 | BY12: ФЕР-2017 | BZ12: ТР для Версии 10: Центральные регионы (с учетом п-ма 2536-ИП/12/ГС от 22.03.2017 г | CA12: ФЕР-2017 | CB12: ФЕР-2017 | CC12: ФЕР-2017 | CD12: ФЕР-2017 | CE12: Поправки для ГСН 2017 от 31.03.2017 г | CF12: 0 | CG12: 0 | CH12: 524296 | CK12: 0 | EC12: 0
A14: 22 | B14: 0 | C14: 0 | D14: 16481626 | E14: 16481627 | F14: 3
A16: 3 | B16: 1 | C16: Новая локальная смета | D16: Новая локальная смета | E16: =(Source!F88)/1000 -> 239.54375 | F16: =(Source!F89)/1000 -> 0 | G16: =(Source!F80)/1000 -> 0 | H16: =(Source!F90)/1000+(Source!F91)/1000 -> 0 | I16: =E16+F16+G16+H16 -> 239.54375 | J16: =(Source!F86)/1000 -> 4.02132 | T16: =(Source!P88)/1000 -> 1434.8666 | U16: =(Source!P89)/1000 -> 0 | V16: =(Source!P80)/1000 -> 0 | W16: =(Source!P90)/1000+(Source!P91)/1000 -> 0 | X16: =T16+U16+V16+W16 -> 1434.8666 | Y16: =(Source!P86)/1000 -> 24.08766 | AI16: 0 | AJ16: 0 | AN16: 0 | AT16: 232998.25 | AU16: 228447.37 | AV16: 0 | AW16: 0 | AX16: 0 | AY16: 529.56 | AZ16: 164.69 | BA16: 4021.32 | BB16: 239543.75 | BC16: 0 | BD16: 0 | BE16: 0 | BF16: 474.07653 | BG16: 12.734424 | BH16: 0 | BI16: 4041.31 | BJ16: 2329.47 | BK16: 239543.75 | BR16: 1395659.4 | BS16: 1368399.6 | BT16: 0 | BU16: 0 | BV16: 0 | BW16: 3172.13 | BX16: 986.45 | BY16: 24087.66 | BZ16: 1434866.6 | CA16: 0 | CB16: 0 | CC16: 0 | CD16: 474.07653 | CE16: 12.734424 | CF16: 0 | CG16: 24207.3 | CH16: 13953.36 | CI16: 1434866.6
A18: 51 | E18: =SUMIF(A16:A17,3,E16:E17) -> 239.54375 | F18: =SUMIF(A16:A17,3,F16:F17) -> 0 | G18: =SUMIF(A16:A17,3,G16:G17) -> 0 | H18: =SUMIF(A16:A17,3,H16:H17) -> 0 | I18: =SUMIF(A16:A17,3,I16:I17) -> 239.54375 | J18: =SUMIF(A16:A17,3,J16:J17) -> 4.02132 | T18: =SUMIF(A16:A17,3,T16:T17) -> 1434.8666 | U18: =SUMIF(A16:A17,3,U16:U17) -> 0 | V18: =SUMIF(A16:A17,3,V16:V17) -> 0 | W18: =SUMIF(A16:A17,3,W16:W17) -> 0 | X18: =SUMIF(A16:A17,3,X16:X17) -> 1434.8666 | Y18: =SUMIF(A16:A17,3,Y16:Y17) -> 24.08766
A20: 50 | B20: 0 | C20: 0 | D20: 1 | E20: 0 | F20: 232998.25 | G20: ПЗ | H20: Прямые затраты | K20: 201 | L20: 1 | M20: 3 | O20: 2 | P20: 1395659.4
A21: 50 | B21: 0 | C21: 0 | D21: 1 | E21: 202 | F21: 228447.37 | G21: СтМатОб | H21: Стоимость материальных ресурсов (всего) | K21: 202 | L21: 2 | M21: 3 | O21: 2 | P21: 1368399.6
A22: 50 | B22: 0 | C22: 0 | D22: 1 | E22: 222 | F22: 0 | G22: СтМатОбЗак | H22: Стоимость материалов и оборудования заказчика | K22: 222 | L22: 3 | M22: 3 | O22: 2 | P22: 0
